Workbook

Sheet Sistema
A1: Balance Bancos Públicos
A2: En millones de dólares
B4: BNF | I4: BEV | P4: CFN | W4: BEDE | AD4: IECE
B5: 2008 | C5: 2009 | D5: 2010 | E5: 2011 | F5: 2012 | G5: 2013 | I5: 2008 | J5: 2009 | K5: 2010 | L5: 2011 | M5: 2012 | N5: 2013 | P5: 2008 | Q5: 2009 | R5: 2010 | S5: 2011 | T5: 2012 | U5: 2013 | W5: 2008 | X5: 2009 | Y5: 2010 | Z5: 2011 | AA5: 2012 | AB5: 2013 | AD5: 2007 | AE5: 2008 | AF5: 2009 | AG5: 2010 | AH5: 2011 | AI5: 2012
A6: 1 ACTIVO | B6: 832.26041 | C6: 1120.9801 | D6: 1297.2693 | E6: 1342.3954 | F6: 1775.6159 | G6: 1776.661 | I6: =+BPub!G6/1000000 -> 138.80335 | J6: =+BPub!L6/1000000 -> 196.99797 | K6: =+BPub!Q6/1000000 -> 299.21908 | L6: =+BPub!W6/1000000 -> 295.21733 | M6: =+BPub!AD6/1000000 -> 267.69246 | N6: 179.41311 | P6: =+BPub!I6/1000000 -> 658.50138 | Q6: =+BPub!N6/1000000 -> 1229.7828 | R6: =+BPub!S6/1000000 -> 1344.1075 | S6: =+BPub!X6/1000000 -> 1513.0418 | T6: =+BPub!AB6/1000000 -> 2599.1209 | U6: 3378.1254 | W6: =+BPub!H6/1000000 -> 559.45546 | X6: =+BPub!M6/1000000 -> 835.41879 | Y6: =+BPub!R6/1000000 -> 1137.8176 | Z6: =+BPub!V6/1000000 -> 1239.0403 | AA6: =+BPub!AC6/1000000 -> 1701.6739 | AB6: 1838.8758 | AD6: 115.02324 | AE6: 153.19102 | AF6: 188.66223 | AG6: 251.88978 | AH6: 330.65648 | AI6: 422.36661
A7: 11 FONDOS DISPONIBLES | B7: 99.131064 | C7: 194.41334 | D7: 113.63662 | E7: 176.42869 | F7: 91.807389 | G7: 142.24625 | I7: =+BPub!G7/1000000 -> 8.0186907 | J7: =+BPub!L7/1000000 -> 56.530869 | K7: =+BPub!Q7/1000000 -> 127.92527 | L7: =+BPub!W7/1000000 -> 45.419744 | M7: =+BPub!AD7/1000000 -> 40.465403 | N7: 26.115063 | P7: =+BPub!I7/1000000 -> 48.055228 | Q7: =+BPub!N7/1000000 -> 139.38295 | R7: =+BPub!S7/1000000 -> 25.877651 | S7: =+BPub!X7/1000000 -> 71.867732 | T7: =+BPub!AB7/1000000 -> 60.972364 | U7: 54.957606 | W7: =+BPub!H7/1000000 -> 105.1453 | X7: =+BPub!M7/1000000 -> 90.189407 | Y7: =+BPub!R7/1000000 -> 76.069921 | Z7: =+BPub!V7/1000000 -> 131.34444 | AA7: =+BPub!AC7/1000000 -> 163.64638 | AB7: 236.79661 | AD7: 21.919966 | AE7: 17.390441 | AF7: 15.146017 | AG7: 39.86942 | AH7: 67.5996 | AI7: 131.83128
A8: 1101 Caja | B8: 11.222411 | C8: 13.16452 | D8: 13.736825 | E8: 13.810986 | F8: 17.498699 | G8: 23.440856 | I8: =+BPub!G8/1000000 -> 0.04533843 | J8: =+BPub!L8/1000000 -> 0.08220658 | K8: =+BPub!Q8/1000000 -> 0.10135539 | L8: =+BPub!W8/1000000 -> 0.10991382 | M8: =+BPub!AD8/1000000 -> 0.10558561 | N8: 0.09868558 | P8: =+BPub!I8/1000000 -> 0.03816074 | Q8: =+BPub!N8/1000000 -> 0.04860836 | R8: =+BPub!S8/1000000 -> 0.03303522 | S8: =+BPub!X8/1000000 -> 0.03984612 | T8: =+BPub!AB8/1000000 -> 0.02919863 | U8: 0.0001 | W8: =+BPub!H8/1000000 -> 0.003431 | X8: =+BPub!M8/1000000 -> 0.003001 | Y8: =+BPub!R8/1000000 -> 0.00390553 | Z8: =+BPub!V8/1000000 -> 0.00333388 | AA8: =+BPub!AC8/1000000 -> 0.0027 | AB8: 0.00105 | AD8: 0 | AE8: 0 | AF8: 0 | AG8: 0 | AH8: 0 | AI8: 0
A9: 110105 Efectivo | B9: 11.219007 | C9: 13.160597 | D9: 13.732681 | E9: 13.806934 | F9: 17.488997 | G9: 23.431953 | I9: =+BPub!G9/1000000 -> 0.04277843 | J9: =+BPub!L9/1000000 -> 0.07996658 | K9: =+BPub!Q9/1000000 -> 0.09872039 | L9: =+BPub!W9/1000000 -> 0.10702812 | M9: =+BPub!AD9/1000000 -> 0.10431461 | N9: 0.09738558 | P9: =+BPub!I9/1000000 -> 0.00206074 | Q9: =+BPub!N9/1000000 -> 0.01160836 | R9: =+BPub!S9/1000000 -> 0.00938529 | S9: =+BPub!X9/1000000 -> 0.01749612 | T9: =+BPub!AB9/1000000 -> 0.02177863 | U9: 0 | W9: =+BPub!H9/1000000 -> 3.1e-05 | X9: =+BPub!M9/1000000 -> 1e-06 | Y9: =+BPub!R9/1000000 -> 0.00130553 | Z9: =+BPub!V9/1000000 -> 0.00073388 | AA9: =+BPub!AC9/1000000 -> 0.0001 | AB9: 0.00015 | AD9: 0 | AE9: 0 | AF9: 0 | AG9: 0 | AH9: 0 | AI9: 0
A10: 110110 Caja chica | B10: 0.00340409 | C10: 0.0039221 | D10: 0.00414392 | E10: 0.0040517 | F10: 0.00970175 | G10: 0.00890301 | I10: =+BPub!G10/1000000 -> 0.00256 | J10: =+BPub!L10/1000000 -> 0.00224 | K10: =+BPub!Q10/1000000 -> 0.002635 | L10: =+BPub!W10/1000000 -> 0.0028857 | M10: =+BPub!AD10/1000000 -> 0.001271 | N10: 0.0013 | P10: =+BPub!I10/1000000 -> 0.0361 | Q10: =+BPub!N10/1000000 -> 0.037 | R10: =+BPub!S10/1000000 -> 0.02364993 | S10: =+BPub!X10/1000000 -> 0.02235 | T10: =+BPub!AB10/1000000 -> 0.00742 | U10: 0.0001 | W10: =+BPub!H10/1000000 -> 0.0034 | X10: =+BPub!M10/1000000 -> 0.003 | Y10: =+BPub!R10/1000000 -> 0.0026 | Z10: =+BPub!V10/1000000 -> 0.0026 | AA10: =+BPub!AC10/1000000 -> 0.0026 | AB10: 0.0009 | AD10: 0 | AE10: 0 | AF10: 0 | AG10: 0 | AH10: 0 | AI10: 0
A11: 1102 Depósitos para encaje | B11: 23.666865 | C11: 27.205088 | D11: 16.026298 | E11: 82.292379 | F11: 70.298499 | G11: 81.559136 | I11: =+BPub!G11/1000000 -> 7.7924381 | J11: =+BPub!L11/1000000 -> 56.430467 | K11: =+BPub!Q11/1000000 -> 127.77537 | L11: =+BPub!W11/1000000 -> 45.076035 | M11: =+BPub!AD11/1000000 -> 40.315629 | N11: 26.010501 | P11: =+BPub!I11/1000000 -> 0 | Q11: =+BPub!N11/1000000 -> 20 | R11: =+BPub!S11/1000000 -> 4.7000361 | S11: =+BPub!X11/1000000 -> 0.10003609 | T11: =+BPub!AB11/1000000 -> 0.01003609 | U11: 0.01003609 | W11: =+BPub!H11/1000000 -> 0.85 | X11: =+BPub!M11/1000000 -> 9.3665997 | Y11: =+BPub!R11/1000000 -> 11.318772 | Z11: =+BPub!V11/1000000 -> 4.9691373 | AA11: =+BPub!AC11/1000000 -> 0 | AB11: 0 | AD11: 0 | AE11: 0 | AF11: 0 | AG11: 0 | AH11: 0 | AI11: 0
A12: 110205 Banco Central del Ecuador | B12: 23.666865 | C12: 27.205088 | D12: 16.026298 | E12: 82.292379 | F12: 70.298499 | G12: 81.559136 | I12: =+BPub!G12/1000000 -> 6.939527 | J12: =+BPub!L12/1000000 -> 55.783451 | K12: =+BPub!Q12/1000000 -> 126.74089 | L12: =+BPub!W12/1000000 -> 43.452982 | M12: =+BPub!AD12/1000000 -> 39.142265 | N12: 24.419549 | P12: =+BPub!I12/1000000 -> 0 | Q12: =+BPub!N12/1000000 -> 20 | R12: =+BPub!S12/1000000 -> 4.7000361 | S12: =+BPub!X12/1000000 -> 0.10003609 | T12: =+BPub!AB12/1000000 -> 0.01003609 | U12: 0.01003609 | W12: =+BPub!H12/1000000 -> 0.85 | X12: =+BPub!M12/1000000 -> 9.3665997 | Y12: =+BPub!R12/1000000 -> 11.318772 | Z12: =+BPub!V12/1000000 -> 4.9691373 | AA12: =+BPub!AC12/1000000 -> 0 | AB12: 0 | AD12: 0 | AE12: 0 | AF12: 0 | AG12: 0 | AH12: 0 | AI12: 0
A13: 110210 Banco Nacional de Fomento | B13: 0 | C13: 0 | D13: 0 | E13: 0 | F13: 0 | G13: 0 | I13: =+BPub!G13/1000000 -> 0.85291109 | J13: =+BPub!L13/1000000 -> 0.64701629 | K13: =+BPub!Q13/1000000 -> 1.0344818 | L13: =+BPub!W13/1000000 -> 1.6230533 | M13: =+BPub!AD13/1000000 -> 1.1733634 | N13: 1.5909522 | P13: =+BPub!I13/1000000 -> 0 | Q13: =+BPub!N13/1000000 -> 0 | R13: =+BPub!S13/1000000 -> 0 | S13: =+BPub!X13/1000000 -> 0 | T13: =+BPub!AB13/1000000 -> 0 | U13: 0 | W13: =+BPub!H13/1000000 -> 0 | X13: =+BPub!M13/1000000 -> 0 | Y13: =+BPub!R13/1000000 -> 0 | Z13: =+BPub!V13/1000000 -> 0 | AA13: =+BPub!AC13/1000000 -> 0 | AB13: 0 | AD13: 0 | AE13: 0 | AF13: 0 | AG13: 0 | AH13: 0 | AI13: 0
A14: 110215 Bancos locales | B14: 0 | C14: 0 | D14: 0 | E14: 0 | F14: 0 | G14: 0 | I14: =+BPub!G14/1000000 -> 0 | J14: =+BPub!L14/1000000 -> 0 | K14: =+BPub!Q14/1000000 -> 0 | L14: =+BPub!W14/1000000 -> 0 | M14: =+BPub!AD14/1000000 -> 0 | N14: 0 | P14: =+BPub!I14/1000000 -> 0 | Q14: =+BPub!N14/1000000 -> 0 | R14: =+BPub!S14/1000000 -> 0 | S14: =+BPub!X14/1000000 -> 0 | T14: =+BPub!AB14/1000000 -> 0 | U14: 0 | W14: =+BPub!H14/1000000 -> 0 | X14: =+BPub!M14/1000000 -> 0 | Y14: =+BPub!R14/1000000 -> 0 | Z14: =+BPub!V14/1000000 -> 0 | AA14: =+BPub!AC14/1000000 -> 0 | AB14: 0 | AD14: 0 | AE14: 0 | AF14: 0 | AG14: 0 | AH14: 0 | AI14: 0
A15: 1103 Bancos y otras instituciones financieras | B15: 62.879835 | C15: 153.17139 | D15: 81.673916 | E15: 79.2388 | F15: 0.31715288 | G15: 33.239468 | I15: =+BPub!G15/1000000 -> 0 | J15: =+BPub!L15/1000000 -> 0 | K15: =+BPub!Q15/1000000 -> 0 | L15: =+BPub!W15/1000000 -> 0 | M15: =+BPub!AD15/1000000 -> 0 | N15: 0 | P15: =+BPub!I15/1000000 -> 47.96565 | Q15: =+BPub!N15/1000000 -> 119.02809 | R15: =+BPub!S15/1000000 -> 20.372745 | S15: =+BPub!X15/1000000 -> 71.558176 | T15: =+BPub!AB15/1000000 -> 60.408266 | U15: 54.94747 | W15: =+BPub!H15/1000000 -> 104.29187 | X15: =+BPub!M15/1000000 -> 80.819807 | Y15: =+BPub!R15/1000000 -> 64.747244 | Z15: =+BPub!V15/1000000 -> 126.37197 | AA15: =+BPub!AC15/1000000 -> 163.64368 | AB15: 236.79556 | AD15: 21.919966 | AE15: 17.390441 | AF15: 15.146017 | AG15: 39.86942 | AH15: 67.5996 | AI15: 131.83128
A16: 110310 Bancos e instituciones financieras locales | B16: 0 | C16: 0 | D16: 0 | E16: 0.08883158 | F16: 0.31144024 | G16: 0.354717 | I16: =+BPub!G16/1000000 -> 0 | J16: =+BPub!L16/1000000 -> 0 | K16: =+BPub!Q16/1000000 -> 0 | L16: =+BPub!W16/1000000 -> 0 | M16: =+BPub!AD16/1000000 -> 0 | N16: 0 | P16: =+BPub!I16/1000000 -> 22.335944 | Q16: =+BPub!N16/1000000 -> 97.562712 | R16: =+BPub!S16/1000000 -> 18.541181 | S16: =+BPub!X16/1000000 -> 66.953654 | T16: =+BPub!AB16/1000000 -> 55.641755 | U16: 45.327221 | W16: =+BPub!H16/1000000 -> 0.00833399 | X16: =+BPub!M16/1000000 -> 0.01273285 | Y16: =+BPub!R16/1000000 -> 0.00451461 | Z16: =+BPub!V16/1000000 -> 0.0085191 | AA16: =+BPub!AC16/1000000 -> 0.0087024 | AB16: 0.21188914 | AD16: 20.237038 | AE16: 15.056829 | AF16: 10.322717 | AG16: 34.100498 | AH16: 59.073852 | AI16: 109.53601
A17: 110315 Bancos e instituciones financieras del exterior | B17: 0 | C17: 0 | D17: 0 | E17: 0 | F17: 0 | G17: 0 | I17: =+BPub!G17/1000000 -> 0 | J17: =+BPub!L17/1000000 -> 0 | K17: =+BPub!Q17/1000000 -> 0 | L17: =+BPub!W17/1000000 -> 0 | M17: =+BPub!AD17/1000000 -> 0 | N17: 0 | P17: =+BPub!I17/1000000 -> 0.22236041 | Q17: =+BPub!N17/1000000 -> 0.20106107 | R17: =+BPub!S17/1000000 -> 0.45871048 | S17: =+BPub!X17/1000000 -> 0.93001833 | T17: =+BPub!AB17/1000000 -> 0.66827333 | U17: 0.0056499 | W17: =+BPub!H17/1000000 -> 0 | X17: =+BPub!M17/1000000 -> 0 | Y17: =+BPub!R17/1000000 -> 0 | Z17: =+BPub!V17/1000000 -> 0 | AA17: =+BPub!AC17/1000000 -> 0 | AB17: 0 | AD17: 0 | AE17: 0 | AF17: 0 | AG17: 0 | AH17: 0 | AI17: 0
... A56: 130420 De 181 a 360 días | B56: 0 | C56: 0 | D56: 0 | E56: 0 | F56: 0.75490834 | G56: 0.23010026 | I56: =+BPub!G56/1000000 -> 0.00050526 | J56: =+BPub!L56/1000000 -> 0.00050526 | K56: =+BPub!Q56/1000000 -> 0.00085614 | L56: =+BPub!W56/1000000 -> 0.00085614 | M56: =+BPub!AD56/1000000 -> 0.00084089 | N56: 0.00085268 | P56: =+BPub!I56/1000000 -> 0 | Q56: =+BPub!N56/1000000 -> 0 | R56: =+BPub!S56/1000000 -> 50.266398 | S56: =+BPub!X56/1000000 -> 0.94250291 | T56: =+BPub!AB56/1000000 -> 1.7799369 | U56: 2.1327086 | W56: =+BPub!H56/1000000 -> 0 | X56: =+BPub!M56/1000000 -> 0.06896993 | Y56: =+BPub!R56/1000000 -> 150.12839 | Z56: =+BPub!V56/1000000 -> 53.220859 | AA56: =+BPub!AC56/1000000 -> 53.490511 | AB56: 53.513916 | AD56: 0 | AE56: 0 | AF56: 0 | AG56: 0 | AH56: 0 | AI56: 0
A57: 130425 De más de 360 días | B57: 0 | C57: 0 | D57: 0 | E57: 0 | F57: 411.29195 | G57: 60.068686 | H57: =+F57/F52 -> 0.84497398 | I57: =+BPub!G57/1000000 -> 0.0087158 | J57: =+BPub!L57/1000000 -> 0.00770528 | K57: =+BPub!Q57/1000000 -> 0.005993 | L57: =+BPub!W57/1000000 -> 0.00428072 | M57: =+BPub!AD57/1000000 -> 0.00252269 | N57: 5.1206892 | P57: =+BPub!I57/1000000 -> 0 | Q57: =+BPub!N57/1000000 -> 0 | R57: =+BPub!S57/1000000 -> 1.6545858 | S57: =+BPub!X57/1000000 -> 7.6800283 | T57: =+BPub!AB57/1000000 -> 413.66864 | U57: 628.74053 | V57: =+T57/T52 -> 0.99236553 | W57: =+BPub!H57/1000000 -> 0.1401415 | X57: =+BPub!M57/1000000 -> 0 | Y57: =+BPub!R57/1000000 -> 0 | Z57: =+BPub!V57/1000000 -> 0 | AA57: =+BPub!AC57/1000000 -> 0 | AB57: 0 | AD57: 0 | AE57: 0 | AF57: 0 | AG57: 0 | AH57: 0 | AI57: 0
A58: 1305 Mantenidas hasta el vencimiento de entidades del sector privado | B58: 0 | C58: 0 | D58: 0 | E58: 0 | F58: 0 | G58: 0 | I58: =+BPub!G58/1000000 -> 0.15599029 | J58: =+BPub!L58/1000000 -> 0.13599346 | K58: =+BPub!Q58/1000000 -> 0.09100225 | L58: =+BPub!W58/1000000 -> 0.07000005 | M58: =+BPub!AD58/1000000 -> 0.0549897 | N58: 0.04459256 | P58: =+BPub!I58/1000000 -> 5.1520023 | Q58: =+BPub!N58/1000000 -> 4.4940464 | R58: =+BPub!S58/1000000 -> 5.027667 | S58: =+BPub!X58/1000000 -> 5.0283332 | T58: =+BPub!AB58/1000000 -> 5.0303818 | U58: 5.0574348 | W58: =+BPub!H58/1000000 -> 0 | X58: =+BPub!M58/1000000 -> 0 | Y58: =+BPub!R58/1000000 -> 0 | Z58: =+BPub!V58/1000000 -> 0 | AA58: =+BPub!AC58/1000000 -> 0 | AB58: 0 | AD58: 0 | AE58: 0 | AF58: 0 | AG58: 0 | AH58: 0 | AI58: 0
A59: 130505 De 1 a 30 días | B59: 0 | C59: 0 | D59: 0 | E59: 0 | F59: 0 | G59: 0 | I59: =+BPub!G59/1000000 -> 0 | J59: =+BPub!L59/1000000 -> 0 | K59: =+BPub!Q59/1000000 -> 0 | L59: =+BPub!W59/1000000 -> 0 | M59: =+BPub!AD59/1000000 -> 0 | N59: -0.06998929 | P59: =+BPub!I59/1000000 -> 0 | Q59: =+BPub!N59/1000000 -> 0 | R59: =+BPub!S59/1000000 -> 0 | S59: =+BPub!X59/1000000 -> 0 | T59: =+BPub!AB59/1000000 -> 0 | U59: 0 | W59: =+BPub!H59/1000000 -> 0 | X59: =+BPub!M59/1000000 -> 0 | Y59: =+BPub!R59/1000000 -> 0 | Z59: =+BPub!V59/1000000 -> 0 | AA59: =+BPub!AC59/1000000 -> 0 | AB59: 0 | AD59: 0 | AE59: 0 | AF59: 0 | AG59: 0 | AH59: 0 | AI59: 0
A60: 130510 De 31 a 90 días | B60: 0 | C60: 0 | D60: 0 | E60: 0 | F60: 0 | G60: 0 | I60: =+BPub!G60/1000000 -> 0 | J60: =+BPub!L60/1000000 -> 0 | K60: =+BPub!Q60/1000000 -> 0 | L60: =+BPub!W60/1000000 -> 0 | M60: =+BPub!AD60/1000000 -> 0 | N60: 0.11458185 | P60: =+BPub!I60/1000000 -> 0 | Q60: =+BPub!N60/1000000 -> 0 | R60: =+BPub!S60/1000000 -> 0 | S60: =+BPub!X60/1000000 -> 0 | T60: =+BPub!AB60/1000000 -> 0 | U60: 0 | W60: =+BPub!H60/1000000 -> 0 | X60: =+BPub!M60/1000000 -> 0 | Y60: =+BPub!R60/1000000 -> 0 | Z60: =+BPub!V60/1000000 -> 0 | AA60: =+BPub!AC60/1000000 -> 0 | AB60: 0 | AD60: 0 | AE60: 0 | AF60: 0 | AG60: 0 | AH60: 0 | AI60: 0
A61: 130515 De 91 a 180 días | B61: 0 | C61: 0 | D61: 0 | E61: 0 | F61: 0 | G61: 0 | I61: =+BPub!G61/1000000 -> 0 | J61: =+BPub!L61/1000000 -> 0 | K61: =+BPub!Q61/1000000 -> 0 | L61: =+BPub!W61/1000000 -> 0 | M61: =+BPub!AD61/1000000 -> 0 | N61: 0 | P61: =+BPub!I61/1000000 -> 0 | Q61: =+BPub!N61/1000000 -> 0 | R61: =+BPub!S61/1000000 -> 0 | S61: =+BPub!X61/1000000 -> 0 | T61: =+BPub!AB61/1000000 -> 0 | U61: 0 | W61: =+BPub!H61/1000000 -> 0 | X61: =+BPub!M61/1000000 -> 0 | Y61: =+BPub!R61/1000000 -> 0 | Z61: =+BPub!V61/1000000 -> 0 | AA61: =+BPub!AC61/1000000 -> 0 | AB61: 0 | AD61: 0 | AE61: 0 | AF61: 0 | AG61: 0 | AH61: 0 | AI61: 0
A62: 130520 De 181 días a 1 año | B62: 0 | C62: 0 | D62: 0 | E62: 0 | F62: 0 | G62: 0 | I62: =+BPub!G62/1000000 -> 0 | J62: =+BPub!L62/1000000 -> 0 | K62: =+BPub!Q62/1000000 -> 0 | L62: =+BPub!W62/1000000 -> 0 | M62: =+BPub!AD62/1000000 -> 0 | N62: 0 | P62: =+BPub!I62/1000000 -> 0 | Q62: =+BPub!N62/1000000 -> 0 | R62: =+BPub!S62/1000000 -> 0 | S62: =+BPub!X62/1000000 -> 0 | T62: =+BPub!AB62/1000000 -> 0 | U62: 5.0310957 | W62: =+BPub!H62/1000000 -> 0 | X62: =+BPub!M62/1000000 -> 0 | Y62: =+BPub!R62/1000000 -> 0 | Z62: =+BPub!V62/1000000 -> 0 | AA62: =+BPub!AC62/1000000 -> 0 | AB62: 0 | AD62: 0 | AE62: 0 | AF62: 0 | AG62: 0 | AH62: 0 | AI62: 0
A63: 130525 De 1 a 3 años | B63: 0 | C63: 0 | D63: 0 | E63: 0 | F63: 0 | G63: 0 | I63: =+BPub!G63/1000000 -> 0 | J63: =+BPub!L63/1000000 -> 0 | K63: =+BPub!Q63/1000000 -> 0 | L63: =+BPub!W63/1000000 -> 0.07000005 | M63: =+BPub!AD63/1000000 -> 0.0549897 | N63: 0 | P63: =+BPub!I63/1000000 -> 0 | Q63: =+BPub!N63/1000000 -> 0 | R63: =+BPub!S63/1000000 -> 0 | S63: =+BPub!X63/1000000 -> 5.0283332 | T63: =+BPub!AB63/1000000 -> 5.0303818 | U63: 0 | W63: =+BPub!H63/1000000 -> 0 | X63: =+BPub!M63/1000000 -> 0 | Y63: =+BPub!R63/1000000 -> 0 | Z63: =+BPub!V63/1000000 -> 0 | AA63: =+BPub!AC63/1000000 -> 0 | AB63: 0 | AD63: 0 | AE63: 0 | AF63: 0 | AG63: 0 | AH63: 0 | AI63: 0
A64: 130530 De 3 a 5 años | B64: 0 | C64: 0 | D64: 0 | E64: 0 | F64: 0 | G64: 0 | I64: =+BPub!G64/1000000 -> 0 | J64: =+BPub!L64/1000000 -> 0.13599346 | K64: =+BPub!Q64/1000000 -> 0.09100225 | L64: =+BPub!W64/1000000 -> 0 | M64: =+BPub!AD64/1000000 -> 0 | N64: 0 | P64: =+BPub!I64/1000000 -> 0 | Q64: =+BPub!N64/1000000 -> 0 | R64: =+BPub!S64/1000000 -> 5.027667 | S64: =+BPub!X64/1000000 -> 0 | T64: =+BPub!AB64/1000000 -> 0 | U64: 0 | W64: =+BPub!H64/1000000 -> 0 | X64: =+BPub!M64/1000000 -> 0 | Y64: =+BPub!R64/1000000 -> 0 | Z64: =+BPub!V64/1000000 -> 0 | AA64: =+BPub!AC64/1000000 -> 0 | AB64: 0 | AD64: 0 | AE64: 0 | AF64: 0 | AG64: 0 | AH64: 0 | AI64: 0
A65: 130535 De 5 a 10 años | B65: 0 | C65: 0 | D65: 0 | E65: 0 | F65: 0 | G65: 0 | I65: =+BPub!G65/1000000 -> 0.15599029 | J65: =+BPub!L65/1000000 -> 0 | K65: =+BPub!Q65/1000000 -> 0 | L65: =+BPub!W65/1000000 -> 0 | M65: =+BPub!AD65/1000000 -> 0 | N65: 0 | P65: =+BPub!I65/1000000 -> 5.1520023 | Q65: =+BPub!N65/1000000 -> 4.4940464 | R65: =+BPub!S65/1000000 -> 0 | S65: =+BPub!X65/1000000 -> 0 | T65: =+BPub!AB65/1000000 -> 0 | U65: 0.02633915 | W65: =+BPub!H65/1000000 -> 0 | X65: =+BPub!M65/1000000 -> 0 | Y65: =+BPub!R65/1000000 -> 0 | Z65: =+BPub!V65/1000000 -> 0 | AA65: =+BPub!AC65/1000000 -> 0 | AB65: 0 | AD65: 0 | AE65: 0 | AF65: 0 | AG65: 0 | AH65: 0 | AI65: 0
A66: 130540 De más de 10 años | B66: 0 | C66: 0 | D66: 0 | E66: 0 | F66: 0 | G66: 0 | I66: =+BPub!G66/1000000 -> 0 | J66: =+BPub!L66/1000000 -> 0 | K66: =+BPub!Q66/1000000 -> 0 | L66: =+BPub!W66/1000000 -> 0 | M66: =+BPub!AD66/1000000 -> 0 | N66: 0 | P66: =+BPub!I66/1000000 -> 0 | Q66: =+BPub!N66/1000000 -> 0 | R66: =+BPub!S66/1000000 -> 0 | S66: =+BPub!X66/1000000 -> 0 | T66: =+BPub!AB66/1000000 -> 0 | U66: 0 | W66: =+BPub!H66/1000000 -> 0 | X66: =+BPub!M66/1000000 -> 0 | Y66: =+BPub!R66/1000000 -> 0 | Z66: =+BPub!V66/1000000 -> 0 | AA66: =+BPub!AC66/1000000 -> 0 | AB66: 0 | AD66: 0 | AE66: 0 | AF66: 0 | AG66: 0 | AH66: 0 | AI66: 0
A67: 1306 Mantenidas hasta el vencimiento del estado o de entidades del sector público | B67: 0 | C67: 0 | D67: 0 | E67: 0 | F67: 0 | G67: 336.82703 | I67: =+BPub!G67/1000000 -> 0 | J67: =+BPub!L67/1000000 -> 0 | K67: =+BPub!Q67/1000000 -> 0 | L67: =+BPub!W67/1000000 -> 5.1079447 | M67: =+BPub!AD67/1000000 -> 0 | N67: 0 | P67: =+BPub!I67/1000000 -> 0.016 | Q67: =+BPub!N67/1000000 -> 0 | R67: =+BPub!S67/1000000 -> 0 | S67: =+BPub!X67/1000000 -> 0 | T67: =+BPub!AB67/1000000 -> 0 | U67: 0 | W67: =+BPub!H67/1000000 -> 0 | X67: =+BPub!M67/1000000 -> 0 | Y67: =+BPub!R67/1000000 -> 0 | Z67: =+BPub!V67/1000000 -> 0 | AA67: =+BPub!AC67/1000000 -> 407.49954 | AB67: 407.49963 | AC67: =+AA67/AA33 -> 0.85163649 | AD67: 0 | AE67: 0 | AF67: 0 | AG67: 0 | AH67: 12 | AI67: 0
A68: 130605 De 1 a 30 días | B68: 0 | C68: 0 | D68: 0 | E68: 0 | F68: 0 | G68: 0 | I68: =+BPub!G68/1000000 -> 0 | J68: =+BPub!L68/1000000 -> 0 | K68: =+BPub!Q68/1000000 -> 0 | L68: =+BPub!W68/1000000 -> 0.095 | M68: =+BPub!AD68/1000000 -> 0 | N68: 0 | P68: =+BPub!I68/1000000 -> 0 | Q68: =+BPub!N68/1000000 -> 0 | R68: =+BPub!S68/1000000 -> 0 | S68: =+BPub!X68/1000000 -> 0 | T68: =+BPub!AB68/1000000 -> 0 | U68: 0 | W68: =+BPub!H68/1000000 -> 0 | X68: =+BPub!M68/1000000 -> 0 | Y68: =+BPub!R68/1000000 -> 0 | Z68: =+BPub!V68/1000000 -> 0 | AA68: =+BPub!AC68/1000000 -> 0 | AB68: 0 | AD68: 0 | AE68: 0 | AF68: 0 | AG68: 0 | AH68: 0 | AI68: 0
A69: 130610 De 31 a 90 días | B69: 0 | C69: 0 | D69: 0 | E69: 0 | F69: 0 | G69: 0 | I69: =+BPub!G69/1000000 -> 0 | J69: =+BPub!L69/1000000 -> 0 | K69: =+BPub!Q69/1000000 -> 0 | L69: =+BPub!W69/1000000 -> 5.0129447 | M69: =+BPub!AD69/1000000 -> 0 | N69: 0 | P69: =+BPub!I69/1000000 -> 0 | Q69: =+BPub!N69/1000000 -> 0 | R69: =+BPub!S69/1000000 -> 0 | S69: =+BPub!X69/1000000 -> 0 | T69: =+BPub!AB69/1000000 -> 0 | U69: 0 | W69: =+BPub!H69/1000000 -> 0 | X69: =+BPub!M69/1000000 -> 0 | Y69: =+BPub!R69/1000000 -> 0 | Z69: =+BPub!V69/1000000 -> 0 | AA69: =+BPub!AC69/1000000 -> 0 | AB69: 0 | AD69: 0 | AE69: 0 | AF69: 0 | AG69: 0 | AH69: 0 | AI69: 0
A70: 130615 De 91 a 180 días | B70: 0 | C70: 0 | D70: 0 | E70: 0 | F70: 0 | G70: 2.5163326 | I70: =+BPub!G70/1000000 -> 0 | J70: =+BPub!L70/1000000 -> 0 | K70: =+BPub!Q70/1000000 -> 0 | L70: =+BPub!W70/1000000 -> 0 | M70: =+BPub!AD70/1000000 -> 0 | N70: 0 | P70: =+BPub!I70/1000000 -> 0 | Q70: =+BPub!N70/1000000 -> 0 | R70: =+BPub!S70/1000000 -> 0 | S70: =+BPub!X70/1000000 -> 0 | T70: =+BPub!AB70/1000000 -> 0 | U70: 0 | W70: =+BPub!H70/1000000 -> 0 | X70: =+BPub!M70/1000000 -> 0 | Y70: =+BPub!R70/1000000 -> 0 | Z70: =+BPub!V70/1000000 -> 0 | AA70: =+BPub!AC70/1000000 -> 0 | AB70: 0 | AD70: 0 | AE70: 0 | AF70: 0 | AG70: 0 | AH70: 0 | AI70: 0
A71: 130620 De 181 días a 1 año | B71: 0 | C71: 0 | D71: 0 | E71: 0 | F71: 0 | G71: 4.0613119 | I71: =+BPub!G71/1000000 -> 0 | J71: =+BPub!L71/1000000 -> 0 | K71: =+BPub!Q71/1000000 -> 0 | L71: =+BPub!W71/1000000 -> 0 | M71: =+BPub!AD71/1000000 -> 0 | N71: 0 | P71: =+BPub!I71/1000000 -> 0 | Q71: =+BPub!N71/1000000 -> 0 | R71: =+BPub!S71/1000000 -> 0 | S71: =+BPub!X71/1000000 -> 0 | T71: =+BPub!AB71/1000000 -> 0 | U71: 0 | W71: =+BPub!H71/1000000 -> 0 | X71: =+BPub!M71/1000000 -> 0 | Y71: =+BPub!R71/1000000 -> 0 | Z71: =+BPub!V71/1000000 -> 0 | AA71: =+BPub!AC71/1000000 -> 0 | AB71: 0 | AD71: 0 | AE71: 0 | AF71: 0 | AG71: 0 | AH71: 12 | AI71: 0
A72: 130625 De 1 a 3 años | B72: 0 | C72: 0 | D72: 0 | E72: 0 | F72: 0 | G72: 230.24928 | I72: =+BPub!G72/1000000 -> 0 | J72: =+BPub!L72/1000000 -> 0 | K72: =+BPub!Q72/1000000 -> 0 | L72: =+BPub!W72/1000000 -> 0 | M72: =+BPub!AD72/1000000 -> 0 | N72: 0 | P72: =+BPub!I72/1000000 -> 0 | Q72: =+BPub!N72/1000000 -> 0 | R72: =+BPub!S72/1000000 -> 0 | S72: =+BPub!X72/1000000 -> 0 | T72: =+BPub!AB72/1000000 -> 0 | U72: 0 | W72: =+BPub!H72/1000000 -> 0 | X72: =+BPub!M72/1000000 -> 0 | Y72: =+BPub!R72/1000000 -> 0 | Z72: =+BPub!V72/1000000 -> 0 | AA72: =+BPub!AC72/1000000 -> 150 | AB72: 150 | AC72: =+AA72/AA67 -> 0.36809858 | AD72: 0 | AE72: 0 | AF72: 0 | AG72: 0 | AH72: 0 | AI72: 0
A73: 130630 De 3 a 5 años | B73: 0 | C73: 0 | D73: 0 | E73: 0 | F73: 0 | G73: 100.00011 | I73: =+BPub!G73/1000000 -> 0 | J73: =+BPub!L73/1000000 -> 0 | K73: =+BPub!Q73/1000000 -> 0 | L73: =+BPub!W73/1000000 -> 0 | M73: =+BPub!AD73/1000000 -> 0 | N73: 0 | P73: =+BPub!I73/1000000 -> 0 | Q73: =+BPub!N73/1000000 -> 0 | R73: =+BPub!S73/1000000 -> 0 | S73: =+BPub!X73/1000000 -> 0 | T73: =+BPub!AB73/1000000 -> 0 | U73: 0 | W73: =+BPub!H73/1000000 -> 0 | X73: =+BPub!M73/1000000 -> 0 | Y73: =+BPub!R73/1000000 -> 0 | Z73: =+BPub!V73/1000000 -> 0 | AA73: =+BPub!AC73/1000000 -> 0 | AB73: 257.49963 | AD73: 0 | AE73: 0 | AF73: 0 | AG73: 0 | AH73: 0 | AI73: 0
A74: 130635 De 5 a 10 años | B74: 0 | C74: 0 | D74: 0 | E74: 0 | F74: 0 | G74: 0 | I74: =+BPub!G74/1000000 -> 0 | J74: =+BPub!L74/1000000 -> 0 | K74: =+BPub!Q74/1000000 -> 0 | L74: =+BPub!W74/1000000 -> 0 | M74: =+BPub!AD74/1000000 -> 0 | N74: 0 | P74: =+BPub!I74/1000000 -> 0 | Q74: =+BPub!N74/1000000 -> 0 | R74: =+BPub!S74/1000000 -> 0 | S74: =+BPub!X74/1000000 -> 0 | T74: =+BPub!AB74/1000000 -> 0 | U74: 0 | W74: =+BPub!H74/1000000 -> 0 | X74: =+BPub!M74/1000000 -> 0 | Y74: =+BPub!R74/1000000 -> 0 | Z74: =+BPub!V74/1000000 -> 0 | AA74: =+BPub!AC74/1000000 -> 257.49954 | AB74: 0 | AC74: =+AA74/AA67 -> 0.63190142 | AD74: 0 | AE74: 0 | AF74: 0 | AG74: 0 | AH74: 0 | AI74: 0
A75: 130640 De más de 10 años | B75: 0 | C75: 0 | D75: 0 | E75: 0 | F75: 0 | G75: 0 | I75: =+BPub!G75/1000000 -> 0 | J75: =+BPub!L75/1000000 -> 0 | K75: =+BPub!Q75/1000000 -> 0 | L75: =+BPub!W75/1000000 -> 0 | M75: =+BPub!AD75/1000000 -> 0 | N75: 0 | P75: =+BPub!I75/1000000 -> 0.016 | Q75: =+BPub!N75/1000000 -> 0 | R75: =+BPub!S75/1000000 -> 0 | S75: =+BPub!X75/1000000 -> 0 | T75: =+BPub!AB75/1000000 -> 0 | U75: 0 | W75: =+BPub!H75/1000000 -> 0 | X75: =+BPub!M75/1000000 -> 0 | Y75: =+BPub!R75/1000000 -> 0 | Z75: =+BPub!V75/1000000 -> 0 | AA75: =+BPub!AC75/1000000 -> 0 | AB75: 0 | AD75: 0 | AE75: 0 | AF75: 0 | AG75: 0 | AH75: 0 | AI75: 0
A76: 1307 De disponibilidad restringida | B76: 1.979022 | C76: 0.67768 | D76: 0.383212 | E76: 15.088864 | F76: 0 | G76: 0 | I76: =+BPub!G76/1000000 -> 0 | J76: =+BPub!L76/1000000 -> 0 | K76: =+BPub!Q76/1000000 -> 0 | L76: =+BPub!W76/1000000 -> 4.5 | M76: =+BPub!AD76/1000000 -> 0 | N76: 0 | P76: =+BPub!I76/1000000 -> 39.560782 | Q76: =+BPub!N76/1000000 -> 7.8197124 | R76: =+BPub!S76/1000000 -> 24.64566 | S76: =+BPub!X76/1000000 -> 38.964771 | T76: =+BPub!AB76/1000000 -> 70.654 | U76: 135.02571 | W76: =+BPub!H76/1000000 -> 0.66335961 | X76: =+BPub!M76/1000000 -> 0.33319163 | Y76: =+BPub!R76/1000000 -> 4.9999246 | Z76: =+BPub!V76/1000000 -> 8 | AA76: =+BPub!AC76/1000000 -> 17.499946 | AB76: 17.499957 | AD76: 0 | AE76: 0 | AF76: 0 | AG76: 0 | AH76: 0 | AI76: 0
A77: 130705 Entregadas para operaciones de reporto | B77: 0 | C77: 0 | D77: 0 | E77: 0 | F77: 0 | G77: 0 | I77: =+BPub!G77/1000000 -> 0 | J77: =+BPub!L77/1000000 -> 0 | K77: =+BPub!Q77/1000000 -> 0 | L77: =+BPub!W77/1000000 -> 0 | M77: =+BPub!AD77/1000000 -> 0 | N77: 0 | P77: =+BPub!I77/1000000 -> 0 | Q77: =+BPub!N77/1000000 -> 0 | R77: =+BPub!S77/1000000 -> 0.47144114 | S77: =+BPub!X77/1000000 -> 0.43 | T77: =+BPub!AB77/1000000 -> 0.654 | U77: 65.025714 | W77: =+BPub!H77/1000000 -> 0 | X77: =+BPub!M77/1000000 -> 0 | Y77: =+BPub!R77/1000000 -> 0 | Z77: =+BPub!V77/1000000 -> 0 | AA77: =+BPub!AC77/1000000 -> 0 | AB77: 0 | AD77: 0 | AE77: 0 | AF77: 0 | AG77: 0 | AH77: 0 | AI77: 0
A78: 130710 Depósitos sujetos a restricción | B78: 1.006874 | C78: 0 | D78: 0 | E78: 0 | F78: 0 | G78: 0 | I78: =+BPub!G78/1000000 -> 0 | J78: =+BPub!L78/1000000 -> 0 | K78: =+BPub!Q78/1000000 -> 0 | L78: =+BPub!W78/1000000 -> 0 | M78: =+BPub!AD78/1000000 -> 0 | N78: 0 | P78: =+BPub!I78/1000000 -> 0 | Q78: =+BPub!N78/1000000 -> 0 | R78: =+BPub!S78/1000000 -> 0 | S78: =+BPub!X78/1000000 -> 0 | T78: =+BPub!AB78/1000000 -> 0 | U78: 0 | W78: =+BPub!H78/1000000 -> 0 | X78: =+BPub!M78/1000000 -> 0 | Y78: =+BPub!R78/1000000 -> 0 | Z78: =+BPub!V78/1000000 -> 0 | AA78: =+BPub!AC78/1000000 -> 0 | AB78: 0 | AD78: 0 | AE78: 0 | AF78: 0 | AG78: 0 | AH78: 0 | AI78: 0
A79: 130715 Títulos valores para encaje | B79: 0.972148 | C79: 0.67768 | D79: 0.383212 | E79: 15.088864 | F79: 0 | G79: 0 | I79: =+BPub!G79/1000000 -> 0 | J79: =+BPub!L79/1000000 -> 0 | K79: =+BPub!Q79/1000000 -> 0 | L79: =+BPub!W79/1000000 -> 4.5 | M79: =+BPub!AD79/1000000 -> 0 | N79: 0 | P79: =+BPub!I79/1000000 -> 4.586514 | Q79: =+BPub!N79/1000000 -> 7.8197124 | R79: =+BPub!S79/1000000 -> 24.174219 | S79: =+BPub!X79/1000000 -> 38.534771 | T79: =+BPub!AB79/1000000 -> 70 | U79: 70 | W79: =+BPub!H79/1000000 -> 0.66335961 | X79: =+BPub!M79/1000000 -> 0.33319163 | Y79: =+BPub!R79/1000000 -> 4.9999246 | Z79: =+BPub!V79/1000000 -> 8 | AA79: =+BPub!AC79/1000000 -> 17.499946 | AB79: 17.499957 | AD79: 0 | AE79: 0 | AF79: 0 | AG79: 0 | AH79: 0 | AI79: 0
A80: 130720 Entregadas en garantía | B80: 0 | C80: 0 | D80: 0 | E80: 0 | F80: 0 | G80: 0 | I80: =+BPub!G80/1000000 -> 0 | J80: =+BPub!L80/1000000 -> 0 | K80: =+BPub!Q80/1000000 -> 0 | L80: =+BPub!W80/1000000 -> 0 | M80: =+BPub!AD80/1000000 -> 0 | N80: 0 | P80: =+BPub!I80/1000000 -> 34.974268 | Q80: =+BPub!N80/1000000 -> 0 | R80: =+BPub!S80/1000000 -> 0 | S80: =+BPub!X80/1000000 -> 0 | T80: =+BPub!AB80/1000000 -> 0 | U80: 0 | W80: =+BPub!H80/1000000 -> 0 | X80: =+BPub!M80/1000000 -> 0 | Y80: =+BPub!R80/1000000 -> 0 | Z80: =+BPub!V80/1000000 -> 0 | AA80: =+BPub!AC80/1000000 -> 0 | AB80: 0 | AD80: 0 | AE80: 0 | AF80: 0 | AG80: 0 | AH80: 0 | AI80: 0
A81: 130790 Otros | B81: 0 | C81: 0 | D81: 0 | E81: 0 | F81: 0 | G81: 0 | I81: =+BPub!G81/1000000 -> 0 | J81: =+BPub!L81/1000000 -> 0 | K81: =+BPub!Q81/1000000 -> 0 | L81: =+BPub!W81/1000000 -> 0 | M81: =+BPub!AD81/1000000 -> 0 | N81: 0 | P81: =+BPub!I81/1000000 -> 0 | Q81: =+BPub!N81/1000000 -> 0 | R81: =+BPub!S81/1000000 -> 0 | S81: =+BPub!X81/1000000 -> 0 | T81: =+BPub!AB81/1000000 -> 0 | U81: 0 | W81: =+BPub!H81/1000000 -> 0 | X81: =+BPub!M81/1000000 -> 0 | Y81: =+BPub!R81/1000000 -> 0 | Z81: =+BPub!V81/1000000 -> 0 | AA81: =+BPub!AC81/1000000 -> 0 | AB81: 0 | AD81: 0 | AE81: 0 | AF81: 0 | AG81: 0 | AH81: 0 | AI81: 0
A82: 1399 (Provisión para inversiones) | B82: 0 | C82: 0 | D82: 0 | E82: -0.27491678 | F82: -0.47976994 | G82: -0.02170035 | I82: =+BPub!G82/1000000 -> -0.0015599 | J82: =+BPub!L82/1000000 -> -0.00135993 | K82: =+BPub!Q82/1000000 -> -0.00110999 | L82: =+BPub!W82/1000000 -> -0.30079999 | M82: =+BPub!AD82/1000000 -> -0.0005499 | N82: -0.42417682 | P82: =+BPub!I82/1000000 -> -0.65336793 | Q82: =+BPub!N82/1000000 -> -0.30289944 | R82: =+BPub!S82/1000000 -> -0.70883995 | S82: =+BPub!X82/1000000 -> -0.84106437 | T82: =+BPub!AB82/1000000 -> -0.05805909 | U82: -4.0519403 | W82: =+BPub!H82/1000000 -> 0 | X82: =+BPub!M82/1000000 -> 0 | Y82: =+BPub!R82/1000000 -> 0 | Z82: =+BPub!V82/1000000 -> 0 | AA82: =+BPub!AC82/1000000 -> 0 | AB82: 0 | AD82: 0 | AE82: 0 | AF82: 0 | AG82: 0 | AH82: 0 | AI82: 0
A83: 139905 (Provisión para valuación de inversiones mantenidas hasta el vencimiento y restringidas) | B83: 0 | C83: 0 | D83: 0 | E83: 0 | F83: 0 | G83: 0 | I83: =+BPub!G83/1000000 -> -0.0015599 | J83: =+BPub!L83/1000000 -> -0.00135993 | K83: =+BPub!Q83/1000000 -> -0.00110999 | L83: =+BPub!W83/1000000 -> -0.00079999 | M83: =+BPub!AD83/1000000 -> -0.0005499 | N83: -0.42417682 | P83: =+BPub!I83/1000000 -> -0.65336793 | Q83: =+BPub!N83/1000000 -> -0.30289944 | R83: =+BPub!S83/1000000 -> -0.70883995 | S83: =+BPub!X83/1000000 -> -0.84106437 | T83: =+BPub!AB83/1000000 -> -0.05805909 | U83: -4.0519403 | W83: =+BPub!H83/1000000 -> 0 | X83: =+BPub!M83/1000000 -> 0 | Y83: =+BPub!R83/1000000 -> 0 | Z83: =+BPub!V83/1000000 -> 0 | AA83: =+BPub!AC83/1000000 -> 0 | AB83: 0 | AD83: 0 | AE83: 0 | AF83: 0 | AG83: 0 | AH83: 0 | AI83: 0
A84: 139910 (Provisión general para inversiones) | B84: 0 | C84: 0 | D84: 0 | E84: -0.27491678 | F84: -0.47976994 | G84: -0.02170035 | I84: =+BPub!G84/1000000 -> 0 | J84: =+BPub!L84/1000000 -> 0 | K84: =+BPub!Q84/1000000 -> 0 | L84: =+BPub!W84/1000000 -> -0.3 | M84: =+BPub!AD84/1000000 -> 0 | N84: 0 | P84: =+BPub!I84/1000000 -> 0 | Q84: =+BPub!N84/1000000 -> 0 | R84: =+BPub!S84/1000000 -> 0 | S84: =+BPub!X84/1000000 -> 0 | T84: =+BPub!AB84/1000000 -> 0 | U84: 0 | W84: =+BPub!H84/1000000 -> 0 | X84: =+BPub!M84/1000000 -> 0 | Y84: =+BPub!R84/1000000 -> 0 | Z84: =+BPub!V84/1000000 -> 0 | AA84: =+BPub!AC84/1000000 -> 0 | AB84: 0 | AD84: 0 | AE84: 0 | AF84: 0 | AG84: 0 | AH84: 0 | AI84: 0
A85: 14 CARTERA DE CREDITOS | B85: 559.99475 | C85: 631.78784 | D85: 934.48229 | E85: 902.65256 | F85: 886.92515 | G85: 994.72367 | I85: =+BPub!G85/1000000 -> 42.338606 | J85: =+BPub!L85/1000000 -> 39.18595 | K85: =+BPub!Q85/1000000 -> 84.689318 | L85: =+BPub!W85/1000000 -> 154.57051 | M85: =+BPub!AD85/1000000 -> 169.25637 | N85: 83.145815 | P85: =+BPub!I85/1000000 -> 386.75461 | Q85: =+BPub!N85/1000000 -> 626.54671 | R85: =+BPub!S85/1000000 -> 801.94467 | S85: =+BPub!X85/1000000 -> 942.91879 | T85: =+BPub!AB85/1000000 -> 1120.9037 | U85: 1270.7331 | W85: =+BPub!H85/1000000 -> 438.18132 | X85: =+BPub!M85/1000000 -> 729.37508 | Y85: =+BPub!R85/1000000 -> 873.16286 | Z85: =+BPub!V85/1000000 -> 915.27995 | AA85: =+BPub!AC85/1000000 -> 965.01915 | AB85: 994.86229 | AD85: 90.748506 | AE85: 132.55457 | AF85: 169.98864 | AG85: 206.94178 | AH85: 242.66068 | AI85: 280.23742
A86: 1401 Cartera de créditos comercial por vencer | B86: 406.15777 | C86: 471.71657 | D86: 526.81037 | E86: 605.18234 | F86: 479.9085 | G86: 414.47536 | I86: =+BPub!G86/1000000 -> 26.623461 | J86: =+BPub!L86/1000000 -> 26.197522 | K86: =+BPub!Q86/1000000 -> 67.244088 | L86: =+BPub!W86/1000000 -> 136.29766 | M86: =+BPub!AD86/1000000 -> 139.98314 | N86: 48.492317 | P86: =+BPub!I86/1000000 -> 360.98121 | Q86: =+BPub!N86/1000000 -> 561.75008 | R86: =+BPub!S86/1000000 -> 740.66132 | S86: =+BPub!X86/1000000 -> 879.13567 | T86: =+BPub!AB86/1000000 -> 1096.5814 | U86: 1254.3734 | W86: =+BPub!H86/1000000 -> 449.83715 | X86: =+BPub!M86/1000000 -> 739.70782 | Y86: =+BPub!R86/1000000 -> 884.73317 | Z86: =+BPub!V86/1000000 -> 926.96198 | AA86: =+BPub!AC86/1000000 -> 0 | AB86: 0 | AD86: 0 | AE86: 0 | AF86: 0 | AG86: 0 | AH86: 0 | AI86: 0
... A115: 140525 De más de 360 días | B115: 0 | C115: 0 | D115: 0 | E115: 0 | F115: 0 | G115: 0 | I115: =+BPub!G115/1000000 -> 0 | J115: =+BPub!L115/1000000 -> 0 | K115: =+BPub!Q115/1000000 -> 0 | L115: =+BPub!W115/1000000 -> 0 | M115: =+BPub!AD115/1000000 -> 0 | N115: 0 | P115: =+BPub!I115/1000000 -> 0 | Q115: =+BPub!N115/1000000 -> 0 | R115: =+BPub!S115/1000000 -> 0 | S115: =+BPub!X115/1000000 -> 0 | T115: =+BPub!AB115/1000000 -> 0 | U115: 0 | W115: =+BPub!H115/1000000 -> 0 | X115: =+BPub!M115/1000000 -> 0 | Y115: =+BPub!R115/1000000 -> 0 | Z115: =+BPub!V115/1000000 -> 0 | AA115: =+BPub!AC115/1000000 -> 0 | AB115: 0 | AD115: 0 | AE115: 0 | AF115: 0 | AG115: 0 | AH115: 0 | AI115: 160.93874
A116: 1406 Cartera de crédito de inversión pública por vencer | G116: 0 | N116: 0 | U116: 0 | AA116: 976.26681 | AB116: 976.18722 | AD116: #N/A | AE116: #N/A | AF116: #N/A | AG116: #N/A | AH116: #N/A | AI116: #N/A
A117: 140605 De 1 a 30 días | G117: 0 | N117: 0 | U117: 0 | AA117: 23.085695 | AB117: 21.338705 | AD117: #N/A | AE117: #N/A | AF117: #N/A | AG117: #N/A | AH117: #N/A | AI117: #N/A
A118: 140610 De 31 a 90 días | G118: 0 | N118: 0 | U118: 0 | AA118: 44.592858 | AB118: 43.195997 | AD118: #N/A | AE118: #N/A | AF118: #N/A | AG118: #N/A | AH118: #N/A | AI118: #N/A
A119: 140615 De 91 a 180 días | G119: 0 | N119: 0 | U119: 0 | AA119: 65.065737 | AB119: 61.448974 | AD119: #N/A | AE119: #N/A | AF119: #N/A | AG119: #N/A | AH119: #N/A | AI119: #N/A
A120: 140620 De 181 a 360 días | G120: 0 | N120: 0 | U120: 0 | AA120: 115.63187 | AB120: 115.60277 | AD120: #N/A | AE120: #N/A | AF120: #N/A | AG120: #N/A | AH120: #N/A | AI120: #N/A
A121: 140625 De más de 360 días | G121: 0 | N121: 0 | U121: 0 | AA121: 727.89065 | AB121: 734.60077 | AD121: #N/A | AE121: #N/A | AF121: #N/A | AG121: #N/A | AH121: #N/A | AI121: #N/A
A122: 1409 Cartera de créditos comercial refinanciada por vencer | B122: 0 | C122: 0 | D122: 0 | E122: 0 | F122: 0 | G122: 0 | I122: =+BPub!G116/1000000 -> 0 | J122: =+BPub!L116/1000000 -> 0 | K122: =+BPub!Q116/1000000 -> 0 | L122: =+BPub!W116/1000000 -> 0 | M122: =+BPub!AD116/1000000 -> 0.9152898 | N122: 13.537324 | P122: =+BPub!I116/1000000 -> 0 | Q122: =+BPub!N116/1000000 -> 0 | R122: =+BPub!S116/1000000 -> 0 | S122: =+BPub!X116/1000000 -> 0 | T122: =+BPub!AB116/1000000 -> 0 | U122: 2.5371384 | W122: =+BPub!H116/1000000 -> 0 | X122: =+BPub!M116/1000000 -> 0 | Y122: =+BPub!R116/1000000 -> 0 | Z122: =+BPub!V116/1000000 -> 0 | AA122: =+BPub!AC116/1000000 -> 0 | AB122: 14.587249 | AD122: 0 | AE122: 0 | AF122: 0 | AG122: 0 | AH122: 0 | AI122: 0
A123: 140905 De 1 a 30 días | B123: 0 | C123: 0 | D123: 0 | E123: 0 | F123: 0 | G123: 0 | I123: =+BPub!G117/1000000 -> 0 | J123: =+BPub!L117/1000000 -> 0 | K123: =+BPub!Q117/1000000 -> 0 | L123: =+BPub!W117/1000000 -> 0 | M123: =+BPub!AD117/1000000 -> 0 | N123: 0.73687749 | P123: =+BPub!I117/1000000 -> 0 | Q123: =+BPub!N117/1000000 -> 0 | R123: =+BPub!S117/1000000 -> 0 | S123: =+BPub!X117/1000000 -> 0 | T123: =+BPub!AB117/1000000 -> 0 | U123: 0.00249495 | W123: =+BPub!H117/1000000 -> 0 | X123: =+BPub!M117/1000000 -> 0 | Y123: =+BPub!R117/1000000 -> 0 | Z123: =+BPub!V117/1000000 -> 0 | AA123: =+BPub!AC117/1000000 -> 0 | AB123: 0 | AD123: 0 | AE123: 0 | AF123: 0 | AG123: 0 | AH123: 0 | AI123: 0
A124: 140910 De 31 a 90 días | B124: 0 | C124: 0 | D124: 0 | E124: 0 | F124: 0 | G124: 0 | I124: =+BPub!G118/1000000 -> 0 | J124: =+BPub!L118/1000000 -> 0 | K124: =+BPub!Q118/1000000 -> 0 | L124: =+BPub!W118/1000000 -> 0 | M124: =+BPub!AD118/1000000 -> 0.30313375 | N124: 1.1075405 | P124: =+BPub!I118/1000000 -> 0 | Q124: =+BPub!N118/1000000 -> 0 | R124: =+BPub!S118/1000000 -> 0 | S124: =+BPub!X118/1000000 -> 0 | T124: =+BPub!AB118/1000000 -> 0 | U124: 0.0025393 | W124: =+BPub!H118/1000000 -> 0 | X124: =+BPub!M118/1000000 -> 0 | Y124: =+BPub!R118/1000000 -> 0 | Z124: =+BPub!V118/1000000 -> 0 | AA124: =+BPub!AC118/1000000 -> 0 | AB124: 0 | AD124: 0 | AE124: 0 | AF124: 0 | AG124: 0 | AH124: 0 | AI124: 0
A125: 140915 De 91 a 180 días | B125: 0 | C125: 0 | D125: 0 | E125: 0 | F125: 0 | G125: 0 | I125: =+BPub!G119/1000000 -> 0 | J125: =+BPub!L119/1000000 -> 0 | K125: =+BPub!Q119/1000000 -> 0 | L125: =+BPub!W119/1000000 -> 0 | M125: =+BPub!AD119/1000000 -> 0.58519268 | N125: 2.0218348 | P125: =+BPub!I119/1000000 -> 0 | Q125: =+BPub!N119/1000000 -> 0 | R125: =+BPub!S119/1000000 -> 0 | S125: =+BPub!X119/1000000 -> 0 | T125: =+BPub!AB119/1000000 -> 0 | U125: 0.09912225 | W125: =+BPub!H119/1000000 -> 0 | X125: =+BPub!M119/1000000 -> 0 | Y125: =+BPub!R119/1000000 -> 0 | Z125: =+BPub!V119/1000000 -> 0 | AA125: =+BPub!AC119/1000000 -> 0 | AB125: 0 | AD125: 0 | AE125: 0 | AF125: 0 | AG125: 0 | AH125: 0 | AI125: 0
A126: 140920 De 181 a 360 días | B126: 0 | C126: 0 | D126: 0 | E126: 0 | F126: 0 | G126: 0 | I126: =+BPub!G120/1000000 -> 0 | J126: =+BPub!L120/1000000 -> 0 | K126: =+BPub!Q120/1000000 -> 0 | L126: =+BPub!W120/1000000 -> 0 | M126: =+BPub!AD120/1000000 -> 0.02696337 | N126: 4.2160805 | P126: =+BPub!I120/1000000 -> 0 | Q126: =+BPub!N120/1000000 -> 0 | R126: =+BPub!S120/1000000 -> 0 | S126: =+BPub!X120/1000000 -> 0 | T126: =+BPub!AB120/1000000 -> 0 | U126: 0.19856012 | W126: =+BPub!H120/1000000 -> 0 | X126: =+BPub!M120/1000000 -> 0 | Y126: =+BPub!R120/1000000 -> 0 | Z126: =+BPub!V120/1000000 -> 0 | AA126: =+BPub!AC120/1000000 -> 0 | AB126: 0 | AD126: 0 | AE126: 0 | AF126: 0 | AG126: 0 | AH126: 0 | AI126: 0
A127: 140925 De más de 360 días | B127: 0 | C127: 0 | D127: 0 | E127: 0 | F127: 0 | G127: 0 | I127: =+BPub!G121/1000000 -> 0 | J127: =+BPub!L121/1000000 -> 0 | K127: =+BPub!Q121/1000000 -> 0 | L127: =+BPub!W121/1000000 -> 0 | M127: =+BPub!AD121/1000000 -> 0 | N127: 5.4549902 | P127: =+BPub!I121/1000000 -> 0 | Q127: =+BPub!N121/1000000 -> 0 | R127: =+BPub!S121/1000000 -> 0 | S127: =+BPub!X121/1000000 -> 0 | T127: =+BPub!AB121/1000000 -> 0 | U127: 2.2344218 | W127: =+BPub!H121/1000000 -> 0 | X127: =+BPub!M121/1000000 -> 0 | Y127: =+BPub!R121/1000000 -> 0 | Z127: =+BPub!V121/1000000 -> 0 | AA127: =+BPub!AC121/1000000 -> 0 | AB127: 14.587249 | AD127: 0 | AE127: 0 | AF127: 0 | AG127: 0 | AH127: 0 | AI127: 0
A128: 1410 Cartera de créditos de consumo refinanciada por vencer | B128: 0 | C128: 0 | D128: 0 | E128: 0 | F128: 0 | G128: 0 | I128: =+BPub!G122/1000000 -> 0 | J128: =+BPub!L122/1000000 -> 0 | K128: =+BPub!Q122/1000000 -> 0 | L128: =+BPub!W122/1000000 -> 0 | M128: =+BPub!AD122/1000000 -> 0 | N128: 0 | P128: =+BPub!I122/1000000 -> 0 | Q128: =+BPub!N122/1000000 -> 0 | R128: =+BPub!S122/1000000 -> 0 | S128: =+BPub!X122/1000000 -> 0 | T128: =+BPub!AB122/1000000 -> 0 | U128: 0 | W128: =+BPub!H122/1000000 -> 0 | X128: =+BPub!M122/1000000 -> 0 | Y128: =+BPub!R122/1000000 -> 0 | Z128: =+BPub!V122/1000000 -> 0 | AA128: =+BPub!AC122/1000000 -> 0 | AB128: 0 | AD128: 0 | AE128: 0 | AF128: 0 | AG128: 0 | AH128: 0 | AI128: 0
A129: 141005 De 1 a 30 días | B129: 0 | C129: 0 | D129: 0 | E129: 0 | F129: 0 | G129: 0 | I129: =+BPub!G123/1000000 -> 0 | J129: =+BPub!L123/1000000 -> 0 | K129: =+BPub!Q123/1000000 -> 0 | L129: =+BPub!W123/1000000 -> 0 | M129: =+BPub!AD123/1000000 -> 0 | N129: 0 | P129: =+BPub!I123/1000000 -> 0 | Q129: =+BPub!N123/1000000 -> 0 | R129: =+BPub!S123/1000000 -> 0 | S129: =+BPub!X123/1000000 -> 0 | T129: =+BPub!AB123/1000000 -> 0 | U129: 0 | W129: =+BPub!H123/1000000 -> 0 | X129: =+BPub!M123/1000000 -> 0 | Y129: =+BPub!R123/1000000 -> 0 | Z129: =+BPub!V123/1000000 -> 0 | AA129: =+BPub!AC123/1000000 -> 0 | AB129: 0 | AD129: 0 | AE129: 0 | AF129: 0 | AG129: 0 | AH129: 0 | AI129: 0
A130: 141010 De 31 a 90 días | B130: 0 | C130: 0 | D130: 0 | E130: 0 | F130: 0 | G130: 0 | I130: =+BPub!G124/1000000 -> 0 | J130: =+BPub!L124/1000000 -> 0 | K130: =+BPub!Q124/1000000 -> 0 | L130: =+BPub!W124/1000000 -> 0 | M130: =+BPub!AD124/1000000 -> 0 | N130: 0 | P130: =+BPub!I124/1000000 -> 0 | Q130: =+BPub!N124/1000000 -> 0 | R130: =+BPub!S124/1000000 -> 0 | S130: =+BPub!X124/1000000 -> 0 | T130: =+BPub!AB124/1000000 -> 0 | U130: 0 | W130: =+BPub!H124/1000000 -> 0 | X130: =+BPub!M124/1000000 -> 0 | Y130: =+BPub!R124/1000000 -> 0 | Z130: =+BPub!V124/1000000 -> 0 | AA130: =+BPub!AC124/1000000 -> 0 | AB130: 0 | AD130: 0 | AE130: 0 | AF130: 0 | AG130: 0 | AH130: 0 | AI130: 0
A131: 141015 De 91 a 180 días | B131: 0 | C131: 0 | D131: 0 | E131: 0 | F131: 0 | G131: 0 | I131: =+BPub!G125/1000000 -> 0 | J131: =+BPub!L125/1000000 -> 0 | K131: =+BPub!Q125/1000000 -> 0 | L131: =+BPub!W125/1000000 -> 0 | M131: =+BPub!AD125/1000000 -> 0 | N131: 0 | P131: =+BPub!I125/1000000 -> 0 | Q131: =+BPub!N125/1000000 -> 0 | R131: =+BPub!S125/1000000 -> 0 | S131: =+BPub!X125/1000000 -> 0 | T131: =+BPub!AB125/1000000 -> 0 | U131: 0 | W131: =+BPub!H125/1000000 -> 0 | X131: =+BPub!M125/1000000 -> 0 | Y131: =+BPub!R125/1000000 -> 0 | Z131: =+BPub!V125/1000000 -> 0 | AA131: =+BPub!AC125/1000000 -> 0 | AB131: 0 | AD131: 0 | AE131: 0 | AF131: 0 | AG131: 0 | AH131: 0 | AI131: 0
A132: 141020 De 181 a 360 días | B132: 0 | C132: 0 | D132: 0 | E132: 0 | F132: 0 | G132: 0 | I132: =+BPub!G126/1000000 -> 0 | J132: =+BPub!L126/1000000 -> 0 | K132: =+BPub!Q126/1000000 -> 0 | L132: =+BPub!W126/1000000 -> 0 | M132: =+BPub!AD126/1000000 -> 0 | N132: 0 | P132: =+BPub!I126/1000000 -> 0 | Q132: =+BPub!N126/1000000 -> 0 | R132: =+BPub!S126/1000000 -> 0 | S132: =+BPub!X126/1000000 -> 0 | T132: =+BPub!AB126/1000000 -> 0 | U132: 0 | W132: =+BPub!H126/1000000 -> 0 | X132: =+BPub!M126/1000000 -> 0 | Y132: =+BPub!R126/1000000 -> 0 | Z132: =+BPub!V126/1000000 -> 0 | AA132: =+BPub!AC126/1000000 -> 0 | AB132: 0 | AD132: 0 | AE132: 0 | AF132: 0 | AG132: 0 | AH132: 0 | AI132: 0
A133: 141025 De más de 360 días | B133: 0 | C133: 0 | D133: 0 | E133: 0 | F133: 0 | G133: 0 | I133: =+BPub!G127/1000000 -> 0 | J133: =+BPub!L127/1000000 -> 0 | K133: =+BPub!Q127/1000000 -> 0 | L133: =+BPub!W127/1000000 -> 0 | M133: =+BPub!AD127/1000000 -> 0 | N133: 0 | P133: =+BPub!I127/1000000 -> 0 | Q133: =+BPub!N127/1000000 -> 0 | R133: =+BPub!S127/1000000 -> 0 | S133: =+BPub!X127/1000000 -> 0 | T133: =+BPub!AB127/1000000 -> 0 | U133: 0 | W133: =+BPub!H127/1000000 -> 0 | X133: =+BPub!M127/1000000 -> 0 | Y133: =+BPub!R127/1000000 -> 0 | Z133: =+BPub!V127/1000000 -> 0 | AA133: =+BPub!AC127/1000000 -> 0 | AB133: 0 | AD133: 0 | AE133: 0 | AF133: 0 | AG133: 0 | AH133: 0 | AI133: 0
... A151: 141325 De más de 360 días | B151: 0 | C151: 0 | D151: 0 | E151: 0 | F151: 0 | G151: 0 | I151: =+BPub!G145/1000000 -> 0 | J151: =+BPub!L145/1000000 -> 0 | K151: =+BPub!Q145/1000000 -> 0 | L151: =+BPub!W145/1000000 -> 0 | M151: =+BPub!AD145/1000000 -> 0 | N151: 0 | P151: =+BPub!I145/1000000 -> 0 | Q151: =+BPub!N145/1000000 -> 0 | R151: =+BPub!S145/1000000 -> 0 | S151: =+BPub!X145/1000000 -> 0 | T151: =+BPub!AB145/1000000 -> 0 | U151: 0 | W151: =+BPub!H145/1000000 -> 0 | X151: =+BPub!M145/1000000 -> 0 | Y151: =+BPub!R145/1000000 -> 0 | Z151: =+BPub!V145/1000000 -> 0 | AA151: =+BPub!AC145/1000000 -> 0 | AB151: 0 | AD151: 0 | AE151: 0 | AF151: 0 | AG151: 0 | AH151: 0 | AI151: 0
A152: 1414 Cartera de crédito de inversión pública refinanciada por vencer | G152: 0 | N152: 0 | U152: 0 | AB152: 0 | AD152: #N/A | AE152: #N/A | AF152: #N/A | AG152: #N/A | AH152: #N/A | AI152: #N/A
A153: 141405 De 1 a 30 días | G153: 0 | N153: 0 | U153: 0 | AB153: 0 | AD153: #N/A | AE153: #N/A | AF153: #N/A | AG153: #N/A | AH153: #N/A | AI153: #N/A
A154: 141410 De 31 a 90 días | G154: 0 | N154: 0 | U154: 0 | AB154: 0 | AD154: #N/A | AE154: #N/A | AF154: #N/A | AG154: #N/A | AH154: #N/A | AI154: #N/A
A155: 141415 De 91 a 180 días | G155: 0 | N155: 0 | U155: 0 | AB155: 0 | AD155: #N/A | AE155: #N/A | AF155: #N/A | AG155: #N/A | AH155: #N/A | AI155: #N/A
A156: 141420 De 181 a 360 días | G156: 0 | N156: 0 | U156: 0 | AB156: 0 | AD156: #N/A | AE156: #N/A | AF156: #N/A | AG156: #N/A | AH156: #N/A | AI156: #N/A
A157: 141425 De más de 360 días | G157: 0 | N157: 0 | U157: 0 | AB157: 0 | AD157: #N/A | AE157: #N/A | AF157: #N/A | AG157: #N/A | AH157: #N/A | AI157: #N/A
A158: 1417 Cartera de créditos comercial reestructurada por vencer | B158: 20.63033 | C158: 29.677382 | D158: 20.179777 | E158: 28.998994 | F158: 13.73135 | G158: 17.034841 | I158: =+BPub!G146/1000000 -> 0 | J158: =+BPub!L146/1000000 -> 0 | K158: =+BPub!Q146/1000000 -> 0 | L158: =+BPub!W146/1000000 -> 0 | M158: =+BPub!AD146/1000000 -> 0 | N158: 9.1480518 | P158: =+BPub!I146/1000000 -> 9.0830769 | Q158: =+BPub!N146/1000000 -> 22.008793 | R158: =+BPub!S146/1000000 -> 15.919626 | S158: =+BPub!X146/1000000 -> 11.436494 | T158: =+BPub!AB146/1000000 -> 7.1099857 | U158: 6.2297463 | W158: =+BPub!H146/1000000 -> 0 | X158: =+BPub!M146/1000000 -> 0 | Y158: =+BPub!R146/1000000 -> 0 | Z158: =+BPub!V146/1000000 -> 0 | AA158: =+BPub!AC146/1000000 -> 0 | AB158: 7.5943729 | AD158: 0 | AE158: 0 | AF158: 0 | AG158: 0 | AH158: 0 | AI158: 0
A159: 141705 De 1 a 30 días | B159: 1.9254532 | C159: 1.7310691 | D159: 1.5565762 | E159: 2.6398174 | F159: 0.83482404 | G159: 0.79140048 | I159: =+BPub!G147/1000000 -> 0 | J159: =+BPub!L147/1000000 -> 0 | K159: =+BPub!Q147/1000000 -> 0 | L159: =+BPub!W147/1000000 -> 0 | M159: =+BPub!AD147/1000000 -> 0 | N159: 0 | P159: =+BPub!I147/1000000 -> 0.13598289 | Q159: =+BPub!N147/1000000 -> 0.88431598 | R159: =+BPub!S147/1000000 -> 0.49409366 | S159: =+BPub!X147/1000000 -> 0.34808162 | T159: =+BPub!AB147/1000000 -> 0.18236465 | U159: 0.29515715 | W159: =+BPub!H147/1000000 -> 0 | X159: =+BPub!M147/1000000 -> 0 | Y159: =+BPub!R147/1000000 -> 0 | Z159: =+BPub!V147/1000000 -> 0 | AA159: =+BPub!AC147/1000000 -> 0 | AB159: 0 | AD159: 0 | AE159: 0 | AF159: 0 | AG159: 0 | AH159: 0 | AI159: 0
A160: 141710 De 31 a 90 días | B160: 0.8085878 | C160: 2.2760489 | D160: 2.0215657 | E160: 2.0577784 | F160: 0.91748825 | G160: 1.0234122 | I160: =+BPub!G148/1000000 -> 0 | J160: =+BPub!L148/1000000 -> 0 | K160: =+BPub!Q148/1000000 -> 0 | L160: =+BPub!W148/1000000 -> 0 | M160: =+BPub!AD148/1000000 -> 0 | N160: 0 | P160: =+BPub!I148/1000000 -> 0.32386445 | Q160: =+BPub!N148/1000000 -> 0.82338782 | R160: =+BPub!S148/1000000 -> 0.66240014 | S160: =+BPub!X148/1000000 -> 0.59493581 | T160: =+BPub!AB148/1000000 -> 0.34614786 | U160: 0.28463656 | W160: =+BPub!H148/1000000 -> 0 | X160: =+BPub!M148/1000000 -> 0 | Y160: =+BPub!R148/1000000 -> 0 | Z160: =+BPub!V148/1000000 -> 0 | AA160: =+BPub!AC148/1000000 -> 0 | AB160: 0 | AD160: 0 | AE160: 0 | AF160: 0 | AG160: 0 | AH160: 0 | AI160: 0
A161: 141715 De 91 a 180 días | B161: 1.9003641 | C161: 3.2761088 | D161: 2.4363357 | E161: 3.1910576 | F161: 1.5171666 | G161: 1.7342901 | I161: =+BPub!G149/1000000 -> 0 | J161: =+BPub!L149/1000000 -> 0 | K161: =+BPub!Q149/1000000 -> 0 | L161: =+BPub!W149/1000000 -> 0 | M161: =+BPub!AD149/1000000 -> 0 | N161: 0 | P161: =+BPub!I149/1000000 -> 0.44539252 | Q161: =+BPub!N149/1000000 -> 1.9411538 | R161: =+BPub!S149/1000000 -> 1.0119107 | S161: =+BPub!X149/1000000 -> 0.80695146 | T161: =+BPub!AB149/1000000 -> 0.54906343 | U161: 0.49263117 | W161: =+BPub!H149/1000000 -> 0 | X161: =+BPub!M149/1000000 -> 0 | Y161: =+BPub!R149/1000000 -> 0 | Z161: =+BPub!V149/1000000 -> 0 | AA161: =+BPub!AC149/1000000 -> 0 | AB161: 0.08477139 | AD161: 0 | AE161: 0 | AF161: 0 | AG161: 0 | AH161: 0 | AI161: 0
A162: 141720 De 181 a 360 días | B162: 3.4691718 | C162: 6.5867661 | D162: 4.6483288 | E162: 5.0160814 | F162: 2.5678922 | G162: 2.882894 | I162: =+BPub!G150/1000000 -> 0 | J162: =+BPub!L150/1000000 -> 0 | K162: =+BPub!Q150/1000000 -> 0 | L162: =+BPub!W150/1000000 -> 0 | M162: =+BPub!AD150/1000000 -> 0 | N162: 3.5503858 | P162: =+BPub!I150/1000000 -> 0.87387257 | Q162: =+BPub!N150/1000000 -> 3.3488251 | R162: =+BPub!S150/1000000 -> 2.0110307 | S162: =+BPub!X150/1000000 -> 1.2185701 | T162: =+BPub!AB150/1000000 -> 0.91709556 | U162: 0.93023755 | W162: =+BPub!H150/1000000 -> 0 | X162: =+BPub!M150/1000000 -> 0 | Y162: =+BPub!R150/1000000 -> 0 | Z162: =+BPub!V150/1000000 -> 0 | AA162: =+BPub!AC150/1000000 -> 0 | AB162: 1.6850994 | AD162: 0 | AE162: 0 | AF162: 0 | AG162: 0 | AH162: 0 | AI162: 0
A163: 141725 De más de 360 días | B163: 12.526753 | C163: 15.807389 | D163: 9.5169702 | E163: 16.094259 | F163: 7.8939793 | G163: 10.602844 | I163: =+BPub!G151/1000000 -> 0 | J163: =+BPub!L151/1000000 -> 0 | K163: =+BPub!Q151/1000000 -> 0 | L163: =+BPub!W151/1000000 -> 0 | M163: =+BPub!AD151/1000000 -> 0 | N163: 5.5976661 | P163: =+BPub!I151/1000000 -> 7.3039645 | Q163: =+BPub!N151/1000000 -> 15.01111 | R163: =+BPub!S151/1000000 -> 11.740191 | S163: =+BPub!X151/1000000 -> 8.4679547 | T163: =+BPub!AB151/1000000 -> 5.1153142 | U163: 4.2270839 | W163: =+BPub!H151/1000000 -> 0 | X163: =+BPub!M151/1000000 -> 0 | Y163: =+BPub!R151/1000000 -> 0 | Z163: =+BPub!V151/1000000 -> 0 | AA163: =+BPub!AC151/1000000 -> 0 | AB163: 5.8245021 | AD163: 0 | AE163: 0 | AF163: 0 | AG163: 0 | AH163: 0 | AI163: 0
A164: 1418 Cartera de créditos de consumo reestructurada por vencer | B164: 0.12734306 | C164: 0.11946727 | D164: 0.14919523 | E164: 0.10952904 | F164: 0.05638181 | G164: 0.11628134 | I164: =+BPub!G152/1000000 -> 0 | J164: =+BPub!L152/1000000 -> 0 | K164: =+BPub!Q152/1000000 -> 0 | L164: =+BPub!W152/1000000 -> 0 | M164: =+BPub!AD152/1000000 -> 0 | N164: 0 | P164: =+BPub!I152/1000000 -> 0 | Q164: =+BPub!N152/1000000 -> 0 | R164: =+BPub!S152/1000000 -> 0 | S164: =+BPub!X152/1000000 -> 0 | T164: =+BPub!AB152/1000000 -> 0 | U164: 0 | W164: =+BPub!H152/1000000 -> 0 | X164: =+BPub!M152/1000000 -> 0 | Y164: =+BPub!R152/1000000 -> 0 | Z164: =+BPub!V152/1000000 -> 0 | AA164: =+BPub!AC152/1000000 -> 0 | AB164: 0 | AD164: 0 | AE164: 0 | AF164: 0 | AG164: 0 | AH164: 0 | AI164: 0
A165: 141805 De 1 a 30 días | B165: 0.00848407 | C165: 0.00862982 | D165: 0.01047527 | E165: 0.00733339 | F165: 0.00268807 | G165: 0.00688385 | I165: =+BPub!G153/1000000 -> 0 | J165: =+BPub!L153/1000000 -> 0 | K165: =+BPub!Q153/1000000 -> 0 | L165: =+BPub!W153/1000000 -> 0 | M165: =+BPub!AD153/1000000 -> 0 | N165: 0 | P165: =+BPub!I153/1000000 -> 0 | Q165: =+BPub!N153/1000000 -> 0 | R165: =+BPub!S153/1000000 -> 0 | S165: =+BPub!X153/1000000 -> 0 | T165: =+BPub!AB153/1000000 -> 0 | U165: 0 | W165: =+BPub!H153/1000000 -> 0 | X165: =+BPub!M153/1000000 -> 0 | Y165: =+BPub!R153/1000000 -> 0 | Z165: =+BPub!V153/1000000 -> 0 | AA165: =+BPub!AC153/1000000 -> 0 | AB165: 0 | AD165: 0 | AE165: 0 | AF165: 0 | AG165: 0 | AH165: 0 | AI165: 0
A166: 141810 De 31 a 90 días | B166: 0.010405 | C166: 0.00945294 | D166: 0.0169824 | E166: 0.01354801 | F166: 0.00635891 | G166: 0.00981384 | I166: =+BPub!G154/1000000 -> 0 | J166: =+BPub!L154/1000000 -> 0 | K166: =+BPub!Q154/1000000 -> 0 | L166: =+BPub!W154/1000000 -> 0 | M166: =+BPub!AD154/1000000 -> 0 | N166: 0 | P166: =+BPub!I154/1000000 -> 0 | Q166: =+BPub!N154/1000000 -> 0 | R166: =+BPub!S154/1000000 -> 0 | S166: =+BPub!X154/1000000 -> 0 | T166: =+BPub!AB154/1000000 -> 0 | U166: 0 | W166: =+BPub!H154/1000000 -> 0 | X166: =+BPub!M154/1000000 -> 0 | Y166: =+BPub!R154/1000000 -> 0 | Z166: =+BPub!V154/1000000 -> 0 | AA166: =+BPub!AC154/1000000 -> 0 | AB166: 0 | AD166: 0 | AE166: 0 | AF166: 0 | AG166: 0 | AH166: 0 | AI166: 0
A167: 141815 De 91 a 180 días | B167: 0.016388 | C167: 0.01838235 | D167: 0.02061023 | E167: 0.01640318 | F167: 0.00659446 | G167: 0.01479243 | I167: =+BPub!G155/1000000 -> 0 | J167: =+BPub!L155/1000000 -> 0 | K167: =+BPub!Q155/1000000 -> 0 | L167: =+BPub!W155/1000000 -> 0 | M167: =+BPub!AD155/1000000 -> 0 | N167: 0 | P167: =+BPub!I155/1000000 -> 0 | Q167: =+BPub!N155/1000000 -> 0 | R167: =+BPub!S155/1000000 -> 0 | S167: =+BPub!X155/1000000 -> 0 | T167: =+BPub!AB155/1000000 -> 0 | U167: 0 | W167: =+BPub!H155/1000000 -> 0 | X167: =+BPub!M155/1000000 -> 0 | Y167: =+BPub!R155/1000000 -> 0 | Z167: =+BPub!V155/1000000 -> 0 | AA167: =+BPub!AC155/1000000 -> 0 | AB167: 0 | AD167: 0 | AE167: 0 | AF167: 0 | AG167: 0 | AH167: 0 | AI167: 0
A168: 141820 De 181 a 360 días | B168: 0.03382818 | C168: 0.02926702 | D168: 0.03697597 | E168: 0.02724303 | F168: 0.01276453 | G168: 0.02452424 | I168: =+BPub!G156/1000000 -> 0 | J168: =+BPub!L156/1000000 -> 0 | K168: =+BPub!Q156/1000000 -> 0 | L168: =+BPub!W156/1000000 -> 0 | M168: =+BPub!AD156/1000000 -> 0 | N168: 0 | P168: =+BPub!I156/1000000 -> 0 | Q168: =+BPub!N156/1000000 -> 0 | R168: =+BPub!S156/1000000 -> 0 | S168: =+BPub!X156/1000000 -> 0 | T168: =+BPub!AB156/1000000 -> 0 | U168: 0 | W168: =+BPub!H156/1000000 -> 0 | X168: =+BPub!M156/1000000 -> 0 | Y168: =+BPub!R156/1000000 -> 0 | Z168: =+BPub!V156/1000000 -> 0 | AA168: =+BPub!AC156/1000000 -> 0 | AB168: 0 | AD168: 0 | AE168: 0 | AF168: 0 | AG168: 0 | AH168: 0 | AI168: 0
A169: 141825 De más de 360 días | B169: 0.05823781 | C169: 0.05373514 | D169: 0.06415136 | E169: 0.04500143 | F169: 0.02797584 | G169: 0.06026698 | I169: =+BPub!G157/1000000 -> 0 | J169: =+BPub!L157/1000000 -> 0 | K169: =+BPub!Q157/1000000 -> 0 | L169: =+BPub!W157/1000000 -> 0 | M169: =+BPub!AD157/1000000 -> 0 | N169: 0 | P169: =+BPub!I157/1000000 -> 0 | Q169: =+BPub!N157/1000000 -> 0 | R169: =+BPub!S157/1000000 -> 0 | S169: =+BPub!X157/1000000 -> 0 | T169: =+BPub!AB157/1000000 -> 0 | U169: 0 | W169: =+BPub!H157/1000000 -> 0 | X169: =+BPub!M157/1000000 -> 0 | Y169: =+BPub!R157/1000000 -> 0 | Z169: =+BPub!V157/1000000 -> 0 | AA169: =+BPub!AC157/1000000 -> 0 | AB169: 0 | AD169: 0 | AE169: 0 | AF169: 0 | AG169: 0 | AH169: 0 | AI169: 0
... A376: 149925 (Cartera de credito educativo) | B376: 0 | C376: 0 | D376: 0 | E376: 0 | F376: 0 | G376: 0 | I376: =+BPub!G364/1000000 -> 0 | J376: =+BPub!L364/1000000 -> 0 | K376: =+BPub!Q364/1000000 -> 0 | L376: =+BPub!W364/1000000 -> 0 | M376: =+BPub!AD364/1000000 -> 0 | N376: 0 | P376: =+BPub!I364/1000000 -> 0 | Q376: =+BPub!N364/1000000 -> 0 | R376: =+BPub!S364/1000000 -> 0 | S376: =+BPub!X364/1000000 -> 0 | T376: =+BPub!AB364/1000000 -> 0 | U376: 0 | W376: =+BPub!H364/1000000 -> 0 | X376: =+BPub!M364/1000000 -> 0 | Y376: =+BPub!R364/1000000 -> 0 | Z376: =+BPub!V364/1000000 -> 0 | AA376: =+BPub!AC364/1000000 -> 0 | AB376: 0 | AD376: 0 | AE376: 0 | AF376: 0 | AG376: 0 | AH376: 0 | AI376: -10.122211
A377: 149930 (Cartera de credito de inversión pública) | G377: 0 | N377: 0 | U377: 0 | AA377: -9.762668 | AB377: -9.7781758 | AD377: #N/A | AE377: #N/A | AF377: #N/A | AG377: #N/A | AH377: #N/A | AI377: #N/A
A378: 149945 (Cartera de creditos refinanciada ) | B378: 0 | C378: 0 | D378: 0 | E378: 0 | F378: 0 | G378: 0 | I378: =+BPub!G365/1000000 -> 0 | J378: =+BPub!L365/1000000 -> 0 | K378: =+BPub!Q365/1000000 -> 0 | L378: =+BPub!W365/1000000 -> 0 | M378: =+BPub!AD365/1000000 -> -0.0091529 | N378: -0.15042754 | P378: =+BPub!I365/1000000 -> 0 | Q378: =+BPub!N365/1000000 -> 0 | R378: =+BPub!S365/1000000 -> 0 | S378: =+BPub!X365/1000000 -> 0 | T378: =+BPub!AB365/1000000 -> 0 | U378: -0.02693566 | W378: =+BPub!H365/1000000 -> 0 | X378: =+BPub!M365/1000000 -> 0 | Y378: =+BPub!R365/1000000 -> 0 | Z378: =+BPub!V365/1000000 -> 0 | AA378: =+BPub!AC365/1000000 -> 0 | AB378: 0 | AD378: 0 | AE378: 0 | AF378: 0 | AG378: 0 | AH378: 0 | AI378: 0
A379: 149950 (Cartera de creditos reestructurada) | B379: -21.883065 | C379: -26.40049 | D379: -32.22549 | E379: -34.221953 | F379: -29.579802 | G379: -21.174271 | I379: =+BPub!G366/1000000 -> -0.60948885 | J379: =+BPub!L366/1000000 -> -1.2254119 | K379: =+BPub!Q366/1000000 -> -1.1657299 | L379: =+BPub!W366/1000000 -> -0.84012921 | M379: =+BPub!AD366/1000000 -> -0.3649353 | N379: -4.1510291 | P379: =+BPub!I366/1000000 -> -12.665762 | Q379: =+BPub!N366/1000000 -> -8.6402184 | R379: =+BPub!S366/1000000 -> -5.696238 | S379: =+BPub!X366/1000000 -> -2.4127634 | T379: =+BPub!AB366/1000000 -> -1.1697188 | U379: -0.58287498 | W379: =+BPub!H366/1000000 -> 0 | X379: =+BPub!M366/1000000 -> 0 | Y379: =+BPub!R366/1000000 -> 0 | Z379: =+BPub!V366/1000000 -> 0 | AA379: =+BPub!AC366/1000000 -> 0 | AB379: 0 | AD379: 0 | AE379: 0 | AF379: 0 | AG379: 0 | AH379: 0 | AI379: 0
A380: 149990 (Provision general para cartera de creditos ) | B380: 0 | C380: 0 | D380: 0 | E380: 0 | F380: 0 | G380: 0 | I380: =+BPub!G367/1000000 -> -2.3593442 | J380: =+BPub!L367/1000000 -> -2.3309994 | K380: =+BPub!Q367/1000000 -> -2.3255402 | L380: =+BPub!W367/1000000 -> -2.3195889 | M380: =+BPub!AD367/1000000 -> -2.3153555 | N380: 0 | P380: =+BPub!I367/1000000 -> -1.3342908 | Q380: =+BPub!N367/1000000 -> -2 | R380: =+BPub!S367/1000000 -> -17.974165 | S380: =+BPub!X367/1000000 -> -25.974165 | T380: =+BPub!AB367/1000000 -> -25.974165 | U380: 0 | W380: =+BPub!H367/1000000 -> -3.9326358 | X380: =+BPub!M367/1000000 -> -3.3377783 | Y380: =+BPub!R367/1000000 -> -2.7194105 | Z380: =+BPub!V367/1000000 -> -2.1557923 | AA380: =+BPub!AC367/1000000 -> -1.4849875 | AB380: 0 | AD380: 0 | AE380: 0 | AF380: -4.478407 | AG380: -4.478407 | AH380: -4.478407 | AI380: -4.478407
A381: 15 DEUDORES POR ACEPTACIONES | B381: 0 | C381: 0 | D381: 0 | E381: 0 | F381: 0 | G381: 0 | I381: =+BPub!G368/1000000 -> 0 | J381: =+BPub!L368/1000000 -> 0 | K381: =+BPub!Q368/1000000 -> 0 | L381: =+BPub!W368/1000000 -> 0 | M381: =+BPub!AD368/1000000 -> 0 | N381: 0 | P381: =+BPub!I368/1000000 -> 0 | Q381: =+BPub!N368/1000000 -> 0 | R381: =+BPub!S368/1000000 -> 0 | S381: =+BPub!X368/1000000 -> 0 | T381: =+BPub!AB368/1000000 -> 0 | U381: 0 | W381: =+BPub!H368/1000000 -> 0 | X381: =+BPub!M368/1000000 -> 0 | Y381: =+BPub!R368/1000000 -> 0 | Z381: =+BPub!V368/1000000 -> 0 | AA381: =+BPub!AC368/1000000 -> 0 | AB381: 0 | AD381: 0 | AE381: 0 | AF381: 0 | AG381: 0 | AH381: 0 | AI381: 0
A382: 1501 Dentro del plazo | B382: 0 | C382: 0 | D382: 0 | E382: 0 | F382: 0 | G382: 0 | I382: =+BPub!G369/1000000 -> 0 | J382: =+BPub!L369/1000000 -> 0 | K382: =+BPub!Q369/1000000 -> 0 | L382: =+BPub!W369/1000000 -> 0 | M382: =+BPub!AD369/1000000 -> 0 | N382: 0 | P382: =+BPub!I369/1000000 -> 0 | Q382: =+BPub!N369/1000000 -> 0 | R382: =+BPub!S369/1000000 -> 0 | S382: =+BPub!X369/1000000 -> 0 | T382: =+BPub!AB369/1000000 -> 0 | U382: 0 | W382: =+BPub!H369/1000000 -> 0 | X382: =+BPub!M369/1000000 -> 0 | Y382: =+BPub!R369/1000000 -> 0 | Z382: =+BPub!V369/1000000 -> 0 | AA382: =+BPub!AC369/1000000 -> 0 | AB382: 0 | AD382: 0 | AE382: 0 | AF382: 0 | AG382: 0 | AH382: 0 | AI382: 0
A383: 1502 Después del plazo | B383: 0 | C383: 0 | D383: 0 | E383: 0 | F383: 0 | G383: 0 | I383: =+BPub!G370/1000000 -> 0 | J383: =+BPub!L370/1000000 -> 0 | K383: =+BPub!Q370/1000000 -> 0 | L383: =+BPub!W370/1000000 -> 0 | M383: =+BPub!AD370/1000000 -> 0 | N383: 0 | P383: =+BPub!I370/1000000 -> 0 | Q383: =+BPub!N370/1000000 -> 0 | R383: =+BPub!S370/1000000 -> 0 | S383: =+BPub!X370/1000000 -> 0 | T383: =+BPub!AB370/1000000 -> 0 | U383: 0 | W383: =+BPub!H370/1000000 -> 0 | X383: =+BPub!M370/1000000 -> 0 | Y383: =+BPub!R370/1000000 -> 0 | Z383: =+BPub!V370/1000000 -> 0 | AA383: =+BPub!AC370/1000000 -> 0 | AB383: 0 | AD383: 0 | AE383: 0 | AF383: 0 | AG383: 0 | AH383: 0 | AI383: 0
A384: 16 CUENTAS POR COBRAR | B384: 21.863396 | C384: 64.325842 | D384: 94.632555 | E384: 84.641099 | F384: 199.17198 | G384: 121.80983 | I384: =+BPub!G371/1000000 -> 21.14678 | J384: =+BPub!L371/1000000 -> 1.3181767 | K384: =+BPub!Q371/1000000 -> 2.7408399 | L384: =+BPub!W371/1000000 -> 3.3991955 | M384: =+BPub!AD371/1000000 -> 2.7770406 | N384: 2.2193742 | P384: =+BPub!I371/1000000 -> 50.27781 | Q384: =+BPub!N371/1000000 -> 92.183089 | R384: =+BPub!S371/1000000 -> 85.81878 | S384: =+BPub!X371/1000000 -> 71.533856 | T384: =+BPub!AB371/1000000 -> 95.132408 | U384: 228.04438 | W384: =+BPub!H371/1000000 -> 3.6456467 | X384: =+BPub!M371/1000000 -> 3.9409439 | Y384: =+BPub!R371/1000000 -> 21.183263 | Z384: =+BPub!V371/1000000 -> 117.10512 | AA384: =+BPub!AC371/1000000 -> 80.694289 | AB384: 115.71494 | AD384: 0.025265 | AE384: 0.217475 | AF384: 0.478177 | AG384: 0.755545 | AH384: 1.01771 | AI384: 1.2878946
A385: 1601 Intereses por cobrar de operaciones interbancarias | B385: 0 | C385: 0 | D385: 0 | E385: 0 | F385: 0 | G385: 0 | I385: =+BPub!G372/1000000 -> 0 | J385: =+BPub!L372/1000000 -> 0 | K385: =+BPub!Q372/1000000 -> 0 | L385: =+BPub!W372/1000000 -> 0 | M385: =+BPub!AD372/1000000 -> 0 | N385: 0 | P385: =+BPub!I372/1000000 -> 0 | Q385: =+BPub!N372/1000000 -> 0 | R385: =+BPub!S372/1000000 -> 0 | S385: =+BPub!X372/1000000 -> 0 | T385: =+BPub!AB372/1000000 -> 0 | U385: 0 | W385: =+BPub!H372/1000000 -> 0 | X385: =+BPub!M372/1000000 -> 0 | Y385: =+BPub!R372/1000000 -> 0 | Z385: =+BPub!V372/1000000 -> 0 | AA385: =+BPub!AC372/1000000 -> 0 | AB385: 0 | AD385: 0 | AE385: 0 | AF385: 0 | AG385: 0 | AH385: 0 | AI385: 0
A386: 160105 Interbancarios vendidos | B386: 0 | C386: 0 | D386: 0 | E386: 0 | F386: 0 | G386: 0 | I386: =+BPub!G373/1000000 -> 0 | J386: =+BPub!L373/1000000 -> 0 | K386: =+BPub!Q373/1000000 -> 0 | L386: =+BPub!W373/1000000 -> 0 | M386: =+BPub!AD373/1000000 -> 0 | N386: 0 | P386: =+BPub!I373/1000000 -> 0 | Q386: =+BPub!N373/1000000 -> 0 | R386: =+BPub!S373/1000000 -> 0 | S386: =+BPub!X373/1000000 -> 0 | T386: =+BPub!AB373/1000000 -> 0 | U386: 0 | W386: =+BPub!H373/1000000 -> 0 | X386: =+BPub!M373/1000000 -> 0 | Y386: =+BPub!R373/1000000 -> 0 | Z386: =+BPub!V373/1000000 -> 0 | AA386: =+BPub!AC373/1000000 -> 0 | AB386: 0 | AD386: 0 | AE386: 0 | AF386: 0 | AG386: 0 | AH386: 0 | AI386: 0
A387: 160110 Operaciones de reporto con instituciones financieras | B387: 0 | C387: 0 | D387: 0 | E387: 0 | F387: 0 | G387: 0 | I387: =+BPub!G374/1000000 -> 0 | J387: =+BPub!L374/1000000 -> 0 | K387: =+BPub!Q374/1000000 -> 0 | L387: =+BPub!W374/1000000 -> 0 | M387: =+BPub!AD374/1000000 -> 0 | N387: 0 | P387: =+BPub!I374/1000000 -> 0 | Q387: =+BPub!N374/1000000 -> 0 | R387: =+BPub!S374/1000000 -> 0 | S387: =+BPub!X374/1000000 -> 0 | T387: =+BPub!AB374/1000000 -> 0 | U387: 0 | W387: =+BPub!H374/1000000 -> 0 | X387: =+BPub!M374/1000000 -> 0 | Y387: =+BPub!R374/1000000 -> 0 | Z387: =+BPub!V374/1000000 -> 0 | AA387: =+BPub!AC374/1000000 -> 0 | AB387: 0 | AD387: 0 | AE387: 0 | AF387: 0 | AG387: 0 | AH387: 0 | AI387: 0
A388: 1602 Intereses por cobrar de inversiones | B388: 0.25007065 | C388: 0.16031668 | D388: 0.09430945 | E388: 0.17548641 | F388: 2.2636918 | G388: 1.7260188 | I388: =+BPub!G375/1000000 -> 0.08445185 | J388: =+BPub!L375/1000000 -> 0.17980799 | K388: =+BPub!Q375/1000000 -> 0.46217655 | L388: =+BPub!W375/1000000 -> 0.33056023 | M388: =+BPub!AD375/1000000 -> 0.28970163 | N388: 0.30059316 | P388: =+BPub!I375/1000000 -> 4.3022953 | Q388: =+BPub!N375/1000000 -> 3.16475 | R388: =+BPub!S375/1000000 -> 1.7072779 | S388: =+BPub!X375/1000000 -> 1.5432963 | T388: =+BPub!AB375/1000000 -> 6.0816478 | U388: 8.4349438 | W388: =+BPub!H375/1000000 -> 0.00237933 | X388: =+BPub!M375/1000000 -> 0.00066214 | Y388: =+BPub!R375/1000000 -> 0.01944441 | Z388: =+BPub!V375/1000000 -> 0.03664583 | AA388: =+BPub!AC375/1000000 -> 2.7628542 | AB388: 2.7628542 | AD388: 0 | AE388: 0 | AF388: 0 | AG388: 0 | AH388: 0 | AI388: 0
A389: 160205 Para negociar | B389: 0.20002553 | C389: 0.13393494 | D389: 0.08772368 | E389: 0.17118449 | F389: 2.2636918 | G389: 0 | I389: =+BPub!G376/1000000 -> 0 | J389: =+BPub!L376/1000000 -> 0 | K389: =+BPub!Q376/1000000 -> 0 | L389: =+BPub!W376/1000000 -> 0 | M389: =+BPub!AD376/1000000 -> 0 | N389: 0 | P389: =+BPub!I376/1000000 -> 0.03969252 | Q389: =+BPub!N376/1000000 -> 0.00681541 | R389: =+BPub!S376/1000000 -> 0.00573158 | S389: =+BPub!X376/1000000 -> 0.01195458 | T389: =+BPub!AB376/1000000 -> 0 | U389: 0 | W389: =+BPub!H376/1000000 -> 0 | X389: =+BPub!M376/1000000 -> 0 | Y389: =+BPub!R376/1000000 -> 0 | Z389: =+BPub!V376/1000000 -> 0 | AA389: =+BPub!AC376/1000000 -> 0 | AB389: 0 | AD389: 0 | AE389: 0 | AF389: 0 | AG389: 0 | AH389: 0 | AI389: 0
... A398: 160325 Cartera de credito educativo | B398: 0 | C398: 0 | D398: 0 | E398: 0 | F398: 0 | G398: 0 | I398: =+BPub!G385/1000000 -> 0 | J398: =+BPub!L385/1000000 -> 0 | K398: =+BPub!Q385/1000000 -> 0 | L398: =+BPub!W385/1000000 -> 0 | M398: =+BPub!AD385/1000000 -> 0 | N398: 0 | P398: =+BPub!I385/1000000 -> 0 | Q398: =+BPub!N385/1000000 -> 0 | R398: =+BPub!S385/1000000 -> 0 | S398: =+BPub!X385/1000000 -> 0 | T398: =+BPub!AB385/1000000 -> 0 | U398: 0 | W398: =+BPub!H385/1000000 -> 0 | X398: =+BPub!M385/1000000 -> 0 | Y398: =+BPub!R385/1000000 -> 0 | Z398: =+BPub!V385/1000000 -> 0 | AA398: =+BPub!AC385/1000000 -> 0 | AB398: 0 | AD398: 0 | AE398: 0 | AF398: 0 | AG398: 0 | AH398: 0 | AI398: 0.18715054
...

Sheet Fondeo
B3: BNF | H3: CFN | N3: BEDE | T3: BEV
B4: 2008 | C4: 2009 | D4: 2010 | E4: 2011 | F4: 2012 | H4: 2008 | I4: 2009 | J4: 2010 | K4: 2011 | L4: 2012 | N4: 2008 | O4: 2009 | P4: 2010 | Q4: 2011 | R4: 2012 | T4: 2008 | U4: 2009 | V4: 2010 | W4: 2011 | X4: 2012
A5: =+Sistema!A557 -> 2 PASIVOS | B5: =+Sistema!B557 -> 458.5684 | C5: =+Sistema!C557 -> 701.28739 | D5: =+Sistema!D557 -> 881.49597 | E5: =+Sistema!E557 -> 929.397 | F5: =+Sistema!F557 -> 1376.8553 | H5: =+Sistema!P557 -> 218.47061 | I5: =+Sistema!Q557 -> 827.36787 | J5: =+Sistema!R557 -> 894.2678 | K5: =+Sistema!S557 -> 1032.6148 | L5: =+Sistema!T557 -> 1693.1661 | N5: =+Sistema!W557 -> 348.52305 | O5: =+Sistema!X557 -> 575.99453 | P5: =+Sistema!Y557 -> 791.1486 | Q5: =+Sistema!Z557 -> 827.6862 | R5: =+Sistema!AA557 -> 1235.062 | T5: =+Sistema!I557 -> 65.678748 | U5: =+Sistema!J557 -> 122.35656 | V5: =+Sistema!K557 -> 219.6865 | W5: =+Sistema!L557 -> 213.08049 | X5: =+Sistema!M557 -> 194.89403
A6: =+Sistema!A558 -> 21 OBLIGACIONES CON EL PUBLICO | B6: =+Sistema!B558 -> 362.07742 | C6: =+Sistema!C558 -> 621.02798 | D6: =+Sistema!D558 -> 774.09848 | E6: =+Sistema!E558 -> 852.96324 | F6: =+Sistema!F558 -> 1248.1441 | H6: =+Sistema!P558 -> 115.18814 | I6: =+Sistema!Q558 -> 680.91135 | J6: =+Sistema!R558 -> 707.86662 | K6: =+Sistema!S558 -> 908.4614 | L6: =+Sistema!T558 -> 1532.7481 | N6: =+Sistema!W558 -> 44.25211 | O6: =+Sistema!X558 -> 246.63354 | P6: =+Sistema!Y558 -> 407.9693 | Q6: =+Sistema!Z558 -> 324.22844 | R6: =+Sistema!AA558 -> 680.06348 | T6: =+Sistema!I558 -> 54.200637 | U6: =+Sistema!J558 -> 110.36125 | V6: =+Sistema!K558 -> 177.98562 | W6: =+Sistema!L558 -> 197.64015 | X6: =+Sistema!M558 -> 172.64822
A7: =+Sistema!A559 -> 2101 Depósitos a la vista | B7: =+Sistema!B559 -> 328.58438 | C7: =+Sistema!C559 -> 363.67017 | D7: =+Sistema!D559 -> 462.79634 | E7: =+Sistema!E559 -> 593.41152 | F7: =+Sistema!F559 -> 755.95786 | H7: =+Sistema!P559 -> 0 | I7: =+Sistema!Q559 -> 0 | J7: =+Sistema!R559 -> 0 | K7: =+Sistema!S559 -> 0 | L7: =+Sistema!T559 -> 0 | N7: =+Sistema!W559 -> 0 | O7: =+Sistema!X559 -> 0 | P7: =+Sistema!Y559 -> 0 | Q7: =+Sistema!Z559 -> 0 | R7: =+Sistema!AA559 -> 0 | T7: =+Sistema!I559 -> 16.142497 | U7: =+Sistema!J559 -> 16.384081 | V7: =+Sistema!K559 -> 34.20816 | W7: =+Sistema!L559 -> 32.863942 | X7: =+Sistema!M559 -> 20.235911
A8: =+Sistema!A560 -> 210105 Depósitos monetarios que generan intereses | B8: =+Sistema!B560 -> 35.787885 | C8: =+Sistema!C560 -> 34.790528 | D8: =+Sistema!D560 -> 60.099744 | E8: =+Sistema!E560 -> 103.15536 | F8: =+Sistema!F560 -> 196.18137 | H8: =+Sistema!P560 -> 0 | I8: =+Sistema!Q560 -> 0 | J8: =+Sistema!R560 -> 0 | K8: =+Sistema!S560 -> 0 | L8: =+Sistema!T560 -> 0 | N8: =+Sistema!W560 -> 0 | O8: =+Sistema!X560 -> 0 | P8: =+Sistema!Y560 -> 0 | Q8: =+Sistema!Z560 -> 0 | R8: =+Sistema!AA560 -> 0 | T8: =+Sistema!I560 -> 0 | U8: =+Sistema!J560 -> 0 | V8: =+Sistema!K560 -> 0 | W8: =+Sistema!L560 -> 0 | X8: =+Sistema!M560 -> 0
A9: =+Sistema!A561 -> 210110 Depósitos monetarios que no generan intereses | B9: =+Sistema!B561 -> 24.08234 | C9: =+Sistema!C561 -> 24.990282 | D9: =+Sistema!D561 -> 34.003003 | E9: =+Sistema!E561 -> 49.979683 | F9: =+Sistema!F561 -> 39.024038 | H9: =+Sistema!ADC61 -> 0 | I9: =+Sistema!ADD61 -> 0 | J9: =+Sistema!ADE61 -> 0 | K9: =+Sistema!ADF61 -> 0 | L9: =+Sistema!ADG61 -> 0 | N9: =+Sistema!ADJ61 -> 0 | O9: =+Sistema!ADK61 -> 0 | P9: =+Sistema!ADL61 -> 0 | Q9: =+Sistema!ADM61 -> 0 | R9: =+Sistema!ADN61 -> 0 | T9: =+Sistema!I61 -> 0 | U9: =+Sistema!J61 -> 0 | V9: =+Sistema!K61 -> 0 | W9: =+Sistema!L61 -> 0 | X9: =+Sistema!M61 -> 0
A10: =+Sistema!A562 -> 210115 Depósitos monetarios de instituciones financieras | B10: =+Sistema!B562 -> 8.1744774 | C10: =+Sistema!C562 -> 7.484839 | D10: =+Sistema!D562 -> 7.9584289 | E10: =+Sistema!E562 -> 8.075563 | F10: =+Sistema!F562 -> 5.5765627 | H10: =+Sistema!P562 -> 0 | I10: =+Sistema!Q562 -> 0 | J10: =+Sistema!R562 -> 0 | K10: =+Sistema!S562 -> 0 | L10: =+Sistema!T562 -> 0 | N10: =+Sistema!W562 -> 0 | O10: =+Sistema!X562 -> 0 | P10: =+Sistema!Y562 -> 0 | Q10: =+Sistema!Z562 -> 0 | R10: =+Sistema!AA562 -> 0 | T10: =+Sistema!I562 -> 0 | U10: =+Sistema!J562 -> 0 | V10: =+Sistema!K562 -> 0 | W10: =+Sistema!L562 -> 0 | X10: =+Sistema!M562 -> 0
A11: =+Sistema!A563 -> 210120 Ejecución presupuestaria | B11: =+Sistema!B563 -> 1.9365551 | C11: =+Sistema!C563 -> 7.0807031 | D11: =+Sistema!D563 -> 1.0566506 | E11: =+Sistema!E563 -> 0 | F11: =+Sistema!F563 -> 0 | H11: =+Sistema!P563 -> 0 | I11: =+Sistema!Q563 -> 0 | J11: =+Sistema!R563 -> 0 | K11: =+Sistema!S563 -> 0 | L11: =+Sistema!T563 -> 0 | N11: =+Sistema!W563 -> 0 | O11: =+Sistema!X563 -> 0 | P11: =+Sistema!Y563 -> 0 | Q11: =+Sistema!Z563 -> 0 | R11: =+Sistema!AA563 -> 0 | T11: =+Sistema!I563 -> 0 | U11: =+Sistema!J563 -> 0 | V11: =+Sistema!K563 -> 0 | W11: =+Sistema!L563 -> 0 | X11: =+Sistema!M563 -> 0
A12: =+Sistema!A564 -> 210125 Depósitos de otras instituciones para encaje | B12: =+Sistema!B564 -> 2.1695661 | C12: =+Sistema!C564 -> 8.6932789 | D12: =+Sistema!D564 -> 3.6421311 | E12: =+Sistema!E564 -> 2.1578613 | F12: =+Sistema!F564 -> 0.83317367 | H12: =+Sistema!P564 -> 0 | I12: =+Sistema!Q564 -> 0 | J12: =+Sistema!R564 -> 0 | K12: =+Sistema!S564 -> 0 | L12: =+Sistema!T564 -> 0 | N12: =+Sistema!W564 -> 0 | O12: =+Sistema!X564 -> 0 | P12: =+Sistema!Y564 -> 0 | Q12: =+Sistema!Z564 -> 0 | R12: =+Sistema!AA564 -> 0 | T12: =+Sistema!I564 -> 0 | U12: =+Sistema!J564 -> 0 | V12: =+Sistema!K564 -> 0 | W12: =+Sistema!L564 -> 0 | X12: =+Sistema!M564 -> 0
A13: =+Sistema!A565 -> 210130 Cheques certificados | B13: =+Sistema!B565 -> 0.76370779 | C13: =+Sistema!C565 -> 0.64378806 | D13: =+Sistema!D565 -> 0.45102064 | E13: =+Sistema!E565 -> 0.40083239 | F13: =+Sistema!F565 -> 0.75405389 | H13: =+Sistema!P565 -> 0 | I13: =+Sistema!Q565 -> 0 | J13: =+Sistema!R565 -> 0 | K13: =+Sistema!S565 -> 0 | L13: =+Sistema!T565 -> 0 | N13: =+Sistema!W565 -> 0 | O13: =+Sistema!X565 -> 0 | P13: =+Sistema!Y565 -> 0 | Q13: =+Sistema!Z565 -> 0 | R13: =+Sistema!AA565 -> 0 | T13: =+Sistema!I565 -> 0 | U13: =+Sistema!J565 -> 0 | V13: =+Sistema!K565 -> 0 | W13: =+Sistema!L565 -> 0 | X13: =+Sistema!M565 -> 0
A14: =+Sistema!A566 -> 210135 Depósitos de ahorro | B14: =+Sistema!B566 -> 180.21908 | C14: =+Sistema!C566 -> 207.94534 | D14: =+Sistema!D566 -> 266.04679 | E14: =+Sistema!E566 -> 311.75748 | F14: =+Sistema!F566 -> 375.12825 | H14: =+Sistema!P566 -> 0 | I14: =+Sistema!Q566 -> 0 | J14: =+Sistema!R566 -> 0 | K14: =+Sistema!S566 -> 0 | L14: =+Sistema!T566 -> 0 | N14: =+Sistema!W566 -> 0 | O14: =+Sistema!X566 -> 0 | P14: =+Sistema!Y566 -> 0 | Q14: =+Sistema!Z566 -> 0 | R14: =+Sistema!AA566 -> 0 | T14: =+Sistema!I566 -> 16.12425 | U14: =+Sistema!J566 -> 16.357423 | V14: =+Sistema!K566 -> 34.190017 | W14: =+Sistema!L566 -> 32.852261 | X14: =+Sistema!M566 -> 20.229326
A15: =+Sistema!A567 -> 210140 Otros depósitos | B15: =+Sistema!B567 -> 72.542418 | C15: =+Sistema!C567 -> 70.625568 | D15: =+Sistema!D567 -> 86.262902 | E15: =+Sistema!E567 -> 116.09435 | F15: =+Sistema!F567 -> 132.80264 | H15: =+Sistema!P567 -> 0 | I15: =+Sistema!Q567 -> 0 | J15: =+Sistema!R567 -> 0 | K15: =+Sistema!S567 -> 0 | L15: =+Sistema!T567 -> 0 | N15: =+Sistema!W567 -> 0 | O15: =+Sistema!X567 -> 0 | P15: =+Sistema!Y567 -> 0 | Q15: =+Sistema!Z567 -> 0 | R15: =+Sistema!AA567 -> 0 | T15: =+Sistema!I567 -> 0 | U15: =+Sistema!J567 -> 0 | V15: =+Sistema!K567 -> 0 | W15: =+Sistema!L567 -> 0 | X15: =+Sistema!M567 -> 0
A16: =+Sistema!A568 -> 210145 Fondos de tarjetahabientes | B16: =+Sistema!B568 -> 0 | C16: =+Sistema!C568 -> 0 | D16: =+Sistema!D568 -> 0 | E16: =+Sistema!E568 -> 0 | F16: =+Sistema!F568 -> 0 | H16: =+Sistema!P568 -> 0 | I16: =+Sistema!Q568 -> 0 | J16: =+Sistema!R568 -> 0 | K16: =+Sistema!S568 -> 0 | L16: =+Sistema!T568 -> 0 | N16: =+Sistema!W568 -> 0 | O16: =+Sistema!X568 -> 0 | P16: =+Sistema!Y568 -> 0 | Q16: =+Sistema!Z568 -> 0 | R16: =+Sistema!AA568 -> 0 | T16: =+Sistema!I568 -> 0 | U16: =+Sistema!J568 -> 0 | V16: =+Sistema!K568 -> 0 | W16: =+Sistema!L568 -> 0 | X16: =+Sistema!M568 -> 0
A17: =+Sistema!A569 -> 210150 Depósitos por confirmar | B17: =+Sistema!B569 -> 2.9083554 | C17: =+Sistema!C569 -> 1.4158454 | D17: =+Sistema!D569 -> 3.2756748 | E17: =+Sistema!E569 -> 1.790391 | F17: =+Sistema!F569 -> 5.6577781 | H17: =+Sistema!P569 -> 0 | I17: =+Sistema!Q569 -> 0 | J17: =+Sistema!R569 -> 0 | K17: =+Sistema!S569 -> 0 | L17: =+Sistema!T569 -> 0 | N17: =+Sistema!W569 -> 0 | O17: =+Sistema!X569 -> 0 | P17: =+Sistema!Y569 -> 0 | Q17: =+Sistema!Z569 -> 0 | R17: =+Sistema!AA569 -> 0 | T17: =+Sistema!I569 -> 0.01824657 | U17: =+Sistema!J569 -> 0.02665723 | V17: =+Sistema!K569 -> 0.01814315 | W17: =+Sistema!L569 -> 0.01168041 | X17: =+Sistema!M569 -> 0.0065851
A18: =+Sistema!A570 -> 210155 Depósitos de cuenta basica | B18: =+Sistema!B570 -> 0 | C18: =+Sistema!C570 -> 0 | D18: =+Sistema!D570 -> 0 | E18: =+Sistema!E570 -> 0 | F18: =+Sistema!F570 -> 0 | H18: =+Sistema!P570 -> 0 | I18: =+Sistema!Q570 -> 0 | J18: =+Sistema!R570 -> 0 | K18: =+Sistema!S570 -> 0 | L18: =+Sistema!T570 -> 0 | N18: =+Sistema!W570 -> 0 | O18: =+Sistema!X570 -> 0 | P18: =+Sistema!Y570 -> 0 | Q18: =+Sistema!Z570 -> 0 | R18: =+Sistema!AA570 -> 0 | T18: =+Sistema!I570 -> 0 | U18: =+Sistema!J570 -> 0 | V18: =+Sistema!K570 -> 0 | W18: =+Sistema!L570 -> 0 | X18: =+Sistema!M570 -> 0
A19: =+Sistema!A571 -> 2102 Operaciones de reporto | B19: =+Sistema!B571 -> 0 | C19: =+Sistema!C571 -> 0 | D19: =+Sistema!D571 -> 0 | E19: =+Sistema!E571 -> 0 | F19: =+Sistema!F571 -> 0 | H19: =+Sistema!P571 -> 15.188141 | I19: =+Sistema!Q571 -> 0 | J19: =+Sistema!R571 -> 0.4 | K19: =+Sistema!S571 -> 0.43 | L19: =+Sistema!T571 -> 0.654 | N19: =+Sistema!W571 -> 0 | O19: =+Sistema!X571 -> 0 | P19: =+Sistema!Y571 -> 0 | Q19: =+Sistema!Z571 -> 0 | R19: =+Sistema!AA571 -> 0 | T19: =+Sistema!I571 -> 0 | U19: =+Sistema!J571 -> 0 | V19: =+Sistema!K571 -> 0 | W19: =+Sistema!L571 -> 0 | X19: =+Sistema!M571 -> 0
A20: =+Sistema!A575 -> 2103 Depósitos a plazo | B20: =+Sistema!B575 -> 32.952588 | C20: =+Sistema!C575 -> 256.5331 | D20: =+Sistema!D575 -> 310.28438 | E20: =+Sistema!E575 -> 258.40628 | F20: =+Sistema!F575 -> 490.89729 | H20: =+Sistema!P575 -> 100 | I20: =+Sistema!Q575 -> 680.91135 | J20: =+Sistema!R575 -> 707.46662 | K20: =+Sistema!S575 -> 908.0314 | L20: =+Sistema!T575 -> 1532.0941 | N20: =+Sistema!W575 -> 44.25211 | O20: =+Sistema!X575 -> 246.63354 | P20: =+Sistema!Y575 -> 407.9693 | Q20: =+Sistema!Z575 -> 324.22844 | R20: =+Sistema!AA575 -> 680.06348 | T20: =+Sistema!I575 -> 0 | U20: =+Sistema!J575 -> 50 | V20: =+Sistema!K575 -> 100 | W20: =+Sistema!L575 -> 125 | X20: =+Sistema!M575 -> 125
A21: =+Sistema!A582 -> 2104 Depósitos de garantía | B21: =+Sistema!B582 -> 0.54044882 | C21: =+Sistema!C582 -> 0.82470919 | D21: =+Sistema!D582 -> 1.0177538 | E21: =+Sistema!E582 -> 1.1454315 | F21: =+Sistema!F582 -> 1.2889307 | H21: =+Sistema!P582 -> 0 | I21: =+Sistema!Q582 -> 0 | J21: =+Sistema!R582 -> 0 | K21: =+Sistema!S582 -> 0 | L21: =+Sistema!T582 -> 0 | N21: =+Sistema!W582 -> 0 | O21: =+Sistema!X582 -> 0 | P21: =+Sistema!Y582 -> 0 | Q21: =+Sistema!Z582 -> 0 | R21: =+Sistema!AA582 -> 0 | T21: =+Sistema!I582 -> 38.058141 | U21: =+Sistema!J582 -> 43.977167 | V21: =+Sistema!K582 -> 43.77746 | W21: =+Sistema!L582 -> 39.776208 | X21: =+Sistema!M582 -> 27.412308
A22: =+Sistema!A583 -> 2105 Depósitos restringidos | B22: =+Sistema!B583 -> 0 | C22: =+Sistema!C583 -> 0 | D22: =+Sistema!D583 -> 0 | E22: =+Sistema!E583 -> 0 | F22: =+Sistema!F583 -> 0 | H22: =+Sistema!P583 -> 0 | I22: =+Sistema!Q583 -> 0 | J22: =+Sistema!R583 -> 0 | K22: =+Sistema!S583 -> 0 | L22: =+Sistema!T583 -> 0 | N22: =+Sistema!W583 -> 0 | O22: =+Sistema!X583 -> 0 | P22: =+Sistema!Y583 -> 0 | Q22: =+Sistema!Z583 -> 0 | R22: =+Sistema!AA583 -> 0 | T22: =+Sistema!I583 -> 0 | U22: =+Sistema!J583 -> 0 | V22: =+Sistema!K583 -> 0 | W22: =+Sistema!L583 -> 0 | X22: =+Sistema!M583 -> 0
A23: =+Sistema!A584 -> 22 OPERACIONES INTERBANCARIAS | B23: =+Sistema!B584 -> 0 | C23: =+Sistema!C584 -> 0 | D23: =+Sistema!D584 -> 0 | E23: =+Sistema!E584 -> 0 | F23: =+Sistema!F584 -> 0 | H23: =+Sistema!P584 -> 0 | I23: =+Sistema!Q584 -> 0 | J23: =+Sistema!R584 -> 0 | K23: =+Sistema!S584 -> 0 | L23: =+Sistema!T584 -> 0 | N23: =+Sistema!W584 -> 0 | O23: =+Sistema!X584 -> 0 | P23: =+Sistema!Y584 -> 0 | Q23: =+Sistema!Z584 -> 0 | R23: =+Sistema!AA584 -> 0 | T23: =+Sistema!I584 -> 0 | U23: =+Sistema!J584 -> 0 | V23: =+Sistema!K584 -> 0 | W23: =+Sistema!L584 -> 0 | X23: =+Sistema!M584 -> 0
A24: =+Sistema!A593 -> 23 OBLIGACIONES INMEDIATAS | B24: =+Sistema!B593 -> 22.242263 | C24: =+Sistema!C593 -> 11.6998 | D24: =+Sistema!D593 -> 12.32875 | E24: =+Sistema!E593 -> 9.9746294 | F24: =+Sistema!F593 -> 18.091583 | H24: =+Sistema!P593 -> 0.0091771 | I24: =+Sistema!Q593 -> 0 | J24: =+Sistema!R593 -> 0 | K24: =+Sistema!S593 -> 0 | L24: =+Sistema!T593 -> 0 | N24: =+Sistema!W593 -> 0 | O24: =+Sistema!X593 -> 0 | P24: =+Sistema!Y593 -> 0 | Q24: =+Sistema!Z593 -> 0 | R24: =+Sistema!AA593 -> 0 | T24: =+Sistema!I593 -> 0 | U24: =+Sistema!J593 -> 0 | V24: =+Sistema!K593 -> 0 | W24: =+Sistema!L593 -> 0 | X24: =+Sistema!M593 -> 0
A25: =+Sistema!A603 -> 24 ACEPTACIONES EN CIRCULACION | B25: =+Sistema!B603 -> 0 | C25: =+Sistema!C603 -> 0 | D25: =+Sistema!D603 -> 0 | E25: =+Sistema!E603 -> 0 | F25: =+Sistema!F603 -> 0 | H25: =+Sistema!P603 -> 0 | I25: =+Sistema!Q603 -> 0 | J25: =+Sistema!R603 -> 0 | K25: =+Sistema!S603 -> 0 | L25: =+Sistema!T603 -> 0 | N25: =+Sistema!W603 -> 0 | O25: =+Sistema!X603 -> 0 | P25: =+Sistema!Y603 -> 0 | Q25: =+Sistema!Z603 -> 0 | R25: =+Sistema!AA603 -> 0 | T25: =+Sistema!I603 -> 0 | U25: =+Sistema!J603 -> 0 | V25: =+Sistema!K603 -> 0 | W25: =+Sistema!L603 -> 0 | X25: =+Sistema!M603 -> 0
A26: =+Sistema!A606 -> 25 CUENTAS POR PAGAR | B26: =+Sistema!B606 -> 32.888808 | C26: =+Sistema!C606 -> 19.369907 | D26: =+Sistema!D606 -> 36.835734 | E26: =+Sistema!E606 -> 36.019294 | F26: =+Sistema!F606 -> 42.293653 | H26: =+Sistema!P606 -> 22.450937 | I26: =+Sistema!Q606 -> 46.429077 | J26: =+Sistema!R606 -> 52.215316 | K26: =+Sistema!S606 -> 51.422438 | L26: =+Sistema!T606 -> 58.655628 | N26: =+Sistema!W606 -> 101.51431 | O26: =+Sistema!X606 -> 135.02101 | P26: =+Sistema!Y606 -> 156.84704 | Q26: =+Sistema!Z606 -> 181.83308 | R26: =+Sistema!AA606 -> 181.73659 | T26: =+Sistema!I606 -> 8.6187186 | U26: =+Sistema!J606 -> 9.4391102 | V26: =+Sistema!K606 -> 8.3999956 | W26: =+Sistema!L606 -> 8.6875956 | X26: =+Sistema!M606 -> 8.6659985
A27: =+Sistema!A644 -> 26 OBLIGACIONES FINANCIERAS | B27: =+Sistema!B644 -> 1.2458451 | C27: =+Sistema!C644 -> 0.93494819 | D27: =+Sistema!D644 -> 0.63488786 | E27: =+Sistema!E644 -> 0.3801893 | F27: =+Sistema!F644 -> 0.20843233 | H27: =+Sistema!P644 -> 73.015254 | I27: =+Sistema!Q644 -> 78.235575 | J27: =+Sistema!R644 -> 132.11359 | K27: =+Sistema!S644 -> 68.420504 | L27: =+Sistema!T644 -> 100.0103 | N27: =+Sistema!W644 -> 11.225812 | O27: =+Sistema!X644 -> 12.777499 | P27: =+Sistema!Y644 -> 14.701895 | Q27: =+Sistema!Z644 -> 14.995807 | R27: =+Sistema!AA644 -> 13.660862 | T27: =+Sistema!I644 -> 1.5665256 | U27: =+Sistema!J644 -> 1.2969397 | V27: =+Sistema!K644 -> 1.1636091 | W27: =+Sistema!L644 -> 1.0302786 | X27: =+Sistema!M644 -> 0.91775853
A28: =+Sistema!A703 -> 27 VALORES EN CIRCULACION | B28: =+Sistema!B703 -> 0 | C28: =+Sistema!C703 -> 0 | D28: =+Sistema!D703 -> 0 | E28: =+Sistema!E703 -> 0 | F28: =+Sistema!F703 -> 0 | H28: =+Sistema!P703 -> 0.51424173 | I28: =+Sistema!Q703 -> 0.51424173 | J28: =+Sistema!R703 -> 0.51424173 | K28: =+Sistema!S703 -> 0.51424173 | L28: =+Sistema!T703 -> 0 | N28: =+Sistema!W703 -> 0 | O28: =+Sistema!X703 -> 0 | P28: =+Sistema!Y703 -> 0 | Q28: =+Sistema!Z703 -> 0 | R28: =+Sistema!AA703 -> 0 | T28: =+Sistema!I703 -> 0 | U28: =+Sistema!J703 -> 0 | V28: =+Sistema!K703 -> 0 | W28: =+Sistema!L703 -> 0 | X28: =+Sistema!M703 -> 0
A29: =+Sistema!A714 -> 28 OBLIGACIONES CONVERTIBLES EN ACCIONES Y APORTES PARA FUTURA CAPITALIZACION | B29: =+Sistema!B714 -> 0 | C29: =+Sistema!C714 -> 0 | D29: =+Sistema!D714 -> 0 | E29: =+Sistema!E714 -> 0 | F29: =+Sistema!F714 -> 0 | H29: =+Sistema!P714 -> 0 | I29: =+Sistema!Q714 -> 0 | J29: =+Sistema!R714 -> 0 | K29: =+Sistema!S714 -> 0 | L29: =+Sistema!T714 -> 0 | N29: =+Sistema!W714 -> 0 | O29: =+Sistema!X714 -> 0 | P29: =+Sistema!Y714 -> 0 | Q29: =+Sistema!Z714 -> 0 | R29: =+Sistema!AA714 -> 0 | T29: =+Sistema!I714 -> 0 | U29: =+Sistema!J714 -> 0 | V29: =+Sistema!K714 -> 0 | W29: =+Sistema!L714 -> 0 | X29: =+Sistema!M714 -> 0
A30: =+Sistema!A722 -> 29 OTROS PASIVOS | B30: =+Sistema!B722 -> 40.114064 | C30: =+Sistema!C722 -> 48.254759 | D30: =+Sistema!D722 -> 57.598117 | E30: =+Sistema!E722 -> 30.059652 | F30: =+Sistema!F722 -> 68.11757 | H30: =+Sistema!P722 -> 7.2928593 | I30: =+Sistema!Q722 -> 21.277632 | J30: =+Sistema!R722 -> 1.5580351 | K30: =+Sistema!S722 -> 3.7961867 | L30: =+Sistema!T722 -> 1.7521139 | N30: =+Sistema!W722 -> 191.53081 | O30: =+Sistema!X722 -> 181.56248 | P30: =+Sistema!Y722 -> 211.63036 | Q30: =+Sistema!Z722 -> 306.62888 | R30: =+Sistema!AA722 -> 359.6011 | T30: =+Sistema!I722 -> 1.2928669 | U30: =+Sistema!J722 -> 1.2592646 | V30: =+Sistema!K722 -> 32.13728 | W30: =+Sistema!L722 -> 5.7224654 | X30: =+Sistema!M722 -> 12.662049
A33: Crecimiento
A34: 2101 Depósitos a la vista | C34: =+C7/B7-1 -> 0.10677862 | D34: =+D7/C7-1 -> 0.27257163 | E34: =+E7/D7-1 -> 0.28223037 | F34: =+F7/E7-1 -> 0.27391841 | U34: =+U7/T7-1 -> 0.01496571 | V34: =+V7/U7-1 -> 1.0878901 | W34: =+W7/V7-1 -> -0.039295245 | X34: =+X7/W7-1 -> -0.38425185
A35: 210105 Depósitos monetarios que generan intereses | C35: =+C8/B8-1 -> -0.027868576 | D35: =+D8/C8-1 -> 0.72747435 | E35: =+E8/D8-1 -> 0.71640264 | F35: =+F8/E8-1 -> 0.90180491 | U35: =+U8/T8-1 -> #DIV/0! | V35: =+V8/U8-1 -> #DIV/0! | W35: =+W8/V8-1 -> #DIV/0! | X35: =+X8/W8-1 -> #DIV/0!
A36: 210110 Depósitos monetarios que no generan intereses | C36: =+C9/B9-1 -> 0.037701557 | D36: =+D9/C9-1 -> 0.36064904 | E36: =+E9/D9-1 -> 0.46986086 | F36: =+F9/E9-1 -> -0.21920197 | U36: =+U9/T9-1 -> #DIV/0! | V36: =+V9/U9-1 -> #DIV/0! | W36: =+W9/V9-1 -> #DIV/0! | X36: =+X9/W9-1 -> #DIV/0!
A37: 210115 Depósitos monetarios de instituciones financieras | C37: =+C10/B10-1 -> -0.084364832 | D37: =+D10/C10-1 -> 0.063273234 | E37: =+E10/D10-1 -> 0.01471824 | F37: =+F10/E10-1 -> -0.30945215 | U37: =+U10/T10-1 -> #DIV/0! | V37: =+V10/U10-1 -> #DIV/0! | W37: =+W10/V10-1 -> #DIV/0! | X37: =+X10/W10-1 -> #DIV/0!
A38: 210120 Ejecución presupuestaria | C38: =+C11/B11-1 -> 2.6563396 | D38: =+D11/C11-1 -> -0.85077039 | E38: =+E11/D11-1 -> -1 | F38: =+F11/E11-1 -> #DIV/0! | U38: =+U11/T11-1 -> #DIV/0! | V38: =+V11/U11-1 -> #DIV/0! | W38: =+W11/V11-1 -> #DIV/0! | X38: =+X11/W11-1 -> #DIV/0!
A39: 210125 Depósitos de otras instituciones para encaje | C39: =+C12/B12-1 -> 3.0069205 | D39: =+D12/C12-1 -> -0.58104057 | E39: =+E12/D12-1 -> -0.40752785 | F39: =+F12/E12-1 -> -0.61388914 | U39: =+U12/T12-1 -> #DIV/0! | V39: =+V12/U12-1 -> #DIV/0! | W39: =+W12/V12-1 -> #DIV/0! | X39: =+X12/W12-1 -> #DIV/0!
A40: 210130 Cheques certificados | C40: =+C13/B13-1 -> -0.15702305 | D40: =+D13/C13-1 -> -0.29942683 | E40: =+E13/D13-1 -> -0.11127706 | F40: =+F13/E13-1 -> 0.88121995 | U40: =+U13/T13-1 -> #DIV/0! | V40: =+V13/U13-1 -> #DIV/0! | W40: =+W13/V13-1 -> #DIV/0! | X40: =+X13/W13-1 -> #DIV/0!
A41: 210135 Depósitos de ahorro | C41: =+C14/B14-1 -> 0.15384753 | D41: =+D14/C14-1 -> 0.27940731 | E41: =+E14/D14-1 -> 0.1718145 | F41: =+F14/E14-1 -> 0.20326943 | U41: =+U14/T14-1 -> 0.01446103 | V41: =+V14/U14-1 -> 1.0901835 | W41: =+W14/V14-1 -> -0.039127073 | X41: =+X14/W14-1 -> -0.38423337
A42: 210140 Otros depósitos | C42: =+C15/B15-1 -> -0.026423849 | D42: =+D15/C15-1 -> 0.22141181 | E42: =+E15/D15-1 -> 0.34582013 | F42: =+F15/E15-1 -> 0.14391992 | U42: =+U15/T15-1 -> #DIV/0! | V42: =+V15/U15-1 -> #DIV/0! | W42: =+W15/V15-1 -> #DIV/0! | X42: =+X15/W15-1 -> #DIV/0!
A43: 210145 Fondos de tarjetahabientes | C43: =+C16/B16-1 -> #DIV/0! | D43: =+D16/C16-1 -> #DIV/0! | E43: =+E16/D16-1 -> #DIV/0! | F43: =+F16/E16-1 -> #DIV/0! | U43: =+U16/T16-1 -> #DIV/0! | V43: =+V16/U16-1 -> #DIV/0! | W43: =+W16/V16-1 -> #DIV/0! | X43: =+X16/W16-1 -> #DIV/0!
A44: 210150 Depósitos por confirmar | C44: =+C17/B17-1 -> -0.51318007 | D44: =+D17/C17-1 -> 1.3135823 | E44: =+E17/D17-1 -> -0.45342835 | F44: =+F17/E17-1 -> 2.1600797 | U44: =+U17/T17-1 -> 0.46094471 | V44: =+V17/U17-1 -> -0.31939102 | W44: =+W17/V17-1 -> -0.35620827 | X44: =+X17/W17-1 -> -0.43622698
A45: 210155 Depósitos de cuenta basica | C45: =+C18/B18-1 -> #DIV/0! | D45: =+D18/C18-1 -> #DIV/0! | E45: =+E18/D18-1 -> #DIV/0! | F45: =+F18/E18-1 -> #DIV/0! | U45: =+U18/T18-1 -> #DIV/0! | V45: =+V18/U18-1 -> #DIV/0! | W45: =+W18/V18-1 -> #DIV/0! | X45: =+X18/W18-1 -> #DIV/0!
A47: Participación
A48: 2101 Depósitos a la vista | B48: =+B7/B$7 -> 1 | C48: =+C7/C$7 -> 1 | D48: =+D7/D$7 -> 1 | E48: =+E7/E$7 -> 1 | F48: =+F7/F$7 -> 1
A49: 210105 Depósitos monetarios que generan intereses | B49: =+B8/B$7 -> 0.10891536 | C49: =+C8/C$7 -> 0.095665057 | D49: =+D8/D$7 -> 0.12986218 | E49: =+E8/E$7 -> 0.17383444 | F49: =+F8/F$7 -> 0.25951363
A50: 210110 Depósitos monetarios que no generan intereses | B50: =+B9/B$7 -> 0.073291189 | C50: =+C9/C$7 -> 0.068716886 | D50: =+D9/D$7 -> 0.073472929 | E50: =+E9/E$7 -> 0.084224321 | F50: =+F9/F$7 -> 0.051621975
A51: 210115 Depósitos monetarios de instituciones financieras | B51: =+B10/B$7 -> 0.024877863 | C51: =+C10/C$7 -> 0.020581394 | D51: =+D10/D$7 -> 0.017196395 | E51: =+E10/E$7 -> 0.013608706 | F51: =+F10/F$7 -> 0.0073768168
A52: 210120 Ejecución presupuestaria | B52: =+B11/B$7 -> 0.0058936309 | C52: =+C11/C$7 -> 0.019470123 | D52: =+D11/D$7 -> 0.0022831869 | E52: =+E11/E$7 -> 0 | F52: =+F11/F$7 -> 0
A53: 210125 Depósitos de otras instituciones para encaje | B53: =+B12/B$7 -> 0.0066027668 | C53: =+C12/C$7 -> 0.023904294 | D53: =+D12/D$7 -> 0.0078698356 | E53: =+E12/E$7 -> 0.0036363657 | F53: =+F12/F$7 -> 0.001102143
A54: 210130 Cheques certificados | B54: =+B13/B$7 -> 0.0023242364 | C54: =+C13/C$7 -> 0.0017702526 | D54: =+D13/D$7 -> 0.00097455532 | E54: =+E13/E$7 -> 0.00067547119 | F54: =+F13/F$7 -> 0.00099748137
A55: 210135 Depósitos de ahorro | B55: =+B14/B$7 -> 0.54847123 | C55: =+C14/C$7 -> 0.57179652 | D55: =+D14/D$7 -> 0.57486796 | E55: =+E14/E$7 -> 0.52536473 | F55: =+F14/F$7 -> 0.49622904
A56: 210140 Otros depósitos | B56: =+B15/B$7 -> 0.22077257 | C56: =+C15/C$7 -> 0.19420226 | D56: =+D15/D$7 -> 0.18639495 | E56: =+E15/E$7 -> 0.19563885 | F56: =+F15/F$7 -> 0.17567466
A57: 210145 Fondos de tarjetahabientes | B57: =+B16/B$7 -> 0 | C57: =+C16/C$7 -> 0 | D57: =+D16/D$7 -> 0 | E57: =+E16/E$7 -> 0 | F57: =+F16/F$7 -> 0
A58: 210150 Depósitos por confirmar | B58: =+B17/B$7 -> 0.0088511674 | C58: =+C17/C$7 -> 0.0038932128 | D58: =+D17/D$7 -> 0.0070780049 | E58: =+E17/E$7 -> 0.0030171153 | F58: =+F17/F$7 -> 0.0074842506
A59: 210155 Depósitos de cuenta basica | B59: =+B18/B$7 -> 0 | C59: =+C18/C$7 -> 0 | D59: =+D18/D$7 -> 0 | E59: =+E18/E$7 -> 0 | F59: =+F18/F$7 -> 0
A62: =+Sistema!A575 -> 2103 Depósitos a plazo | B62: =+Sistema!B575 -> 32.952588 | C62: =+Sistema!C575 -> 256.5331 | D62: =+Sistema!D575 -> 310.28438 | E62: =+Sistema!E575 -> 258.40628 | F62: =+Sistema!F575 -> 490.89729 | H62: =+Sistema!P575 -> 100 | I62: =+Sistema!Q575 -> 680.91135 | J62: =+Sistema!R575 -> 707.46662 | K62: =+Sistema!S575 -> 908.0314 | L62: =+Sistema!T575 -> 1532.0941 | N62: =+Sistema!W575 -> 44.25211 | O62: =+Sistema!X575 -> 246.63354 | P62: =+Sistema!Y575 -> 407.9693 | Q62: =+Sistema!Z575 -> 324.22844 | R62: =+Sistema!AA575 -> 680.06348 | T62: =+Sistema!I575 -> 0 | U62: =+Sistema!J575 -> 50 | V62: =+Sistema!K575 -> 100 | W62: =+Sistema!L575 -> 125 | X62: =+Sistema!M575 -> 125
A63: =+Sistema!A576 -> 210305 De 1 a 30 días | B63: =+Sistema!B576 -> 11.919341 | C63: =+Sistema!C576 -> 22.511647 | D63: =+Sistema!D576 -> 19.831497 | E63: =+Sistema!E576 -> 24.285457 | F63: =+Sistema!F576 -> 30.446669 | H63: =+Sistema!P576 -> 0 | I63: =+Sistema!Q576 -> 80.204648 | J63: =+Sistema!R576 -> 25.8072 | K63: =+Sistema!S576 -> 82.887426 | L63: =+Sistema!T576 -> 165.01658 | N63: =+Sistema!W576 -> 3.2521104 | O63: =+Sistema!X576 -> 2 | P63: =+Sistema!Y576 -> 59.419551 | Q63: =+Sistema!Z576 -> 32.780666 | R63: =+Sistema!AA576 -> 35.581458 | T63: =+Sistema!I576 -> 0 | U63: =+Sistema!J576 -> 0 | V63: =+Sistema!K576 -> 0 | W63: =+Sistema!L576 -> 0 | X63: =+Sistema!M576 -> 0
A64: =+Sistema!A577 -> 210310 De 31 a 90 días | B64: =+Sistema!B577 -> 13.866725 | C64: =+Sistema!C577 -> 19.215846 | D64: =+Sistema!D577 -> 23.939276 | E64: =+Sistema!E577 -> 33.124882 | F64: =+Sistema!F577 -> 33.127135 | H64: =+Sistema!P577 -> 25 | I64: =+Sistema!Q577 -> 128.10686 | J64: =+Sistema!R577 -> 134.7393 | K64: =+Sistema!S577 -> 230.49384 | L64: =+Sistema!T577 -> 266.94091 | N64: =+Sistema!W577 -> 0.8 | O64: =+Sistema!X577 -> 4.6335417 | P64: =+Sistema!Y577 -> 37.229942 | Q64: =+Sistema!Z577 -> 16.130125 | R64: =+Sistema!AA577 -> 49.027443 | T64: =+Sistema!I577 -> 0 | U64: =+Sistema!J577 -> 0 | V64: =+Sistema!K577 -> 0 | W64: =+Sistema!L577 -> 3.5714286 | X64: =+Sistema!M577 -> 16.071429
A65: =+Sistema!A578 -> 210315 De 91 a 180 días | B65: =+Sistema!B578 -> 5.3072507 | C65: =+Sistema!C578 -> 7.24804 | D65: =+Sistema!D578 -> 20.259643 | E65: =+Sistema!E578 -> 18.42048 | F65: =+Sistema!F578 -> 23.613084 | H65: =+Sistema!P578 -> 0 | I65: =+Sistema!Q578 -> 70.956396 | J65: =+Sistema!R578 -> 145.99335 | K65: =+Sistema!S578 -> 90.748478 | L65: =+Sistema!T578 -> 138.8027 | N65: =+Sistema!W578 -> 0.2 | O65: =+Sistema!X578 -> 50 | P65: =+Sistema!Y578 -> 76.319809 | Q65: =+Sistema!Z578 -> 127.31764 | R65: =+Sistema!AA578 -> 80.917096 | T65: =+Sistema!I578 -> 0 | U65: =+Sistema!J578 -> 0 | V65: =+Sistema!K578 -> 12.5 | W65: =+Sistema!L578 -> 12.5 | X65: =+Sistema!M578 -> 9.5238095
A66: =+Sistema!A579 -> 210320 De 181 a 360 días | B66: =+Sistema!B579 -> 1.7006396 | C66: =+Sistema!C579 -> 2.2888269 | D66: =+Sistema!D579 -> 4.381428 | E66: =+Sistema!E579 -> 79.815558 | F66: =+Sistema!F579 -> 24.24818 | H66: =+Sistema!P579 -> 75 | I66: =+Sistema!Q579 -> 72.027396 | J66: =+Sistema!R579 -> 126.20719 | K66: =+Sistema!S579 -> 137.23235 | L66: =+Sistema!T579 -> 165.28185 | N66: =+Sistema!W579 -> 40 | O66: =+Sistema!X579 -> 0 | P66: =+Sistema!Y579 -> 80.555556 | Q66: =+Sistema!Z579 -> 91.666667 | R66: =+Sistema!AA579 -> 32.470815 | T66: =+Sistema!I579 -> 0 | U66: =+Sistema!J579 -> 0 | V66: =+Sistema!K579 -> 12.5 | W66: =+Sistema!L579 -> 28.571429 | X66: =+Sistema!M579 -> 36.507937
A67: =+Sistema!A580 -> 210325 De más de 361 días | B67: =+Sistema!B580 -> 0.1546319 | C67: =+Sistema!C580 -> 205.26874 | D67: =+Sistema!D580 -> 241.87204 | E67: =+Sistema!E580 -> 102.75787 | F67: =+Sistema!F580 -> 379.46222 | H67: =+Sistema!P580 -> 0 | I67: =+Sistema!Q580 -> 329.61604 | J67: =+Sistema!R580 -> 274.71958 | K67: =+Sistema!S580 -> 366.6693 | L67: =+Sistema!T580 -> 796.05206 | N67: =+Sistema!W580 -> 0 | O67: =+Sistema!X580 -> 190 | P67: =+Sistema!Y580 -> 154.44444 | Q67: =+Sistema!Z580 -> 56.333333 | R67: =+Sistema!AA580 -> 482.06667 | T67: =+Sistema!I580 -> 0 | U67: =+Sistema!J580 -> 50 | V67: =+Sistema!K580 -> 75 | W67: =+Sistema!L580 -> 80.357143 | X67: =+Sistema!M580 -> 62.896825
A68: =+Sistema!A581 -> 210330 Depósitos por confirmar | B68: =+Sistema!B581 -> 0.004 | C68: =+Sistema!C581 -> 0 | D68: =+Sistema!D581 -> 0.0005 | E68: =+Sistema!E581 -> 0.00203462 | F68: =+Sistema!F581 -> 0 | H68: =+Sistema!P581 -> 0 | I68: =+Sistema!Q581 -> 0 | J68: =+Sistema!R581 -> 0 | K68: =+Sistema!S581 -> 0 | L68: =+Sistema!T581 -> 0 | N68: =+Sistema!W581 -> 0 | O68: =+Sistema!X581 -> 0 | P68: =+Sistema!Y581 -> 0 | Q68: =+Sistema!Z581 -> 0 | R68: =+Sistema!AA581 -> 0 | T68: =+Sistema!I581 -> 0 | U68: =+Sistema!J581 -> 0 | V68: =+Sistema!K581 -> 0 | W68: =+Sistema!L581 -> 0 | X68: =+Sistema!M581 -> 0

Sheet Obligaciones con el público
A2: BNF
B3: 2008 | C3: 2009 | D3: 2010 | E3: 2011 | F3: 2012
A4: Obligaciones con el Público | B4: =+Fondeo!B6 -> 362.07742 | C4: =+Fondeo!C6 -> 621.02798 | D4: =+Fondeo!D6 -> 774.09848 | E4: =+Fondeo!E6 -> 852.96324 | F4: =+Fondeo!F6 -> 1248.1441
A5: Depósitos a la vista | B5: =+Fondeo!B7 -> 328.58438 | C5: =+Fondeo!C7 -> 363.67017 | D5: =+Fondeo!D7 -> 462.79634 | E5: =+Fondeo!E7 -> 593.41152 | F5: =+Fondeo!F7 -> 755.95786
A6: Operaciones de reporto | B6: =+Fondeo!B19 -> 0 | C6: =+Fondeo!C19 -> 0 | D6: =+Fondeo!D19 -> 0 | E6: =+Fondeo!E19 -> 0 | F6: =+Fondeo!F19 -> 0
A7: Depósitos a plazo | B7: =+Fondeo!B20 -> 32.952588 | C7: =+Fondeo!C20 -> 256.5331 | D7: =+Fondeo!D20 -> 310.28438 | E7: =+Fondeo!E20 -> 258.40628 | F7: =+Fondeo!F20 -> 490.89729
A8: Depósitos de garantía | B8: =+Fondeo!B21 -> 0.54044882 | C8: =+Fondeo!C21 -> 0.82470919 | D8: =+Fondeo!D21 -> 1.0177538 | E8: =+Fondeo!E21 -> 1.1454315 | F8: =+Fondeo!F21 -> 1.2889307
A9: Depósitos restringidos | B9: =+Fondeo!B22 -> 0 | C9: =+Fondeo!C22 -> 0 | D9: =+Fondeo!D22 -> 0 | E9: =+Fondeo!E22 -> 0 | F9: =+Fondeo!F22 -> 0
A11: Crecimiento
A12: Obligaciones con el Público | C12: =+C4/B4-1 -> 0.71518008 | D12: =+D4/C4-1 -> 0.24647923 | E12: =+E4/D4-1 -> 0.10187949 | F12: =+F4/E4-1 -> 0.46330349
A13: Depósitos a la vista | C13: =+C5/B5-1 -> 0.10677862 | D13: =+D5/C5-1 -> 0.27257163 | E13: =+E5/D5-1 -> 0.28223037 | F13: =+F5/E5-1 -> 0.27391841
A14: Depósitos a plazo | C14: =+C7/B7-1 -> 6.7849152 | D14: =+D7/C7-1 -> 0.20952962 | E14: =+E7/D7-1 -> -0.16719533 | F14: =+F7/E7-1 -> 0.89971111
A16: Participación
A17: Obligaciones con el Público
A18: Depósitos a la vista | B18: =+B5/B4 -> 0.90749758 | C18: =+C5/C4 -> 0.58559386 | D18: =+D5/D4 -> 0.59785203 | E18: =+E5/E4 -> 0.69570586 | F18: =+F5/F4 -> 0.60566554
A19: Depósitos a plazo | B19: =+B7/B4 -> 0.091009784 | C19: =+C7/C4 -> 0.41307817 | D19: =+D7/D4 -> 0.40083321 | E19: =+E7/E4 -> 0.30295125 | F19: =+F7/F4 -> 0.39330178
A22: Depósitos a plazo | B22: =+Fondeo!B62 -> 32.952588 | C22: =+Fondeo!C62 -> 256.5331 | D22: =+Fondeo!D62 -> 310.28438 | E22: =+Fondeo!E62 -> 258.40628 | F22: =+Fondeo!F62 -> 490.89729
A23: De 1 a 30 días | B23: =+Fondeo!B63 -> 11.919341 | C23: =+Fondeo!C63 -> 22.511647 | D23: =+Fondeo!D63 -> 19.831497 | E23: =+Fondeo!E63 -> 24.285457 | F23: =+Fondeo!F63 -> 30.446669
A24: De 31 a 90 días | B24: =+Fondeo!B64 -> 13.866725 | C24: =+Fondeo!C64 -> 19.215846 | D24: =+Fondeo!D64 -> 23.939276 | E24: =+Fondeo!E64 -> 33.124882 | F24: =+Fondeo!F64 -> 33.127135
A25: De 91 a 180 días | B25: =+Fondeo!B65 -> 5.3072507 | C25: =+Fondeo!C65 -> 7.24804 | D25: =+Fondeo!D65 -> 20.259643 | E25: =+Fondeo!E65 -> 18.42048 | F25: =+Fondeo!F65 -> 23.613084
A26: De 181 a 360 días | B26: =+Fondeo!B66 -> 1.7006396 | C26: =+Fondeo!C66 -> 2.2888269 | D26: =+Fondeo!D66 -> 4.381428 | E26: =+Fondeo!E66 -> 79.815558 | F26: =+Fondeo!F66 -> 24.24818
A27: De más de 361 días | B27: =+Fondeo!B67 -> 0.1546319 | C27: =+Fondeo!C67 -> 205.26874 | D27: =+Fondeo!D67 -> 241.87204 | E27: =+Fondeo!E67 -> 102.75787 | F27: =+Fondeo!F67 -> 379.46222
A28: Depósitos por confirmar | B28: =+Fondeo!B68 -> 0.004 | C28: =+Fondeo!C68 -> 0 | D28: =+Fondeo!D68 -> 0.0005 | E28: =+Fondeo!E68 -> 0.00203462 | F28: =+Fondeo!F68 -> 0

Sheet BPub
B4: 2007 | C4: 2007 | D4: 2007 | E4: 2007 | G4: 2008 | H4: 2008 | I4: 2008 | J4: 2008 | L4: 2009 | M4: 2009 | N4: 2009 | O4: 2009 | Q4: 2010 | R4: 2010 | S4: 2010 | T4: 2010 | V4: 2011 | W4: 2011 | X4: 2011 | Y4: 2011 | AB4: 2012 | AC4: 2012 | AD4: 2012 | AE4: 2012
B5: B.E.V. | C5: BANCO DEL ESTADO | D5: C.F.N. | E5: BNF | G5: B.E.V. | H5: BANCO DEL ESTADO | I5: C.F.N. | J5: BNF | L5: B.E.V. | M5: BANCO DEL ESTADO | N5: C.F.N. | O5: BNF | Q5: B.E.V. | R5: BANCO DEL ESTADO | S5: C.F.N. | T5: BNF | V5: BANCO DEL ESTADO | W5: B.E.V. | X5: C.F.N. | Y5: BNF | AB5: CFN | AC5: BEDE | AD5: BEV | AE5: BNF
A6: 1 ACTIVO | B6: 1.1512301e+08 | C6: 4.2341631e+08 | D6: 5.0712758e+08 | E6: 6.2544115e+08 | G6: 1.3880335e+08 | H6: 5.5945546e+08 | I6: 6.5850138e+08 | J6: 8.3226041e+08 | L6: 1.9699797e+08 | M6: 8.3541879e+08 | N6: 1.2297828e+09 | O6: 1.1209801e+09 | Q6: 2.9921908e+08 | R6: 1.1378176e+09 | S6: 1.3441075e+09 | T6: 1.2972693e+09 | V6: 1.2390403e+09 | W6: 2.9521733e+08 | X6: 1.5130418e+09 | Y6: 1.3423954e+09 | AA6: 1 | AB6: 2.5991209e+09 | AC6: 1.7016739e+09 | AD6: 2.6769246e+08 | AE6: 1775.6159
A7: 11 FONDOS DISPONIBLES | B7: 4021785.6 | C7: 86875944 | D7: 1.1730629e+08 | E7: 89142163 | G7: 8018690.7 | H7: 105145305 | I7: 48055228 | J7: 99131064 | L7: 56530869 | M7: 90189407 | N7: 1.3938295e+08 | O7: 1.9441334e+08 | Q7: 1.2792527e+08 | R7: 76069921 | S7: 25877651 | T7: 113636624 | V7: 1.3134444e+08 | W7: 45419744 | X7: 71867732 | Y7: 1.7642869e+08 | AA7: 11 | AB7: 60972364 | AC7: 1.6364638e+08 | AD7: 40465403 | AE7: 91.807389
A8: 1101 Caja | B8: 32928.31 | C8: 3203.46 | D8: 32362.57 | E8: 10490216 | G8: 45338.43 | H8: 3431 | I8: 38160.74 | J8: 11222411 | L8: 82206.58 | M8: 3001 | N8: 48608.36 | O8: 13164520 | Q8: 101355.39 | R8: 3905.53 | S8: 33035.22 | T8: 13736825 | V8: 3333.88 | W8: 109913.82 | X8: 39846.12 | Y8: 13810986 | AA8: 1101 | AB8: 29198.63 | AC8: 2700 | AD8: 105585.61 | AE8: 17.498699
A9: 110105 Efectivo | B9: 30823.31 | C9: 3.46 | D9: 5862.57 | E9: 10486198 | G9: 42778.43 | H9: 31 | I9: 2060.74 | J9: 11219007 | L9: 79966.58 | M9: 1 | N9: 11608.36 | O9: 13160597 | Q9: 98720.39 | R9: 1305.53 | S9: 9385.29 | T9: 13732681 | V9: 733.88 | W9: 107028.12 | X9: 17496.12 | Y9: 13806934 | AA9: 110105 | AB9: 21778.63 | AC9: 100 | AD9: 104314.61 | AE9: 17.488997
A10: 110110 Caja chica | B10: 2105 | C10: 3200 | D10: 26500 | E10: 4018.1 | G10: 2560 | H10: 3400 | I10: 36100 | J10: 3404.09 | L10: 2240 | M10: 3000 | N10: 37000 | O10: 3922.1 | Q10: 2635 | R10: 2600 | S10: 23649.93 | T10: 4143.92 | V10: 2600 | W10: 2885.7 | X10: 22350 | Y10: 4051.7 | AA10: 110110 | AB10: 7420 | AC10: 2600 | AD10: 1271 | AE10: 0.00970175
A11: 1102 Depósitos para encaje | B11: 3974719.1 | C11: 0 | D11: 0 | E11: 20254382 | G11: 7792438.1 | H11: 850000 | I11: 0 | J11: 23666865 | L11: 56430467 | M11: 9366599.7 | N11: 20000000 | O11: 27205088 | Q11: 1.2777537e+08 | R11: 11318772 | S11: 4700036.1 | T11: 16026298 | V11: 4969137.3 | W11: 45076035 | X11: 100036.09 | Y11: 82292379 | AA11: 1102 | AB11: 10036.09 | AC11: 0 | AD11: 40315629 | AE11: 70.298499
A12: 110205 Banco Central del Ecuador | B12: 2661458.6 | C12: 0 | D12: 0 | E12: 20254382 | G12: 6939527 | H12: 850000 | I12: 0 | J12: 23666865 | L12: 55783451 | M12: 9366599.7 | N12: 20000000 | O12: 27205088 | Q12: 1.2674089e+08 | R12: 11318772 | S12: 4700036.1 | T12: 16026298 | V12: 4969137.3 | W12: 43452982 | X12: 100036.09 | Y12: 82292379 | AA12: 110205 | AB12: 10036.09 | AC12: 0 | AD12: 39142265 | AE12: 70.298499
A13: 110210 Banco Nacional de Fomento | B13: 1313260.5 | C13: 0 | D13: 0 | E13: 0 | G13: 852911.09 | H13: 0 | I13: 0 | J13: 0 | L13: 647016.29 | M13: 0 | N13: 0 | O13: 0 | Q13: 1034481.8 | R13: 0 | S13: 0 | T13: 0 | V13: 0 | W13: 1623053.3 | X13: 0 | Y13: 0 | AA13: 110210 | AB13: 0 | AC13: 0 | AD13: 1173363.4 | AE13: 0
A14: 110215 Bancos locales | B14: 0 | C14: 0 | D14: 0 | E14: 0 | G14: 0 | H14: 0 | I14: 0 | J14: 0 | L14: 0 | M14: 0 | N14: 0 | O14: 0 | Q14: 0 | R14: 0 | S14: 0 | T14: 0 | V14: 0 | W14: 0 | X14: 0 | Y14: 0 | AA14: 110215 | AB14: 0 | AC14: 0 | AD14: 0 | AE14: 0
A15: 1103 Bancos y otras instituciones financieras | B15: 0 | C15: 86872740 | D15: 1.1721796e+08 | E15: 56672298 | G15: 0 | H15: 104291874 | I15: 47965650 | J15: 62879835 | L15: 0 | M15: 80819807 | N15: 1.1902809e+08 | O15: 1.5317139e+08 | Q15: 0 | R15: 64747244 | S15: 20372745 | T15: 81673916 | V15: 1.2637197e+08 | W15: 0 | X15: 71558176 | Y15: 79238800 | AA15: 1103 | AB15: 60408266 | AC15: 1.6364368e+08 | AD15: 0 | AE15: 0.31715288
A16: 110310 Bancos e instituciones financieras locales | B16: 0 | C16: 8096.02 | D16: 614000.25 | E16: 0 | G16: 0 | H16: 8333.99 | I16: 22335944 | J16: 0 | L16: 0 | M16: 12732.85 | N16: 97562712 | O16: 0 | Q16: 0 | R16: 4514.61 | S16: 18541181 | T16: 0 | V16: 8519.1 | W16: 0 | X16: 66953654 | Y16: 88831.58 | AA16: 110310 | AB16: 55641755 | AC16: 8702.4 | AD16: 0 | AE16: 0.31144024
A17: 110315 Bancos e instituciones financieras del exterior | B17: 0 | C17: 0 | D17: 1.1033033e+08 | E17: 0 | G17: 0 | H17: 0 | I17: 222360.41 | J17: 0 | L17: 0 | M17: 0 | N17: 201061.07 | O17: 0 | Q17: 0 | R17: 0 | S17: 458710.48 | T17: 0 | V17: 0 | W17: 0 | X17: 930018.33 | Y17: 0 | AA17: 110315 | AB17: 668273.33 | AC17: 0 | AD17: 0 | AE17: 0
... A80: 130720 Entregadas en garantía | B80: 0 | C80: 0 | D80: 10578528 | E80: 0 | G80: 0 | H80: 0 | I80: 34974268 | J80: 0 | L80: 0 | M80: 0 | N80: 0 | O80: 0 | Q80: 0 | R80: 0 | S80: 0 | T80: 0 | V80: 0 | W80: 0 | X80: 0 | Y80: 0 | AA80: 130720 | AB80: 0 | AC80: 0 | AD80: 0 | AE80: 0
A81: 130790 Otros | AA81: 130790 | AB81: 0 | AC81: 0 | AD81: 0 | AE81: 0
A82: 1399 (Provisión para inversiones) | B82: -1869.78 | C82: 0 | D82: -475917.56 | E82: 0 | G82: -1559.9 | H82: 0 | I82: -653367.93 | J82: 0 | L82: -1359.93 | M82: 0 | N82: -302899.44 | O82: 0 | Q82: -1109.99 | R82: 0 | S82: -708839.95 | T82: 0 | V82: 0 | W82: -300799.99 | X82: -841064.37 | Y82: -274916.78 | AA82: 1399 | AB82: -58059.09 | AC82: 0 | AD82: -549.9 | AE82: -0.47976994
A83: 139905 (Provisión para valuación de inversiones mantenidas hasta el vencimiento y restringidas) | B83: -1869.78 | C83: 0 | D83: -475917.56 | E83: 0 | G83: -1559.9 | H83: 0 | I83: -653367.93 | J83: 0 | L83: -1359.93 | M83: 0 | N83: -302899.44 | O83: 0 | Q83: -1109.99 | R83: 0 | S83: -708839.95 | T83: 0 | V83: 0 | W83: -799.99 | X83: -841064.37 | Y83: 0 | AA83: 139905 | AB83: -58059.09 | AC83: 0 | AD83: -549.9 | AE83: 0
A84: 139910 (Provisión general para inversiones) | B84: 0 | C84: 0 | D84: 0 | E84: 0 | G84: 0 | H84: 0 | I84: 0 | J84: 0 | L84: 0 | M84: 0 | N84: 0 | O84: 0 | Q84: 0 | R84: 0 | S84: 0 | T84: 0 | V84: 0 | W84: -300000 | X84: 0 | Y84: -274916.78 | AA84: 139910 | AB84: 0 | AC84: 0 | AD84: 0 | AE84: -0.47976994
A85: 14 CARTERA DE CREDITOS | B85: 33584098 | C85: 3.2061846e+08 | D85: 2.0490124e+08 | E85: 3.5751169e+08 | G85: 42338606 | H85: 4.3818132e+08 | I85: 3.8675461e+08 | J85: 5.5999475e+08 | L85: 39185950 | M85: 7.2937508e+08 | N85: 6.2654671e+08 | O85: 6.3178784e+08 | Q85: 84689318 | R85: 8.7316286e+08 | S85: 8.0194467e+08 | T85: 9.3448229e+08 | V85: 9.1527995e+08 | W85: 1.5457051e+08 | X85: 9.4291879e+08 | Y85: 9.0265256e+08 | AA85: 14 | AB85: 1120903695 | AC85: 9.6501915e+08 | AD85: 1.6925637e+08 | AE85: 886.92515
A86: 1401 Cartera de créditos comercial por vencer | B86: 17148882 | C86: 3.3363047e+08 | D86: 2.0140803e+08 | E86: 2.74958e+08 | G86: 26623461 | H86: 4.4983715e+08 | I86: 3.6098121e+08 | J86: 4.0615777e+08 | L86: 26197522 | M86: 7.3970782e+08 | N86: 5.6175008e+08 | O86: 4.7171657e+08 | Q86: 67244088 | R86: 8.8473317e+08 | S86: 7.4066132e+08 | T86: 5.2681037e+08 | V86: 9.2696198e+08 | W86: 1.3629766e+08 | X86: 8.7913567e+08 | Y86: 6.0518234e+08 | AA86: 1401 | AB86: 1.0965814e+09 | AC86: 0 | AD86: 1.3998314e+08 | AE86: 479.9085
A87: 140105 De 1 a 30 días | B87: 349423.13 | C87: 8348844.5 | D87: 6309555.8 | E87: 11114316 | G87: 397398.09 | H87: 8941310.9 | I87: 10935121 | J87: 14092983 | L87: 625161.44 | M87: 16463553 | N87: 14792682 | O87: 17192182 | Q87: 1653171.1 | R87: 20527731 | S87: 22455896 | T87: 20455767 | V87: 22399591 | W87: 5114783 | X87: 32721106 | Y87: 23101982 | AA87: 140105 | AB87: 32181702 | AC87: 0 | AD87: 13431137 | AE87: 18.362026
A88: 140110 De 31 a 90 días | B88: 715402.71 | C88: 15725057 | D88: 10918067 | E88: 19865585 | G88: 961740.79 | H88: 18359528 | I88: 14939335 | J88: 26149972 | L88: 1712800.2 | M88: 30868679 | N88: 17721560 | O88: 27780397 | Q88: 2893010.5 | R88: 39169003 | S88: 36759472 | T88: 28545669 | V88: 44869526 | W88: 9478729.9 | X88: 46231859 | Y88: 33987450 | AA88: 140110 | AB88: 55652605 | AC88: 0 | AD88: 9455213.6 | AE88: 27.852175
A89: 140115 De 91 a 180 días | B89: 1071829.4 | C89: 22177552 | D89: 12331657 | E89: 29499571 | G89: 1082555.9 | H89: 26642256 | I89: 27537308 | J89: 41554880 | L89: 3046257.2 | M89: 44712581 | N89: 35731293 | O89: 44837276 | Q89: 3088796.6 | R89: 58126322 | S89: 56606588 | T89: 47152811 | V89: 63144698 | W89: 13284151 | X89: 62289758 | Y89: 52353242 | AA89: 140115 | AB89: 73784256 | AC89: 0 | AD89: 14806435 | AE89: 42.640933
A90: 140120 De 181 a 360 días | B90: 2137075 | C90: 43710142 | D90: 19939741 | E90: 56974582 | G90: 2400772.1 | H90: 51001783 | I90: 40045817 | J90: 80691220 | L90: 3554673.6 | M90: 91015569 | N90: 63335259 | O90: 89408470 | Q90: 11424542 | R90: 1.111484e+08 | S90: 87830768 | T90: 91101845 | V90: 1.1560551e+08 | W90: 30335890 | X90: 99595143 | Y90: 91955181 | AA90: 140120 | AB90: 1.1959287e+08 | AC90: 0 | AD90: 37860245 | AE90: 71.578531
A91: 140125 De más de 360 días | B91: 12875151 | C91: 2.4366888e+08 | D91: 1.5190901e+08 | E91: 1.5750394e+08 | G91: 21780994 | H91: 3.4489228e+08 | I91: 2.6752363e+08 | J91: 2.4366871e+08 | L91: 17258629 | M91: 5.5664744e+08 | N91: 4.3016929e+08 | O91: 2.9249825e+08 | Q91: 48184567 | R91: 6.5576171e+08 | S91: 5.3700859e+08 | T91: 3.3955428e+08 | V91: 6.8094265e+08 | W91: 78084107 | X91: 6.382978e+08 | Y91: 4.0378449e+08 | AA91: 140125 | AB91: 8.1536998e+08 | AC91: 0 | AD91: 64430106 | AE91: 319.47483
A92: 1402 Cartera de créditos de consumo por vencer | B92: 0 | C92: 0 | D92: 0 | E92: 29595626 | G92: 0 | H92: 0 | I92: 0 | J92: 33882668 | L92: 0 | M92: 0 | N92: 0 | O92: 25593850 | Q92: 0 | R92: 0 | S92: 0 | T92: 40966976 | V92: 0 | W92: 0 | X92: 0 | Y92: 44825770 | AA92: 1402 | AB92: 0 | AC92: 0 | AD92: 0 | AE92: 22.287749
A93: 140205 De 1 a 30 días | B93: 0 | C93: 0 | D93: 0 | E93: 1924873.7 | G93: 0 | H93: 0 | I93: 0 | J93: 1797804.7 | L93: 0 | M93: 0 | N93: 0 | O93: 1250112.8 | Q93: 0 | R93: 0 | S93: 0 | T93: 1343615.5 | V93: 0 | W93: 0 | X93: 0 | Y93: 1837198.4 | AA93: 140205 | AB93: 0 | AC93: 0 | AD93: 0 | AE93: 1.4357721
... A109: 140425 De más de 360 días | B109: 0 | C109: 0 | D109: 620741.43 | E109: 5029424.4 | G109: 0 | H109: 0 | I109: 6857332.4 | J109: 21572115 | L109: 0 | M109: 0 | N109: 15952983 | O109: 18663185 | Q109: 0 | R109: 0 | S109: 19530150 | T109: 1.2054832e+08 | V109: 0 | W109: 0 | X109: 20791829 | Y109: 39348540 | AA109: 140425 | AB109: 13323442 | AC109: 0 | AD109: 0 | AE109: 194.8739
A110: 1405 Cartera de crédito educativo por vencer | AA110: 1405 | AB110: 0 | AC110: 0 | AD110: 0 | AE110: 0
A111: 140505 De 1 a 30 días | AA111: 140505 | AB111: 0 | AC111: 0 | AD111: 0 | AE111: 0
A112: 140510 De 31 a 90 días | AA112: 140510 | AB112: 0 | AC112: 0 | AD112: 0 | AE112: 0
A113: 140515 De 91 a 180 días | AA113: 140515 | AB113: 0 | AC113: 0 | AD113: 0 | AE113: 0
A114: 140520 De 181 a 360 días | AA114: 140520 | AB114: 0 | AC114: 0 | AD114: 0 | AE114: 0
A115: 140525 De más de 360 días | AA115: 140525 | AB115: 0 | AC115: 0 | AD115: 0 | AE115: 0
A116: 1409 Cartera de créditos comercial refinanciada por vencer | AA116: 1409 | AB116: 0 | AC116: 0 | AD116: 915289.8 | AE116: 0
A117: 140905 De 1 a 30 días | AA117: 140905 | AB117: 0 | AC117: 0 | AD117: 0 | AE117: 0
A118: 140910 De 31 a 90 días | AA118: 140910 | AB118: 0 | AC118: 0 | AD118: 303133.75 | AE118: 0
A119: 140915 De 91 a 180 días | AA119: 140915 | AB119: 0 | AC119: 0 | AD119: 585192.68 | AE119: 0
A120: 140920 De 181 a 360 días | AA120: 140920 | AB120: 0 | AC120: 0 | AD120: 26963.37 | AE120: 0
A121: 140925 De más de 360 días | AA121: 140925 | AB121: 0 | AC121: 0 | AD121: 0 | AE121: 0
... A145: 141325 De más de 360 días | AA145: 141325 | AB145: 0 | AC145: 0 | AD145: 0 | AE145: 0
A146: 1417 Cartera de créditos comercial reestructurada por vencer | B146: 0 | C146: 0 | D146: 11441350 | E146: 13024257 | G146: 0 | H146: 0 | I146: 9083076.9 | J146: 20630330 | L146: 0 | M146: 0 | N146: 22008793 | O146: 29677382 | Q146: 0 | R146: 0 | S146: 15919626 | T146: 20179777 | V146: 0 | W146: 0 | X146: 11436494 | Y146: 28998994 | AA146: 1417 | AB146: 7109985.8 | AC146: 0 | AD146: 0 | AE146: 13.73135
A147: 141705 De 1 a 30 días | B147: 0 | C147: 0 | D147: 99521.74 | E147: 775497.18 | G147: 0 | H147: 0 | I147: 135982.89 | J147: 1925453.2 | L147: 0 | M147: 0 | N147: 884315.98 | O147: 1731069.1 | Q147: 0 | R147: 0 | S147: 494093.66 | T147: 1556576.2 | V147: 0 | W147: 0 | X147: 348081.62 | Y147: 2639817.4 | AA147: 141705 | AB147: 182364.65 | AC147: 0 | AD147: 0 | AE147: 0.83482404
A148: 141710 De 31 a 90 días | B148: 0 | C148: 0 | D148: 337120.36 | E148: 1047352.9 | G148: 0 | H148: 0 | I148: 323864.45 | J148: 808587.8 | L148: 0 | M148: 0 | N148: 823387.82 | O148: 2276048.9 | Q148: 0 | R148: 0 | S148: 662400.14 | T148: 2021565.7 | V148: 0 | W148: 0 | X148: 594935.81 | Y148: 2057778.4 | AA148: 141710 | AB148: 346147.86 | AC148: 0 | AD148: 0 | AE148: 0.91748825
A149: 141715 De 91 a 180 días | B149: 0 | C149: 0 | D149: 355971.44 | E149: 1563669.1 | G149: 0 | H149: 0 | I149: 445392.52 | J149: 1900364.1 | L149: 0 | M149: 0 | N149: 1941153.8 | O149: 3276108.8 | Q149: 0 | R149: 0 | S149: 1011910.7 | T149: 2436335.7 | V149: 0 | W149: 0 | X149: 806951.46 | Y149: 3191057.6 | AA149: 141715 | AB149: 549063.43 | AC149: 0 | AD149: 0 | AE149: 1.5171666
A150: 141720 De 181 a 360 días | B150: 0 | C150: 0 | D150: 801847.75 | E150: 2911847.9 | G150: 0 | H150: 0 | I150: 873872.57 | J150: 3469171.8 | L150: 0 | M150: 0 | N150: 3348825.1 | O150: 6586766.1 | Q150: 0 | R150: 0 | S150: 2011030.7 | T150: 4648328.8 | V150: 0 | W150: 0 | X150: 1218570.1 | Y150: 5016081.4 | AA150: 141720 | AB150: 917095.56 | AC150: 0 | AD150: 0 | AE150: 2.5678922
A151: 141725 De más de 360 días | B151: 0 | C151: 0 | D151: 9846888.5 | E151: 6725890.2 | G151: 0 | H151: 0 | I151: 7303964.5 | J151: 12526753 | L151: 0 | M151: 0 | N151: 15011110 | O151: 15807389 | Q151: 0 | R151: 0 | S151: 11740191 | T151: 9516970.2 | V151: 0 | W151: 0 | X151: 8467954.7 | Y151: 16094259 | AA151: 141725 | AB151: 5115314.2 | AC151: 0 | AD151: 0 | AE151: 7.8939793
A152: 1418 Cartera de créditos de consumo reestructurada por vencer | B152: 0 | C152: 0 | D152: 0 | E152: 78522.35 | G152: 0 | H152: 0 | I152: 0 | J152: 127343.06 | L152: 0 | M152: 0 | N152: 0 | O152: 119467.27 | Q152: 0 | R152: 0 | S152: 0 | T152: 149195.23 | V152: 0 | W152: 0 | X152: 0 | Y152: 109529.04 | AA152: 1418 | AB152: 0 | AC152: 0 | AD152: 0 | AE152: 0.05638181
A153: 141805 De 1 a 30 días | B153: 0 | C153: 0 | D153: 0 | E153: 5423.27 | G153: 0 | H153: 0 | I153: 0 | J153: 8484.07 | L153: 0 | M153: 0 | N153: 0 | O153: 8629.82 | Q153: 0 | R153: 0 | S153: 0 | T153: 10475.27 | V153: 0 | W153: 0 | X153: 0 | Y153: 7333.39 | AA153: 141805 | AB153: 0 | AC153: 0 | AD153: 0 | AE153: 0.00268807
A154: 141810 De 31 a 90 días | B154: 0 | C154: 0 | D154: 0 | E154: 6157.1 | G154: 0 | H154: 0 | I154: 0 | J154: 10405 | L154: 0 | M154: 0 | N154: 0 | O154: 9452.94 | Q154: 0 | R154: 0 | S154: 0 | T154: 16982.4 | V154: 0 | W154: 0 | X154: 0 | Y154: 13548.01 | AA154: 141810 | AB154: 0 | AC154: 0 | AD154: 0 | AE154: 0.00635891
A155: 141815 De 91 a 180 días | B155: 0 | C155: 0 | D155: 0 | E155: 14937.8 | G155: 0 | H155: 0 | I155: 0 | J155: 16388 | L155: 0 | M155: 0 | N155: 0 | O155: 18382.35 | Q155: 0 | R155: 0 | S155: 0 | T155: 20610.23 | V155: 0 | W155: 0 | X155: 0 | Y155: 16403.18 | AA155: 141815 | AB155: 0 | AC155: 0 | AD155: 0 | AE155: 0.00659446
A156: 141820 De 181 a 360 días | B156: 0 | C156: 0 | D156: 0 | E156: 27184.18 | G156: 0 | H156: 0 | I156: 0 | J156: 33828.18 | L156: 0 | M156: 0 | N156: 0 | O156: 29267.02 | Q156: 0 | R156: 0 | S156: 0 | T156: 36975.97 | V156: 0 | W156: 0 | X156: 0 | Y156: 27243.03 | AA156: 141820 | AB156: 0 | AC156: 0 | AD156: 0 | AE156: 0.01276453
A157: 141825 De más de 360 días | B157: 0 | C157: 0 | D157: 0 | E157: 24820 | G157: 0 | H157: 0 | I157: 0 | J157: 58237.81 | L157: 0 | M157: 0 | N157: 0 | O157: 53735.14 | Q157: 0 | R157: 0 | S157: 0 | T157: 64151.36 | V157: 0 | W157: 0 | X157: 0 | Y157: 45001.43 | AA157: 141825 | AB157: 0 | AC157: 0 | AD157: 0 | AE157: 0.02797584
... A169: 142025 De más de 360 días | B169: 0 | C169: 0 | D169: 0 | E169: 0 | G169: 0 | H169: 0 | I169: 0 | J169: 19514.14 | L169: 0 | M169: 0 | N169: 0 | O169: 26650.31 | Q169: 0 | R169: 0 | S169: 0 | T169: 400184.79 | V169: 0 | W169: 0 | X169: 0 | Y169: 360031.72 | AA169: 142025 | AB169: 0 | AC169: 0 | AD169: 0 | AE169: 0.34461924
A170: 1421 Cartera de crédito educativo reestructurada por vencer | AA170: 1421 | AB170: 0 | AC170: 0 | AD170: 0 | AE170: 0
A171: 142105 De 1 a 30 días | AA171: 142105 | AB171: 0 | AC171: 0 | AD171: 0 | AE171: 0
A172: 142110 De 31 a 90 días | AA172: 142110 | AB172: 0 | AC172: 0 | AD172: 0 | AE172: 0
A173: 142115 De 91 a 180 días | AA173: 142115 | AB173: 0 | AC173: 0 | AD173: 0 | AE173: 0
A174: 142120 De 181 a 360 días | AA174: 142120 | AB174: 0 | AC174: 0 | AD174: 0 | AE174: 0
A175: 142125 De más de 360 días | AA175: 142125 | AB175: 0 | AC175: 0 | AD175: 0 | AE175: 0
A176: 1425 Cartera de créditos comercial que no devenga intereses | B176: 0 | C176: 0 | D176: 222688.99 | E176: 16898139 | G176: 16005.39 | H176: 0 | I176: 3477294.5 | J176: 32133109 | L176: 0 | M176: 584984.06 | N176: 20867093 | O176: 43684425 | Q176: 0 | R176: 0 | S176: 22765634 | T176: 57456874 | V176: 0 | W176: 3524691 | X176: 24297203 | Y176: 50915978 | AA176: 1425 | AB176: 26406706 | AC176: 0 | AD176: 22897701 | AE176: 57.148759
A177: 142505 De 1 a 30 días | B177: 0 | C177: 0 | D177: 2220.65 | E177: 1484724.8 | G177: 785.33 | H177: 0 | I177: 586674.31 | J177: 2651231.9 | L177: 0 | M177: 95708.91 | N177: 4545940.1 | O177: 3674330.8 | Q177: 0 | R177: 0 | S177: 1833187.3 | T177: 5220637.8 | V177: 0 | W177: 1659926.9 | X177: 3861166.7 | Y177: 4691968.3 | AA177: 142505 | AB177: 1973501.3 | AC177: 0 | AD177: 6381814.9 | AE177: 4.8064855
A178: 142510 De 31 a 90 días | B178: 0 | C178: 0 | D178: 3220.36 | E178: 1666796.8 | G178: 1205.89 | H178: 0 | I178: 83486.46 | J178: 3195603.6 | L178: 0 | M178: 96980.64 | N178: 337733.55 | O178: 4228567.5 | Q178: 0 | R178: 0 | S178: 599711.57 | T178: 4994220 | V178: 0 | W178: 650504.9 | X178: 728583.65 | Y178: 4010310.8 | AA178: 142510 | AB178: 993204.02 | AC178: 0 | AD178: 3217970.1 | AE178: 4.350605
A179: 142515 De 91 a 180 días | B179: 0 | C179: 0 | D179: 52513.84 | E179: 2591776.9 | G179: 822.93 | H179: 0 | I179: 101535.43 | J179: 4714737.1 | L179: 0 | M179: 147892.49 | N179: 1023916.2 | O179: 6397033 | Q179: 0 | R179: 0 | S179: 1796529.9 | T179: 7125675.4 | V179: 0 | W179: 915911.86 | X179: 2190588.4 | Y179: 6138123.3 | AA179: 142515 | AB179: 1739518.6 | AC179: 0 | AD179: 4070599.5 | AE179: 6.1477334
A180: 142520 De 181 a 360 días | B180: 0 | C180: 0 | D180: 52229.14 | E180: 4512400.8 | G180: 2563.26 | H180: 0 | I180: 224484.8 | J180: 8400083.8 | L180: 0 | M180: 189455.21 | N180: 1798088.2 | O180: 11682410 | Q180: 0 | R180: 0 | S180: 2754068 | T180: 12777429 | V180: 0 | W180: 298347.42 | X180: 2761149.9 | Y180: 10835109 | AA180: 142520 | AB180: 2785139.8 | AC180: 0 | AD180: 5540732.8 | AE180: 10.646473
A181: 142525 De más de 360 días | B181: 0 | C181: 0 | D181: 112505 | E181: 6642439.8 | G181: 10627.98 | H181: 0 | I181: 2481113.5 | J181: 13171453 | L181: 0 | M181: 54946.81 | N181: 13161415 | O181: 17702084 | Q181: 0 | R181: 0 | S181: 15782137 | T181: 27338912 | V181: 0 | W181: 0 | X181: 14755715 | Y181: 25240467 | AA181: 142525 | AB181: 18915343 | AC181: 0 | AD181: 3686583.3 | AE181: 31.197463
A182: 1426 Cartera de créditos de consumo que no devenga intereses ahora en presencia de QA | B182: 0 | C182: 0 | D182: 0 | E182: 5109768.1 | G182: 0 | H182: 0 | I182: 0 | J182: 5688844.1 | L182: 0 | M182: 0 | N182: 0 | O182: 4929572.7 | Q182: 0 | R182: 0 | S182: 0 | T182: 4534125 | V182: 0 | W182: 0 | X182: 0 | Y182: 4864835.3 | AA182: 1426 | AB182: 0 | AC182: 0 | AD182: 0 | AE182: 3.23165
A183: 142605 De 1 a 30 días | B183: 0 | C183: 0 | D183: 0 | E183: 400147.21 | G183: 0 | H183: 0 | I183: 0 | J183: 484449.13 | L183: 0 | M183: 0 | N183: 0 | O183: 380797.81 | Q183: 0 | R183: 0 | S183: 0 | T183: 322750.17 | V183: 0 | W183: 0 | X183: 0 | Y183: 338344.74 | AA183: 142605 | AB183: 0 | AC183: 0 | AD183: 0 | AE183: 0.30194205
A184: 142610 De 31 a 90 días | B184: 0 | C184: 0 | D184: 0 | E184: 746920.71 | G184: 0 | H184: 0 | I184: 0 | J184: 766318.65 | L184: 0 | M184: 0 | N184: 0 | O184: 614187.42 | Q184: 0 | R184: 0 | S184: 0 | T184: 459418.16 | V184: 0 | W184: 0 | X184: 0 | Y184: 542209.72 | AA184: 142610 | AB184: 0 | AC184: 0 | AD184: 0 | AE184: 0.47471214
A185: 142615 De 91 a 180 días | B185: 0 | C185: 0 | D185: 0 | E185: 924061.65 | G185: 0 | H185: 0 | I185: 0 | J185: 950769.47 | L185: 0 | M185: 0 | N185: 0 | O185: 796217.26 | Q185: 0 | R185: 0 | S185: 0 | T185: 656323.77 | V185: 0 | W185: 0 | X185: 0 | Y185: 743636.81 | AA185: 142615 | AB185: 0 | AC185: 0 | AD185: 0 | AE185: 0.63490654
A186: 142620 De 181 a 360 días | B186: 0 | C186: 0 | D186: 0 | E186: 1464687.2 | G186: 0 | H186: 0 | I186: 0 | J186: 1440654.6 | L186: 0 | M186: 0 | N186: 0 | O186: 1199708.9 | Q186: 0 | R186: 0 | S186: 0 | T186: 1123481.8 | V186: 0 | W186: 0 | X186: 0 | Y186: 1286743.7 | AA186: 142620 | AB186: 0 | AC186: 0 | AD186: 0 | AE186: 0.92028163
A187: 142625 De más de 360 días | B187: 0 | C187: 0 | D187: 0 | E187: 1573951.4 | G187: 0 | H187: 0 | I187: 0 | J187: 2046652.2 | L187: 0 | M187: 0 | N187: 0 | O187: 1938661.3 | Q187: 0 | R187: 0 | S187: 0 | T187: 1972151.1 | V187: 0 | W187: 0 | X187: 0 | Y187: 1953900.3 | AA187: 142625 | AB187: 0 | AC187: 0 | AD187: 0 | AE187: 0.89980768
... A199: 142825 De más de 360 días | B199: 0 | C199: 0 | D199: 0 | E199: 663521.14 | G199: 0 | H199: 0 | I199: 4345051.9 | J199: 3831805.6 | L199: 0 | M199: 0 | N199: 4036930.6 | O199: 2172033.6 | Q199: 0 | R199: 0 | S199: 1958380.3 | T199: 1957225.6 | V199: 0 | W199: 0 | X199: 2335601.9 | Y199: 4591864.3 | AA199: 142825 | AB199: 2045570.1 | AC199: 0 | AD199: 0 | AE199: 7.4831457
A200: 1429 Cartera de crédito educativo que no devenga intereses | AA200: 1429 | AB200: 0 | AC200: 0 | AD200: 0 | AE200: 0
A201: 142905 De 1 a 30 días | AA201: 142905 | AB201: 0 | AC201: 0 | AD201: 0 | AE201: 0
A202: 142910 De 31 a 90 días | AA202: 142910 | AB202: 0 | AC202: 0 | AD202: 0 | AE202: 0
A203: 142915 De 91 a 180 días | AA203: 142915 | AB203: 0 | AC203: 0 | AD203: 0 | AE203: 0
A204: 142920 De 181 a 360 días | AA204: 142920 | AB204: 0 | AC204: 0 | AD204: 0 | AE204: 0
A205: 142925 De más de 360 días | AA205: 142925 | AB205: 0 | AC205: 0 | AD205: 0 | AE205: 0
A206: 1433 Cartera de créditos comercial refinanciada que no devenga intereses | AA206: 1433 | AB206: 0 | AC206: 0 | AD206: 0 | AE206: 0
A207: 143305 De 1 a 30 días | AA207: 143305 | AB207: 0 | AC207: 0 | AD207: 0 | AE207: 0
A208: 143310 De 31 a 90 | AA208: 143310 | AB208: 0 | AC208: 0 | AD208: 0 | AE208: 0
A209: 143315 De 91 a180 días | AA209: 143315 | AB209: 0 | AC209: 0 | AD209: 0 | AE209: 0
A210: 143320 De 181 a 360 días | AA210: 143320 | AB210: 0 | AC210: 0 | AD210: 0 | AE210: 0
A211: 143325 De más de 360 días | AA211: 143325 | AB211: 0 | AC211: 0 | AD211: 0 | AE211: 0
... A235: 143725 De más de 360 días | AA235: 143725 | AB235: 0 | AC235: 0 | AD235: 0 | AE235: 0
A236: 1441 Cartera de creditos comercial reestructurada que no devenga intereses | B236: 0 | C236: 0 | D236: 8148642.7 | E236: 7470989.5 | G236: 0 | H236: 0 | I236: 5361176.5 | J236: 5937979 | L236: 0 | M236: 0 | N236: 5275999.2 | O236: 9425991.4 | Q236: 0 | R236: 0 | S236: 6112533.3 | T236: 22084546 | V236: 0 | W236: 0 | X236: 1385094 | Y236: 13472271 | AA236: 1441 | AB236: 1310311 | AC236: 0 | AD236: 0 | AE236: 12.920776
A237: 144105 De 1 a 30 dias | B237: 0 | C237: 0 | D237: 4201512.2 | E237: 616176.8 | G237: 0 | H237: 0 | I237: 11769.1 | J237: 427196.39 | L237: 0 | M237: 0 | N237: 35635.41 | O237: 474469.78 | Q237: 0 | R237: 0 | S237: 1266584 | T237: 1623932 | V237: 0 | W237: 0 | X237: 120201.45 | Y237: 1246713.1 | AA237: 144105 | AB237: 9585.98 | AC237: 0 | AD237: 0 | AE237: 1.4086235
A238: 144110 De 31 a 90 dias | B238: 0 | C238: 0 | D238: 48017.1 | E238: 278653.06 | G238: 0 | H238: 0 | I238: 91280.19 | J238: 246557.89 | L238: 0 | M238: 0 | N238: 118086.22 | O238: 448354.78 | Q238: 0 | R238: 0 | S238: 165077.6 | T238: 1400365.4 | V238: 0 | W238: 0 | X238: 86862.21 | Y238: 930416.26 | AA238: 144110 | AB238: 7888.17 | AC238: 0 | AD238: 0 | AE238: 0.80132339
A239: 144115 De 91 a 180 dias | B239: 0 | C239: 0 | D239: 61414.3 | E239: 517036.56 | G239: 0 | H239: 0 | I239: 185365.07 | J239: 571028.94 | L239: 0 | M239: 0 | N239: 187814.35 | O239: 900329.88 | Q239: 0 | R239: 0 | S239: 598237.36 | T239: 2055014.7 | V239: 0 | W239: 0 | X239: 130752.56 | Y239: 1328021.1 | AA239: 144115 | AB239: 32612.81 | AC239: 0 | AD239: 0 | AE239: 1.300639
A240: 144120 De 181 a 360 dias | B240: 0 | C240: 0 | D240: 157719.77 | E240: 2278314.5 | G240: 0 | H240: 0 | I240: 287831.47 | J240: 1617045.6 | L240: 0 | M240: 0 | N240: 323629.72 | O240: 1925399.6 | Q240: 0 | R240: 0 | S240: 569978.53 | T240: 4010246.3 | V240: 0 | W240: 0 | X240: 263206.55 | Y240: 2439987.5 | AA240: 144120 | AB240: 59623.4 | AC240: 0 | AD240: 0 | AE240: 2.3603503
A241: 144125 De mas de 360 dias | B241: 0 | C241: 0 | D241: 3679979.3 | E241: 3780808.6 | G241: 0 | H241: 0 | I241: 4784930.7 | J241: 3076150.2 | L241: 0 | M241: 0 | N241: 4610833.5 | O241: 5677437.5 | Q241: 0 | R241: 0 | S241: 3512655.9 | T241: 12994988 | V241: 0 | W241: 0 | X241: 784071.2 | Y241: 7527132.8 | AA241: 144125 | AB241: 1200600.6 | AC241: 0 | AD241: 0 | AE241: 7.0498402
A242: 1442 Cartera de creditos de consumo reestruturada que no devenga intereses | B242: 0 | C242: 0 | D242: 0 | E242: 32462 | G242: 0 | H242: 0 | I242: 0 | J242: 48539.18 | L242: 0 | M242: 0 | N242: 0 | O242: 162864.21 | Q242: 0 | R242: 0 | S242: 0 | T242: 124439 | V242: 0 | W242: 0 | X242: 0 | Y242: 142302.07 | AA242: 1442 | AB242: 0 | AC242: 0 | AD242: 0 | AE242: 0.07198507
A243: 144205 De 1 a 30 dias | B243: 0 | C243: 0 | D243: 0 | E243: 4488 | G243: 0 | H243: 0 | I243: 0 | J243: 2522 | L243: 0 | M243: 0 | N243: 0 | O243: 14126 | Q243: 0 | R243: 0 | S243: 0 | T243: 12487 | V243: 0 | W243: 0 | X243: 0 | Y243: 8689.02 | AA243: 144205 | AB243: 0 | AC243: 0 | AD243: 0 | AE243: 0.00598355
A244: 144210 De 31 a 90 dias | B244: 0 | C244: 0 | D244: 0 | E244: 3034 | G244: 0 | H244: 0 | I244: 0 | J244: 6070.53 | L244: 0 | M244: 0 | N244: 0 | O244: 18041 | Q244: 0 | R244: 0 | S244: 0 | T244: 10911 | V244: 0 | W244: 0 | X244: 0 | Y244: 13472.44 | AA244: 144210 | AB244: 0 | AC244: 0 | AD244: 0 | AE244: 0.00830958
A245: 144215 De 91 a 180 dias | B245: 0 | C245: 0 | D245: 0 | E245: 10845 | G245: 0 | H245: 0 | I245: 0 | J245: 8652 | L245: 0 | M245: 0 | N245: 0 | O245: 22098.21 | Q245: 0 | R245: 0 | S245: 0 | T245: 16968 | V245: 0 | W245: 0 | X245: 0 | Y245: 23752.16 | AA245: 144215 | AB245: 0 | AC245: 0 | AD245: 0 | AE245: 0.01124177
A246: 144220 De 181a 360 dias | B246: 0 | C246: 0 | D246: 0 | E246: 9306 | G246: 0 | H246: 0 | I246: 0 | J246: 14074.93 | L246: 0 | M246: 0 | N246: 0 | O246: 44813 | Q246: 0 | R246: 0 | S246: 0 | T246: 31302 | V246: 0 | W246: 0 | X246: 0 | Y246: 32550.79 | AA246: 144220 | AB246: 0 | AC246: 0 | AD246: 0 | AE246: 0.0199571
A247: 144225 De mas de 360 dias | B247: 0 | C247: 0 | D247: 0 | E247: 4789 | G247: 0 | H247: 0 | I247: 0 | J247: 17219.72 | L247: 0 | M247: 0 | N247: 0 | O247: 63786 | Q247: 0 | R247: 0 | S247: 0 | T247: 52771 | V247: 0 | W247: 0 | X247: 0 | Y247: 63837.66 | AA247: 144225 | AB247: 0 | AC247: 0 | AD247: 0 | AE247: 0.02649307
... A259: 144425 De mas de 360 dias | B259: 0 | C259: 0 | D259: 0 | E259: 0 | G259: 0 | H259: 0 | I259: 0 | J259: 2100 | L259: 0 | M259: 0 | N259: 0 | O259: 13112.13 | Q259: 0 | R259: 0 | S259: 0 | T259: 76140.83 | V259: 0 | W259: 0 | X259: 0 | Y259: 168642.31 | AA259: 144425 | AB259: 0 | AC259: 0 | AD259: 0 | AE259: 0.05965586
...

Sheet BNF
A1: Banco Nacional de Fomento
A2: En millones de dólares
B5: 2007 | C5: 2008 | D5: 2009 | E5: 2010 | F5: 2011 | G5: 2012
A6: 1 ACTIVO | B6: 625.44115 | C6: 832.26041 | D6: 1120.9801 | E6: 1297.2693 | F6: 1342.3954 | G6: 1775.6159
A7: 11 FONDOS DISPONIBLES | B7: 89.142163 | C7: 99.131064 | D7: 194.41334 | E7: 113.63662 | F7: 176.42869 | G7: 91.807389
A8: 1101 Caja | B8: 10.490216 | C8: 11.222411 | D8: 13.16452 | E8: 13.736825 | F8: 13.810986 | G8: 17.498699
A9: 110105 Efectivo | B9: 10.486198 | C9: 11.219007 | D9: 13.160597 | E9: 13.732681 | F9: 13.806934 | G9: 17.488997
A10: 110110 Caja chica | B10: 0.0040181 | C10: 0.00340409 | D10: 0.0039221 | E10: 0.00414392 | F10: 0.0040517 | G10: 0.00970175
A11: 1102 Depósitos para encaje | B11: 20.254382 | C11: 23.666865 | D11: 27.205088 | E11: 16.026298 | F11: 82.292379 | G11: 70.298499
A12: 110205 Banco Central del Ecuador | B12: 20.254382 | C12: 23.666865 | D12: 27.205088 | E12: 16.026298 | F12: 82.292379 | G12: 70.298499
A13: 110210 Banco Nacional de Fomento | B13: 0 | C13: 0 | D13: 0 | E13: 0 | F13: 0 | G13: 0
A14: 110215 Bancos locales | B14: 0 | C14: 0 | D14: 0 | E14: 0 | F14: 0 | G14: 0
A15: 1103 Bancos y otras instituciones financieras | B15: 56.672298 | C15: 62.879835 | D15: 153.17139 | E15: 81.673916 | F15: 79.2388 | G15: 0.31715288
A16: 110310 Bancos e instituciones financieras locales | B16: 0 | C16: 0 | D16: 0 | E16: 0 | F16: 0.08883158 | G16: 0.31144024
A17: 110315 Bancos e instituciones financieras del exterior | B17: 0 | C17: 0 | D17: 0 | E17: 0 | F17: 0 | G17: 0
... A1221: 170120 Viviendas y otras obras terminadas | B1221: 0 | C1221: 0 | D1221: 0 | E1221: 0 | F1221: 0 | G1221: 0

Sheet Cuentas
B3: BNF | K3: BEV | S3: CFN | AA3: BEDE
B4: 2007 | C4: 2008 | D4: 2009 | E4: 2010 | F4: 2011 | G4: 2012 | H4: 2013 | K4: 2008 | L4: 2009 | M4: 2010 | N4: 2011 | O4: 2012 | P4: 2013 | S4: 2008 | T4: 2009 | U4: 2010 | V4: 2011 | W4: 2012 | X4: 2013 | AA4: 2008 | AB4: 2009 | AC4: 2010 | AD4: 2011 | AE4: 2012 | AF4: 2013
A5: Activos | B5: =+Sistema!#REF! -> #REF! | C5: =+Sistema!B6 -> 832.26041 | D5: =+Sistema!C6 -> 1120.9801 | E5: =+Sistema!D6 -> 1297.2693 | F5: =+Sistema!E6 -> 1342.3954 | G5: =+Sistema!F6 -> 1775.6159 | H5: =+Sistema!G6 -> 1776.661 | K5: =+Sistema!I6 -> 138.80335 | L5: =+Sistema!J6 -> 196.99797 | M5: =+Sistema!K6 -> 299.21908 | N5: =+Sistema!L6 -> 295.21733 | O5: =+Sistema!M6 -> 267.69246 | P5: =+Sistema!N6 -> 179.41311 | S5: =+Sistema!P6 -> 658.50138 | T5: =+Sistema!Q6 -> 1229.7828 | U5: =+Sistema!R6 -> 1344.1075 | V5: =+Sistema!S6 -> 1513.0418 | W5: =+Sistema!T6 -> 2599.1209 | X5: =+Sistema!U6 -> 3378.1254 | AA5: =+Sistema!W6 -> 559.45546 | AB5: =+Sistema!X6 -> 835.41879 | AC5: =+Sistema!Y6 -> 1137.8176 | AD5: =+Sistema!Z6 -> 1239.0403 | AE5: =+Sistema!AA6 -> 1701.6739 | AF5: =+Sistema!AB6 -> 1838.8758
B6: =+B7/B5 -> #REF! | C6: =+C7/C5 -> 0.76745214 | D6: =+D7/D5 -> 0.79095809 | E6: =+E7/E5 -> 0.79755408 | F6: =+F7/F5 -> 0.78870469 | G6: =+G7/G5 -> 0.78487704 | H6: =+H7/H5 -> 0.83863814 | I6: =+AVERAGE(C6:G6) -> 0.78590921 | K6: =+K7/K5 -> 0.5461008 | L6: =+L7/L5 -> 0.4876826 | M6: =+M7/M5 -> 0.47649272 | N6: =+N7/N5 -> 0.72830596 | O6: =+O7/O5 -> 0.66862555 | P6: =+P7/P5 -> 0.6743543 | S6: =+S7/S5 -> 0.88950152 | T6: =+T7/T5 -> 0.83011804 | U6: =+U7/U5 -> 0.85200745 | V6: =+V7/V5 -> 0.85822421 | W6: =+W7/W5 -> 0.89395109 | X6: =+X7/X5 -> 0.90033797 | AA6: =+AA7/AA5 -> 0.99191548 | AB6: =+AB7/AB5 -> 0.9826566 | AC6: =+AC7/AC5 -> 0.97081356 | AD6: =+AD7/AD5 -> 0.89953069 | AE6: =+AE7/AE5 -> 0.9510638 | AF6: =+AF7/AF5 -> 0.93250315
A7: Activos productivos | B7: =+B8+B9+B10+B12+B25+B26 -> #REF! | C7: =+C8+C9+C10+C12+C25+C26 -> 638.72003 | D7: =+D8+D9+D10+D12+D25+D26 -> 886.64825 | E7: =+E8+E9+E10+E12+E25+E26 -> 1034.6424 | F7: =+F8+F9+F10+F12+F25+F26 -> 1058.7535 | G7: =+G8+G9+G10+G12+G25+G26 -> 1393.6401 | H7: =+H8+H9+H10+H12+H25+H26 -> 1489.9757 | K7: =+K8+K9+K10+K12+K25+K26 -> 75.800619 | L7: =+L8+L9+L10+L12+L25+L26 -> 96.072483 | M7: =+M8+M9+M10+M12+M25+M26 -> 142.57571 | N7: =+N8+N9+N10+N12+N25+N26 -> 215.00854 | O7: =+O8+O9+O10+O12+O25+O26 -> 178.98602 | P7: =+P8+P9+P10+P12+P25+P26 -> 120.988 | S7: =+S8+S9+S10+S12+S25+S26 -> 585.73798 | T7: =+T8+T9+T10+T12+T25+T26 -> 1020.8649 | U7: =+U8+U9+U10+U12+U25+U26 -> 1145.1896 | V7: =+V8+V9+V10+V12+V25+V26 -> 1298.5291 | W7: =+W8+W9+W10+W12+W25+W26 -> 2323.487 | X7: =+X8+X9+X10+X12+X25+X26 -> 3041.4546 | AA7: =+AA8+AA9+AA10+AA12+AA25+AA26 -> 554.93253 | AB7: =+AB8+AB9+AB10+AB12+AB25+AB26 -> 820.92979 | AC7: =+AC8+AC9+AC10+AC12+AC25+AC26 -> 1104.6087 | AD7: =+AD8+AD9+AD10+AD12+AD25+AD26 -> 1114.5548 | AE7: =+AE8+AE9+AE10+AE12+AE25+AE26 -> 1618.4005 | AF7: =+AF8+AF9+AF10+AF12+AF25+AF26 -> 1714.7575
A8: =+Sistema!A15 -> 1103 Bancos y otras instituciones financieras | B8: =+Sistema!#REF! -> #REF! | C8: =+Sistema!B15 -> 62.879835 | D8: =+Sistema!C15 -> 153.17139 | E8: =+Sistema!D15 -> 81.673916 | F8: =+Sistema!E15 -> 79.2388 | G8: =+Sistema!F15 -> 0.31715288 | H8: =+Sistema!G15 -> 33.239468 | K8: =+Sistema!I15 -> 0 | L8: =+Sistema!J15 -> 0 | M8: =+Sistema!K15 -> 0 | N8: =+Sistema!L15 -> 0 | O8: =+Sistema!M15 -> 0 | P8: =+Sistema!N15 -> 0 | S8: =+Sistema!P15 -> 47.96565 | T8: =+Sistema!Q15 -> 119.02809 | U8: =+Sistema!R15 -> 20.372745 | V8: =+Sistema!S15 -> 71.558176 | W8: =+Sistema!T15 -> 60.408266 | X8: =+Sistema!U15 -> 54.94747 | AA8: =+Sistema!W15 -> 104.29187 | AB8: =+Sistema!X15 -> 80.819807 | AC8: =+Sistema!Y15 -> 64.747244 | AD8: =+Sistema!Z15 -> 126.37197 | AE8: =+Sistema!AA15 -> 163.64368 | AF8: =+Sistema!AB15 -> 236.79556
A9: =+Sistema!A22 -> 12 OPERACIONES INTERBANCARIAS | B9: =+Sistema!#REF! -> #REF! | C9: =+Sistema!B22 -> 0 | D9: =+Sistema!C22 -> 0 | E9: =+Sistema!D22 -> 0 | F9: =+Sistema!E22 -> 0 | G9: =+Sistema!F22 -> 0 | H9: =+Sistema!G22 -> 0 | K9: =+Sistema!I22 -> 0 | L9: =+Sistema!J22 -> 0 | M9: =+Sistema!K22 -> 0 | N9: =+Sistema!L22 -> 0 | O9: =+Sistema!M22 -> 0 | P9: =+Sistema!N22 -> 0 | S9: =+Sistema!P22 -> 0 | T9: =+Sistema!Q22 -> 0 | U9: =+Sistema!R22 -> 2 | V9: =+Sistema!S22 -> 0 | W9: =+Sistema!T22 -> 0 | X9: =+Sistema!U22 -> 0 | AA9: =+Sistema!W22 -> 0 | AB9: =+Sistema!X22 -> 0 | AC9: =+Sistema!Y22 -> 0 | AD9: =+Sistema!Z22 -> 0 | AE9: =+Sistema!AA22 -> 0 | AF9: =+Sistema!AB22 -> 0
A10: =+Sistema!A33 -> 13 INVERSIONES | B10: =+Sistema!#REF! -> #REF! | C10: =+Sistema!B33 -> 32.90211 | D10: =+Sistema!C33 -> 94.134006 | E10: =+Sistema!D33 -> 60.321001 | F10: =+Sistema!E33 -> 103.71588 | G10: =+Sistema!F33 -> 533.09946 | H10: =+Sistema!G33 -> 467.60422 | K10: =+Sistema!I33 -> 25.564157 | L10: =+Sistema!J33 -> 46.243349 | M10: =+Sistema!K33 -> 46.172871 | N10: =+Sistema!L33 -> 52.733256 | O10: =+Sistema!M33 -> 16.13454 | P10: =+Sistema!N33 -> 28.884918 | S10: =+Sistema!P33 -> 104.8974 | T10: =+Sistema!Q33 -> 237.79459 | U10: =+Sistema!R33 -> 278.45329 | V10: =+Sistema!S33 -> 244.1259 | W10: =+Sistema!T33 -> 668.55 | X10: =+Sistema!U33 -> 1154.0897 | AA10: =+Sistema!W33 -> 0.80350111 | AB10: =+Sistema!X33 -> 0.40216156 | AC10: =+Sistema!Y33 -> 155.12831 | AD10: =+Sistema!Z33 -> 61.220859 | AE10: =+Sistema!AA33 -> 478.49 | AF10: =+Sistema!AB33 -> 478.5135
A11: =+Sistema!A85 -> 14 CARTERA DE CREDITOS | B11: =+Sistema!#REF! -> #REF! | C11: =+Sistema!B85 -> 559.99475 | D11: =+Sistema!C85 -> 631.78784 | E11: =+Sistema!D85 -> 934.48229 | F11: =+Sistema!E85 -> 902.65256 | G11: =+Sistema!F85 -> 886.92515 | H11: =+Sistema!G85 -> 994.72367 | K11: =+Sistema!I85 -> 42.338606 | L11: =+Sistema!J85 -> 39.18595 | M11: =+Sistema!K85 -> 84.689318 | N11: =+Sistema!L85 -> 154.57051 | O11: =+Sistema!M85 -> 169.25637 | P11: =+Sistema!N85 -> 83.145815 | S11: =+Sistema!P85 -> 386.75461 | T11: =+Sistema!Q85 -> 626.54671 | U11: =+Sistema!R85 -> 801.94467 | V11: =+Sistema!S85 -> 942.91879 | W11: =+Sistema!T85 -> 1120.9037 | X11: =+Sistema!U85 -> 1270.7331 | AA11: =+Sistema!W85 -> 438.18132 | AB11: =+Sistema!X85 -> 729.37508 | AC11: =+Sistema!Y85 -> 873.16286 | AD11: =+Sistema!Z85 -> 915.27995 | AE11: =+Sistema!AA85 -> 965.01915 | AF11: =+Sistema!AB85 -> 994.86229
A12: Por vencer | B12: =SUM(B13:B17) -> #REF! | C12: =SUM(C13:C17) -> 530.16065 | D12: =SUM(D13:D17) -> 595.33282 | E12: =SUM(E13:E17) -> 890.9004 | F12: =SUM(F13:F17) -> 874.16601 | G12: =SUM(G13:G17) -> 857.97437 | H12: =SUM(H13:H17) -> 986.92263 | K12: =SUM(K13:K17) -> 42.875138 | L12: =SUM(L13:L17) -> 42.387387 | M12: =SUM(M13:M17) -> 88.785232 | N12: =SUM(N13:N17) -> 155.3052 | O12: =SUM(O13:O17) -> 155.905 | P12: =SUM(P13:P17) -> 82.201496 | S12: =SUM(S13:S17) -> 380.80033 | T12: =SUM(T13:T17) -> 608.79903 | U12: =SUM(U13:U17) -> 787.23276 | V12: =SUM(V13:V17) -> 924.40641 | W12: =SUM(W13:W17) -> 1127.5951 | X12: =SUM(X13:X17) -> 1279.6002 | AA12: =SUM(AA13:AA17) -> 449.83715 | AB12: =SUM(AB13:AB17) -> 739.70782 | AC12: =SUM(AC13:AC17) -> 884.73317 | AD12: =SUM(AD13:AD17) -> 926.96198 | AE12: =SUM(AE13:AE18) -> 976.26681 | AF12: =SUM(AF13:AF18) -> 999.44843
A13: Comercial | B13: =+Sistema!#REF!+Sistema!#REF!+Sistema!#REF! -> #REF! | C13: =+Sistema!B86+Sistema!B122+Sistema!B158 -> 426.7881 | D13: =+Sistema!C86+Sistema!C122+Sistema!C158 -> 501.39396 | E13: =+Sistema!D86+Sistema!D122+Sistema!D158 -> 546.99015 | F13: =+Sistema!E86+Sistema!E122+Sistema!E158 -> 634.18133 | G13: =+Sistema!F86+Sistema!F122+Sistema!F158 -> 493.63985 | H13: =+Sistema!G86+Sistema!G122+Sistema!G158 -> 431.5102 | K13: =+Sistema!I86+Sistema!I122+Sistema!I158 -> 26.623461 | L13: =+Sistema!J86+Sistema!J122+Sistema!J158 -> 26.197522 | M13: =+Sistema!K86+Sistema!K122+Sistema!K158 -> 67.244088 | N13: =+Sistema!L86+Sistema!L122+Sistema!L158 -> 136.29766 | O13: =+Sistema!M86+Sistema!M122+Sistema!M158 -> 140.89843 | P13: =+Sistema!N86+Sistema!N122+Sistema!N158 -> 71.177693 | Q13: =+O13/K13 -> 5.2922655 | S13: =+Sistema!P86+Sistema!P122+Sistema!P158 -> 370.06428 | T13: =+Sistema!Q86+Sistema!Q122+Sistema!Q158 -> 583.75888 | U13: =+Sistema!R86+Sistema!R122+Sistema!R158 -> 756.58094 | V13: =+Sistema!S86+Sistema!S122+Sistema!S158 -> 890.57216 | W13: =+Sistema!T86+Sistema!T122+Sistema!T158 -> 1103.6914 | X13: =+Sistema!U86+Sistema!U122+Sistema!U158 -> 1263.1403 | AA13: =+Sistema!W86+Sistema!W122+Sistema!W158 -> 449.83715 | AB13: =+Sistema!X86+Sistema!X122+Sistema!X158 -> 739.70782 | AC13: =+Sistema!Y86+Sistema!Y122+Sistema!Y158 -> 884.73317 | AD13: =+Sistema!Z86+Sistema!Z122+Sistema!Z158 -> 926.96198 | AE13: =+Sistema!AA86+Sistema!AA122+Sistema!AA158 -> 0 | AF13: =+Sistema!AB86+Sistema!AB122+Sistema!AB158 -> 22.181622
A14: Consumo | B14: =+Sistema!#REF!+Sistema!#REF!+Sistema!#REF! -> #REF! | C14: =+Sistema!B92+Sistema!B128+Sistema!B164 -> 34.010011 | D14: =+Sistema!C92+Sistema!C128+Sistema!C164 -> 25.713317 | E14: =+Sistema!D92+Sistema!D128+Sistema!D164 -> 41.116171 | F14: =+Sistema!E92+Sistema!E128+Sistema!E164 -> 44.935299 | G14: =+Sistema!F92+Sistema!F128+Sistema!F164 -> 22.344131 | H14: =+Sistema!G92+Sistema!G128+Sistema!G164 -> 8.0239164 | K14: =+Sistema!I92+Sistema!I128+Sistema!I164 -> 0 | L14: =+Sistema!J92+Sistema!J128+Sistema!J164 -> 0 | M14: =+Sistema!K92+Sistema!K128+Sistema!K164 -> 0 | N14: =+Sistema!L92+Sistema!L128+Sistema!L164 -> 0 | O14: =+Sistema!M92+Sistema!M128+Sistema!M164 -> 0 | P14: =+Sistema!N92+Sistema!N128+Sistema!N164 -> 0 | S14: =+Sistema!P92+Sistema!P128+Sistema!P164 -> 0 | T14: =+Sistema!Q92+Sistema!Q128+Sistema!Q164 -> 0 | U14: =+Sistema!R92+Sistema!R128+Sistema!R164 -> 0 | V14: =+Sistema!S92+Sistema!S128+Sistema!S164 -> 0 | W14: =+Sistema!T92+Sistema!T128+Sistema!T164 -> 0 | X14: =+Sistema!U92+Sistema!U128+Sistema!U164 -> 0 | AA14: =+Sistema!W92+Sistema!W128+Sistema!W164 -> 0 | AB14: =+Sistema!X92+Sistema!X128+Sistema!X164 -> 0 | AC14: =+Sistema!Y92+Sistema!Y128+Sistema!Y164 -> 0 | AD14: =+Sistema!Z92+Sistema!Z128+Sistema!Z164 -> 0 | AE14: =+Sistema!AA92+Sistema!AA128+Sistema!AA164 -> 0 | AF14: =+Sistema!AB92+Sistema!AB128+Sistema!AB164 -> 0
A15: Vivienda | B15: =+Sistema!#REF!+Sistema!#REF!+Sistema!#REF! -> #REF! | C15: =+Sistema!B98+Sistema!B134+Sistema!B170 -> 0 | D15: =+Sistema!C98+Sistema!C134+Sistema!C170 -> 0 | E15: =+Sistema!D98+Sistema!D134+Sistema!D170 -> 0 | F15: =+Sistema!E98+Sistema!E134+Sistema!E170 -> 0 | G15: =+Sistema!F98+Sistema!F134+Sistema!F170 -> 0 | H15: =+Sistema!G98+Sistema!G134+Sistema!G170 -> 0 | K15: =+Sistema!I98+Sistema!I134+Sistema!I170 -> 16.251677 | L15: =+Sistema!J98+Sistema!J134+Sistema!J170 -> 16.189865 | M15: =+Sistema!K98+Sistema!K134+Sistema!K170 -> 21.541145 | N15: =+Sistema!L98+Sistema!L134+Sistema!L170 -> 19.007536 | O15: =+Sistema!M98+Sistema!M134+Sistema!M170 -> 15.006571 | P15: =+Sistema!N98+Sistema!N134+Sistema!N170 -> 11.023804 | Q15: =+O15/$O$12 -> 0.096254585 | S15: =+Sistema!P98+Sistema!P134+Sistema!P170 -> 0 | T15: =+Sistema!Q98+Sistema!Q134+Sistema!Q170 -> 0.66320414 | U15: =+Sistema!R98+Sistema!R134+Sistema!R170 -> 0.55661221 | V15: =+Sistema!S98+Sistema!S134+Sistema!S170 -> 0.41255384 | W15: =+Sistema!T98+Sistema!T134+Sistema!T170 -> 0 | X15: =+Sistema!U98+Sistema!U134+Sistema!U170 -> 0.19427213 | AA15: =+Sistema!W98+Sistema!W134+Sistema!W170 -> 0 | AB15: =+Sistema!X98+Sistema!X134+Sistema!X170 -> 0 | AC15: =+Sistema!Y98+Sistema!Y134+Sistema!Y170 -> 0 | AD15: =+Sistema!Z98+Sistema!Z134+Sistema!Z170 -> 0 | AE15: =+Sistema!AA98+Sistema!AA134+Sistema!AA170 -> 0 | AF15: =+Sistema!AB98+Sistema!AB134+Sistema!AB170 -> 0
A16: Microempresa | B16: =+Sistema!#REF!+Sistema!#REF!+Sistema!#REF! -> #REF! | C16: =+Sistema!B104+Sistema!B140+Sistema!B176 -> 69.362538 | D16: =+Sistema!C104+Sistema!C140+Sistema!C176 -> 68.225548 | E16: =+Sistema!D104+Sistema!D140+Sistema!D176 -> 302.79408 | F16: =+Sistema!E104+Sistema!E140+Sistema!E176 -> 195.04938 | G16: =+Sistema!F104+Sistema!F140+Sistema!F176 -> 341.99039 | H16: =+Sistema!G104+Sistema!G140+Sistema!G176 -> 547.38851 | K16: =+Sistema!I104+Sistema!I140+Sistema!I176 -> 0 | L16: =+Sistema!J104+Sistema!J140+Sistema!J176 -> 0 | M16: =+Sistema!K104+Sistema!K140+Sistema!K176 -> 0 | N16: =+Sistema!L104+Sistema!L140+Sistema!L176 -> 0 | O16: =+Sistema!M104+Sistema!M140+Sistema!M176 -> 0 | P16: =+Sistema!N104+Sistema!N140+Sistema!N176 -> 0 | S16: =+Sistema!P104+Sistema!P140+Sistema!P176 -> 10.736042 | T16: =+Sistema!Q104+Sistema!Q140+Sistema!Q176 -> 24.376947 | U16: =+Sistema!R104+Sistema!R140+Sistema!R176 -> 30.095201 | V16: =+Sistema!S104+Sistema!S140+Sistema!S176 -> 33.421697 | W16: =+Sistema!T104+Sistema!T140+Sistema!T176 -> 23.90373 | X16: =+Sistema!U104+Sistema!U140+Sistema!U176 -> 16.265634 | AA16: =+Sistema!W104+Sistema!W140+Sistema!W176 -> 0 | AB16: =+Sistema!X104+Sistema!X140+Sistema!X176 -> 0 | AC16: =+Sistema!Y104+Sistema!Y140+Sistema!Y176 -> 0 | AD16: =+Sistema!Z104+Sistema!Z140+Sistema!Z176 -> 0 | AE16: =+Sistema!AA104+Sistema!AA140+Sistema!AA176 -> 0 | AF16: =+Sistema!AB104+Sistema!AB140+Sistema!AB176 -> 0
A17: Educativo | B17: =+Sistema!#REF!+Sistema!#REF!+Sistema!#REF! -> #REF! | C17: =+Sistema!B110+Sistema!B146+Sistema!B182 -> 0 | D17: =+Sistema!C110+Sistema!C146+Sistema!C182 -> 0 | E17: =+Sistema!D110+Sistema!D146+Sistema!D182 -> 0 | F17: =+Sistema!E110+Sistema!E146+Sistema!E182 -> 0 | G17: =+Sistema!F110+Sistema!F146+Sistema!F182 -> 0 | H17: =+Sistema!G110+Sistema!G146+Sistema!G182 -> 0 | K17: =+Sistema!I110+Sistema!I146+Sistema!I182 -> 0 | L17: =+Sistema!J110+Sistema!J146+Sistema!J182 -> 0 | M17: =+Sistema!K110+Sistema!K146+Sistema!K182 -> 0 | N17: =+Sistema!L110+Sistema!L146+Sistema!L182 -> 0 | O17: =+Sistema!M110+Sistema!M146+Sistema!M182 -> 0 | P17: =+Sistema!N110+Sistema!N146+Sistema!N182 -> 0 | S17: =+Sistema!P110+Sistema!P146+Sistema!P182 -> 0 | T17: =+Sistema!Q110+Sistema!Q146+Sistema!Q182 -> 0 | U17: =+Sistema!R110+Sistema!R146+Sistema!R182 -> 0 | V17: =+Sistema!S110+Sistema!S146+Sistema!S182 -> 0 | W17: =+Sistema!T110+Sistema!T146+Sistema!T182 -> 0 | X17: =+Sistema!U110+Sistema!U146+Sistema!U182 -> 0 | AA17: =+Sistema!W110+Sistema!W146+Sistema!W182 -> 0 | AB17: =+Sistema!X110+Sistema!X146+Sistema!X182 -> 0 | AC17: =+Sistema!Y110+Sistema!Y146+Sistema!Y182 -> 0 | AD17: =+Sistema!Z110+Sistema!Z146+Sistema!Z182 -> 0 | AE17: =+Sistema!AA110+Sistema!AA146+Sistema!AA182 -> 0 | AF17: =+Sistema!AB110+Sistema!AB146+Sistema!AB182 -> 0
A18: Inversión pública | C18: =+C19/C12 -> 0.15655933 | D18: =+D19/D12 -> 0.18084429 | E18: =+E19/E12 -> 0.14661819 | F18: =+F19/F12 -> 0.14033952 | G18: =+G19/G12 -> 0.16444982 | H18: =+H19/H12 -> 0.14478794 | K18: =+K13/K12 -> 0.62095337 | L18: =+L13/L12 -> 0.61804994 | M18: =+M13/M12 -> 0.75737919 | N18: =+N13/N12 -> 0.87761172 | O18: =+O13/O12 -> 0.90374541 | P18: =+P13/P12 -> 0.86589291 | T18: =+T19/S19-1 -> 1.1201876 | U18: =+U19/T19-1 -> 0.33208431 | V18: =+V19/U19-1 -> 0.21184888 | W18: =+W19/V19-1 -> -0.21979751 | X18: =+X19/W19-1 -> -0.017746945 | Y18: =+W19/S19 -> 2.6703107 | AE18: 976.26681 | AF18: 977.26681
A19: Vencida | B19: =SUM(B20:B24) -> #REF! | C19: =SUM(C20:C24) -> 83.001594 | D19: =SUM(D20:D24) -> 107.66254 | E19: =SUM(E20:E24) -> 130.6222 | F19: =SUM(F20:F24) -> 122.68004 | G19: =SUM(G20:G24) -> 141.09373 | H19: =SUM(H20:H24) -> 142.8945 | K19: =SUM(K20:K24) -> 4.5395839 | L19: =SUM(L20:L24) -> 2.1308302 | M19: =SUM(M20:M24) -> 0.92924925 | N19: =SUM(N20:N24) -> 6.9086745 | O19: =SUM(O20:O24) -> 35.272725 | P19: =SUM(P20:P24) -> 27.573068 | S19: =SUM(S20:S24) -> 26.65773 | T19: =SUM(T20:T24) -> 56.519387 | U19: =SUM(U20:U24) -> 75.288589 | V19: =SUM(V20:V24) -> 91.238393 | W19: =SUM(W20:W24) -> 71.184422 | X19: =SUM(X20:X24) -> 69.921115 | Y19: =+W19/V19-1 -> -0.21979751 | AA19: =SUM(AA20:AA24) -> 0 | AB19: =SUM(AB20:AB24) -> 1.1709128 | AC19: =SUM(AC20:AC24) -> 0 | AD19: =SUM(AD20:AD24) -> 0 | AE19: =SUM(AE20:AE24) -> 0 | AF19: =SUM(AF20:AF24) -> 14.289739
A20: Comercial | B20: =+Sistema!#REF!+Sistema!#REF!+Sistema!#REF!+Sistema!#REF!+Sistema!#REF!+Sistema!#REF! -> #REF! | C20: =+Sistema!B188+Sistema!B218+Sistema!B248+Sistema!B278+Sistema!B309+Sistema!B340 -> 61.798031 | D20: =+Sistema!C188+Sistema!C218+Sistema!C248+Sistema!C278+Sistema!C309+Sistema!C340 -> 81.855328 | E20: =+Sistema!D188+Sistema!D218+Sistema!D248+Sistema!D278+Sistema!D309+Sistema!D340 -> 118.92184 | F20: =+Sistema!E188+Sistema!E218+Sistema!E248+Sistema!E278+Sistema!E309+Sistema!E340 -> 106.55061 | G20: =+Sistema!F188+Sistema!F218+Sistema!F248+Sistema!F278+Sistema!F309+Sistema!F340 -> 121.40441 | H20: =+Sistema!G188+Sistema!G218+Sistema!G248+Sistema!G278+Sistema!G309+Sistema!G340 -> 84.058758 | I20: =+H20/G20-1 -> -0.30761365 | K20: =+Sistema!I188+Sistema!I218+Sistema!I248+Sistema!I278+Sistema!I309+Sistema!I340 -> 0.0167326 | L20: =+Sistema!J188+Sistema!J218+Sistema!J248+Sistema!J278+Sistema!J309+Sistema!J340 -> 0.00048014 | M20: =+Sistema!K188+Sistema!K218+Sistema!K248+Sistema!K278+Sistema!K309+Sistema!K340 -> 0.00048014 | N20: =+Sistema!L188+Sistema!L218+Sistema!L248+Sistema!L278+Sistema!L309+Sistema!L340 -> 6.1999051 | O20: =+Sistema!M188+Sistema!M218+Sistema!M248+Sistema!M278+Sistema!M309+Sistema!M340 -> 34.466517 | P20: =+Sistema!N188+Sistema!N218+Sistema!N248+Sistema!N278+Sistema!N309+Sistema!N340 -> 27.127139 | S20: =+Sistema!P188+Sistema!P218+Sistema!P248+Sistema!P278+Sistema!P309+Sistema!P340 -> 20.9258 | T20: =+Sistema!Q188+Sistema!Q218+Sistema!Q248+Sistema!Q278+Sistema!Q309+Sistema!Q340 -> 50.135054 | U20: =+Sistema!R188+Sistema!R218+Sistema!R248+Sistema!R278+Sistema!R309+Sistema!R340 -> 71.598145 | V20: =+Sistema!S188+Sistema!S218+Sistema!S248+Sistema!S278+Sistema!S309+Sistema!S340 -> 87.122235 | W20: =+Sistema!T188+Sistema!T218+Sistema!T248+Sistema!T278+Sistema!T309+Sistema!T340 -> 67.201095 | X20: =+Sistema!U188+Sistema!U218+Sistema!U248+Sistema!U278+Sistema!U309+Sistema!U340 -> 66.492503 | Y20: =+W20/V20-1 -> -0.22865736 | AA20: =+Sistema!W188+Sistema!W218+Sistema!W248+Sistema!W278+Sistema!W309+Sistema!W340 -> 0 | AB20: =+Sistema!X188+Sistema!X218+Sistema!X248+Sistema!X278+Sistema!X309+Sistema!X340 -> 1.1709128 | AC20: =+Sistema!Y188+Sistema!Y218+Sistema!Y248+Sistema!Y278+Sistema!Y309+Sistema!Y340 -> 0 | AD20: =+Sistema!Z188+Sistema!Z218+Sistema!Z248+Sistema!Z278+Sistema!Z309+Sistema!Z340 -> 0 | AE20: =+Sistema!AA188+Sistema!AA218+Sistema!AA248+Sistema!AA278+Sistema!AA309+Sistema!AA340 -> 0 | AF20: =+Sistema!AB188+Sistema!AB218+Sistema!AB248+Sistema!AB278+Sistema!AB309+Sistema!AB340 -> 14.289739
A21: Consumo | B21: =+Sistema!#REF!+Sistema!#REF!+Sistema!#REF!+Sistema!#REF!+Sistema!#REF!+Sistema!#REF! -> #REF! | C21: =+Sistema!B194+Sistema!B224+Sistema!B254+Sistema!B284+Sistema!B315+Sistema!B346 -> 7.6974035 | D21: =+Sistema!C194+Sistema!C224+Sistema!C254+Sistema!C284+Sistema!C315+Sistema!C346 -> 6.4889429 | E21: =+Sistema!D194+Sistema!D224+Sistema!D254+Sistema!D284+Sistema!D315+Sistema!D346 -> 5.9565404 | F21: =+Sistema!E194+Sistema!E224+Sistema!E254+Sistema!E284+Sistema!E315+Sistema!E346 -> 6.1694308 | G21: =+Sistema!F194+Sistema!F224+Sistema!F254+Sistema!F284+Sistema!F315+Sistema!F346 -> 4.7720038 | H21: =+Sistema!G194+Sistema!G224+Sistema!G254+Sistema!G284+Sistema!G315+Sistema!G346 -> 1.9800363 | K21: =+Sistema!I194+Sistema!I224+Sistema!I254+Sistema!I284+Sistema!I315+Sistema!I346 -> 0 | L21: =+Sistema!J194+Sistema!J224+Sistema!J254+Sistema!J284+Sistema!J315+Sistema!J346 -> 0 | M21: =+Sistema!K194+Sistema!K224+Sistema!K254+Sistema!K284+Sistema!K315+Sistema!K346 -> 0 | N21: =+Sistema!L194+Sistema!L224+Sistema!L254+Sistema!L284+Sistema!L315+Sistema!L346 -> 0 | O21: =+Sistema!M194+Sistema!M224+Sistema!M254+Sistema!M284+Sistema!M315+Sistema!M346 -> 0 | P21: =+Sistema!N194+Sistema!N224+Sistema!N254+Sistema!N284+Sistema!N315+Sistema!N346 -> 0 | S21: =+Sistema!P194+Sistema!P224+Sistema!P254+Sistema!P284+Sistema!P315+Sistema!P346 -> 0 | T21: =+Sistema!Q194+Sistema!Q224+Sistema!Q254+Sistema!Q284+Sistema!Q315+Sistema!Q346 -> 0 | U21: =+Sistema!R194+Sistema!R224+Sistema!R254+Sistema!R284+Sistema!R315+Sistema!R346 -> 0 | V21: =+Sistema!S194+Sistema!S224+Sistema!S254+Sistema!S284+Sistema!S315+Sistema!S346 -> 0 | W21: =+Sistema!T194+Sistema!T224+Sistema!T254+Sistema!T284+Sistema!T315+Sistema!T346 -> 0 | X21: =+Sistema!U194+Sistema!U224+Sistema!U254+Sistema!U284+Sistema!U315+Sistema!U346 -> 0 | AA21: =+Sistema!W194+Sistema!W224+Sistema!W254+Sistema!W284+Sistema!W315+Sistema!W346 -> 0 | AB21: =+Sistema!X194+Sistema!X224+Sistema!X254+Sistema!X284+Sistema!X315+Sistema!X346 -> 0 | AC21: =+Sistema!Y194+Sistema!Y224+Sistema!Y254+Sistema!Y284+Sistema!Y315+Sistema!Y346 -> 0 | AD21: =+Sistema!Z194+Sistema!Z224+Sistema!Z254+Sistema!Z284+Sistema!Z315+Sistema!Z346 -> 0 | AE21: =+Sistema!AA194+Sistema!AA224+Sistema!AA254+Sistema!AA284+Sistema!AA315+Sistema!AA346 -> 0 | AF21: =+Sistema!AB194+Sistema!AB224+Sistema!AB254+Sistema!AB284+Sistema!AB315+Sistema!AB346 -> 0
A22: Vivienda | B22: =+Sistema!#REF!+Sistema!#REF!+Sistema!#REF!+Sistema!#REF!+Sistema!#REF!+Sistema!#REF! -> #REF! | C22: =+Sistema!B200+Sistema!B230+Sistema!B260+Sistema!B290+Sistema!B321+Sistema!B352 -> 0 | D22: =+Sistema!C200+Sistema!C230+Sistema!C260+Sistema!C290+Sistema!C321+Sistema!C352 -> 0 | E22: =+Sistema!D200+Sistema!D230+Sistema!D260+Sistema!D290+Sistema!D321+Sistema!D352 -> 0 | F22: =+Sistema!E200+Sistema!E230+Sistema!E260+Sistema!E290+Sistema!E321+Sistema!E352 -> 0 | G22: =+Sistema!F200+Sistema!F230+Sistema!F260+Sistema!F290+Sistema!F321+Sistema!F352 -> 0 | H22: =+Sistema!G200+Sistema!G230+Sistema!G260+Sistema!G290+Sistema!G321+Sistema!G352 -> 0 | K22: =+Sistema!I200+Sistema!I230+Sistema!I260+Sistema!I290+Sistema!I321+Sistema!I352 -> 4.5032591 | L22: =+Sistema!J200+Sistema!J230+Sistema!J260+Sistema!J290+Sistema!J321+Sistema!J352 -> 2.0906693 | M22: =+Sistema!K200+Sistema!K230+Sistema!K260+Sistema!K290+Sistema!K321+Sistema!K352 -> 0.91383204 | N22: =+Sistema!L200+Sistema!L230+Sistema!L260+Sistema!L290+Sistema!L321+Sistema!L352 -> 0.70078512 | O22: =+Sistema!M200+Sistema!M230+Sistema!M260+Sistema!M290+Sistema!M321+Sistema!M352 -> 0.79829877 | P22: =+Sistema!N200+Sistema!N230+Sistema!N260+Sistema!N290+Sistema!N321+Sistema!N352 -> 0.43850737 | S22: =+Sistema!P200+Sistema!P230+Sistema!P260+Sistema!P290+Sistema!P321+Sistema!P352 -> 0 | T22: =+Sistema!Q200+Sistema!Q230+Sistema!Q260+Sistema!Q290+Sistema!Q321+Sistema!Q352 -> 0.11217552 | U22: =+Sistema!R200+Sistema!R230+Sistema!R260+Sistema!R290+Sistema!R321+Sistema!R352 -> 0.11739099 | V22: =+Sistema!S200+Sistema!S230+Sistema!S260+Sistema!S290+Sistema!S321+Sistema!S352 -> 0.08277046 | W22: =+Sistema!T200+Sistema!T230+Sistema!T260+Sistema!T290+Sistema!T321+Sistema!T352 -> 0 | X22: =+Sistema!U200+Sistema!U230+Sistema!U260+Sistema!U290+Sistema!U321+Sistema!U352 -> 0.01936446 | AA22: =+Sistema!W200+Sistema!W230+Sistema!W260+Sistema!W290+Sistema!W321+Sistema!W352 -> 0 | AB22: =+Sistema!X200+Sistema!X230+Sistema!X260+Sistema!X290+Sistema!X321+Sistema!X352 -> 0 | AC22: =+Sistema!Y200+Sistema!Y230+Sistema!Y260+Sistema!Y290+Sistema!Y321+Sistema!Y352 -> 0 | AD22: =+Sistema!Z200+Sistema!Z230+Sistema!Z260+Sistema!Z290+Sistema!Z321+Sistema!Z352 -> 0 | AE22: =+Sistema!AA200+Sistema!AA230+Sistema!AA260+Sistema!AA290+Sistema!AA321+Sistema!AA352 -> 0 | AF22: =+Sistema!AB200+Sistema!AB230+Sistema!AB260+Sistema!AB290+Sistema!AB321+Sistema!AB352 -> 0
A23: Microempresa | B23: =+Sistema!#REF!+Sistema!#REF!+Sistema!#REF!+Sistema!#REF!+Sistema!#REF!+Sistema!#REF! -> #REF! | C23: =+Sistema!B206+Sistema!B236+Sistema!B266+Sistema!B296+Sistema!B327+Sistema!B358 -> 13.190682 | D23: =+Sistema!C206+Sistema!C236+Sistema!C266+Sistema!C296+Sistema!C327+Sistema!C358 -> 17.439517 | E23: =+Sistema!D206+Sistema!D236+Sistema!D266+Sistema!D296+Sistema!D327+Sistema!D358 -> 5.7384098 | F23: =+Sistema!E206+Sistema!E236+Sistema!E266+Sistema!E296+Sistema!E327+Sistema!E358 -> 9.9558257 | G23: =+Sistema!F206+Sistema!F236+Sistema!F266+Sistema!F296+Sistema!F327+Sistema!F358 -> 14.912514 | H23: =+Sistema!G206+Sistema!G236+Sistema!G266+Sistema!G296+Sistema!G327+Sistema!G358 -> 49.500412 | I23: =+H23/G23-1 -> 2.3193873 | K23: =+Sistema!I206+Sistema!I236+Sistema!I266+Sistema!I296+Sistema!I327+Sistema!I358 -> 0.01959213 | L23: =+Sistema!J206+Sistema!J236+Sistema!J266+Sistema!J296+Sistema!J327+Sistema!J358 -> 0.03968078 | M23: =+Sistema!K206+Sistema!K236+Sistema!K266+Sistema!K296+Sistema!K327+Sistema!K358 -> 0.01493707 | N23: =+Sistema!L206+Sistema!L236+Sistema!L266+Sistema!L296+Sistema!L327+Sistema!L358 -> 0.00798424 | O23: =+Sistema!M206+Sistema!M236+Sistema!M266+Sistema!M296+Sistema!M327+Sistema!M358 -> 0.00790979 | P23: =+Sistema!N206+Sistema!N236+Sistema!N266+Sistema!N296+Sistema!N327+Sistema!N358 -> 0.00742179 | S23: =+Sistema!P206+Sistema!P236+Sistema!P266+Sistema!P296+Sistema!P327+Sistema!P358 -> 5.7319298 | T23: =+Sistema!Q206+Sistema!Q236+Sistema!Q266+Sistema!Q296+Sistema!Q327+Sistema!Q358 -> 6.2713021 | U23: =+Sistema!R206+Sistema!R236+Sistema!R266+Sistema!R296+Sistema!R327+Sistema!R358 -> 3.3413989 | V23: =+Sistema!S206+Sistema!S236+Sistema!S266+Sistema!S296+Sistema!S327+Sistema!S358 -> 4.0303516 | W23: =+Sistema!T206+Sistema!T236+Sistema!T266+Sistema!T296+Sistema!T327+Sistema!T358 -> 3.9830387 | X23: =+Sistema!U206+Sistema!U236+Sistema!U266+Sistema!U296+Sistema!U327+Sistema!U358 -> 3.4088166 | AA23: =+Sistema!W206+Sistema!W236+Sistema!W266+Sistema!W296+Sistema!W327+Sistema!W358 -> 0 | AB23: =+Sistema!X206+Sistema!X236+Sistema!X266+Sistema!X296+Sistema!X327+Sistema!X358 -> 0 | AC23: =+Sistema!Y206+Sistema!Y236+Sistema!Y266+Sistema!Y296+Sistema!Y327+Sistema!Y358 -> 0 | AD23: =+Sistema!Z206+Sistema!Z236+Sistema!Z266+Sistema!Z296+Sistema!Z327+Sistema!Z358 -> 0 | AE23: =+Sistema!AA206+Sistema!AA236+Sistema!AA266+Sistema!AA296+Sistema!AA327+Sistema!AA358 -> 0 | AF23: =+Sistema!AB206+Sistema!AB236+Sistema!AB266+Sistema!AB296+Sistema!AB327+Sistema!AB358 -> 0
A24: Educativo | B24: =+Sistema!#REF!+Sistema!#REF!+Sistema!#REF!+Sistema!#REF!+Sistema!#REF!+Sistema!#REF! -> #REF! | C24: =+Sistema!B212+Sistema!B242+Sistema!B272+Sistema!B302+Sistema!B333+Sistema!B364 -> 0.31547754 | D24: =+Sistema!C212+Sistema!C242+Sistema!C272+Sistema!C302+Sistema!C333+Sistema!C364 -> 1.8787506 | E24: =+Sistema!D212+Sistema!D242+Sistema!D272+Sistema!D302+Sistema!D333+Sistema!D364 -> 0.00541336 | F24: =+Sistema!E212+Sistema!E242+Sistema!E272+Sistema!E302+Sistema!E333+Sistema!E364 -> 0.00417893 | G24: =+Sistema!F212+Sistema!F242+Sistema!F272+Sistema!F302+Sistema!F333+Sistema!F364 -> 0.00480251 | H24: =+Sistema!G212+Sistema!G242+Sistema!G272+Sistema!G302+Sistema!G333+Sistema!G364 -> 7.3552918 | K24: =+Sistema!I212+Sistema!I242+Sistema!I272+Sistema!I302+Sistema!I333+Sistema!I364 -> 0 | L24: =+Sistema!J212+Sistema!J242+Sistema!J272+Sistema!J302+Sistema!J333+Sistema!J364 -> 0 | M24: =+Sistema!K212+Sistema!K242+Sistema!K272+Sistema!K302+Sistema!K333+Sistema!K364 -> 0 | N24: =+Sistema!L212+Sistema!L242+Sistema!L272+Sistema!L302+Sistema!L333+Sistema!L364 -> 0 | O24: =+Sistema!M212+Sistema!M242+Sistema!M272+Sistema!M302+Sistema!M333+Sistema!M364 -> 0 | P24: =+Sistema!N212+Sistema!N242+Sistema!N272+Sistema!N302+Sistema!N333+Sistema!N364 -> 0 | S24: =+Sistema!P212+Sistema!P242+Sistema!P272+Sistema!P302+Sistema!P333+Sistema!P364 -> 0 | T24: =+Sistema!Q212+Sistema!Q242+Sistema!Q272+Sistema!Q302+Sistema!Q333+Sistema!Q364 -> 0.00085621 | U24: =+Sistema!R212+Sistema!R242+Sistema!R272+Sistema!R302+Sistema!R333+Sistema!R364 -> 0.23165503 | V24: =+Sistema!S212+Sistema!S242+Sistema!S272+Sistema!S302+Sistema!S333+Sistema!S364 -> 0.003036 | W24: =+Sistema!T212+Sistema!T242+Sistema!T272+Sistema!T302+Sistema!T333+Sistema!T364 -> 0.000288 | X24: =+Sistema!U212+Sistema!U242+Sistema!U272+Sistema!U302+Sistema!U333+Sistema!U364 -> 0.00043171 | AA24: =+Sistema!W212+Sistema!W242+Sistema!W272+Sistema!W302+Sistema!W333+Sistema!W364 -> 0 | AB24: =+Sistema!X212+Sistema!X242+Sistema!X272+Sistema!X302+Sistema!X333+Sistema!X364 -> 0 | AC24: =+Sistema!Y212+Sistema!Y242+Sistema!Y272+Sistema!Y302+Sistema!Y333+Sistema!Y364 -> 0 | AD24: =+Sistema!Z212+Sistema!Z242+Sistema!Z272+Sistema!Z302+Sistema!Z333+Sistema!Z364 -> 0 | AE24: =+Sistema!AA212+Sistema!AA242+Sistema!AA272+Sistema!AA302+Sistema!AA333+Sistema!AA364 -> 0 | AF24: =+Sistema!AB212+Sistema!AB242+Sistema!AB272+Sistema!AB302+Sistema!AB333+Sistema!AB364 -> 0
A25: =+Sistema!A381 -> 15 DEUDORES POR ACEPTACIONES | B25: =+Sistema!#REF! -> #REF! | C25: =+Sistema!B381 -> 0 | D25: =+Sistema!C381 -> 0 | E25: =+Sistema!D381 -> 0 | F25: =+Sistema!E381 -> 0 | G25: =+Sistema!F381 -> 0 | H25: =+Sistema!G381 -> 0 | K25: =+Sistema!I381 -> 0 | L25: =+Sistema!J381 -> 0 | M25: =+Sistema!K381 -> 0 | N25: =+Sistema!L381 -> 0 | O25: =+Sistema!M381 -> 0 | P25: =+Sistema!N381 -> 0 | S25: =+Sistema!P381 -> 0 | T25: =+Sistema!Q381 -> 0 | U25: =+Sistema!R381 -> 0 | V25: =+Sistema!S381 -> 0 | W25: =+Sistema!T381 -> 0 | X25: =+Sistema!U381 -> 0 | AA25: =+Sistema!W381 -> 0 | AB25: =+Sistema!X381 -> 0 | AC25: =+Sistema!Y381 -> 0 | AD25: =+Sistema!Z381 -> 0 | AE25: =+Sistema!AA381 -> 0 | AF25: =+Sistema!AB381 -> 0
A26: =+Sistema!A499 -> 1901 Inversiones en acciones y participaciones | B26: =+Sistema!#REF! -> #REF! | C26: =+Sistema!B499 -> 12.77744 | D26: =+Sistema!C499 -> 44.010031 | E26: =+Sistema!D499 -> 1.7470991 | F26: =+Sistema!E499 -> 1.6328347 | G26: =+Sistema!F499 -> 2.2491561 | H26: =+Sistema!G499 -> 2.2093997 | K26: =+Sistema!I499 -> 7.3613243 | L26: =+Sistema!J499 -> 7.4417468 | M26: =+Sistema!K499 -> 7.6176076 | N26: =+Sistema!L499 -> 6.9700898 | O26: =+Sistema!M499 -> 6.9464791 | P26: =+Sistema!N499 -> 9.9015871 | S26: =+Sistema!P499 -> 52.0746 | T26: =+Sistema!Q499 -> 55.243199 | U26: =+Sistema!R499 -> 57.130841 | V26: =+Sistema!S499 -> 58.438624 | W26: =+Sistema!T499 -> 466.93356 | X26: =+Sistema!U499 -> 552.81719 | AA26: =+Sistema!W499 -> 0 | AB26: =+Sistema!X499 -> 0 | AC26: =+Sistema!Y499 -> 0 | AD26: =+Sistema!Z499 -> 0 | AE26: =+Sistema!AA499 -> 0 | AF26: =+Sistema!AB499 -> 0
K27: =+K15/K12 -> 0.37904663 | L27: =+L15/L12 -> 0.38195006 | M27: =+M15/M12 -> 0.24262081 | N27: =+N15/N12 -> 0.12238828 | O27: =+O15/O12 -> 0.096254585 | P27: =+P15/P12 -> 0.13410709
L28: =+L13/K13-1 -> -0.015998645 | M28: =+M13/L13-1 -> 1.566811 | N28: =+N13/M13-1 -> 1.0269092 | O28: =+O13/N13-1 -> 0.033755278 | P28: =+P13/O13-1 -> -0.49482975
A29: Pasivos | B29: 427.1817 | C29: 458.5684 | D29: 701.28739 | E29: 881.49597 | F29: 929.397 | G29: 1376.8553 | H29: 1377.8553 | L29: =+L15/K15-1 -> -0.0038033904 | M29: =+M15/L15-1 -> 0.3305327 | N29: =+N15/M15-1 -> -0.11761716 | O29: =+O15/N15-1 -> -0.21049365 | P29: =+P15/O15-1 -> -0.26540154 | AA29: =+Sistema!W557 -> 348.52305 | AB29: =+Sistema!X557 -> 575.99453 | AC29: =+Sistema!Y557 -> 791.1486 | AD29: =+Sistema!Z557 -> 827.6862 | AE29: =+Sistema!AA557 -> 1235.062 | AF29: =+Sistema!AB557 -> 1344.6968
B30: =+B31/B29 -> #REF! | C30: =+C31/C29 -> 0.83282305 | D30: =+D31/D29 -> 0.92294814 | E30: =+E31/E29 -> 0.91973876 | F30: =+F31/F29 -> 0.92955632 | G30: =+G31/G29 -> 0.92263726 | H30: =+H31/H29 -> 0.9341768 | I30: =+AVERAGE(C30:G30) -> 0.90554071 | AA30: =+AA31/AA29 -> 0.17668095 | AB30: =+AB31/AB29 -> 0.45138867 | AC30: =+AC31/AC29 -> 0.53533162 | AD30: =+AD31/AD29 -> 0.41028609 | AE30: =+AE31/AE29 -> 0.56200124 | AF30: =+AF31/AF29 -> 0.55744078
A31: Pasivos con costo | B31: =SUM(B32:B40) -> #REF! | C31: =SUM(C32:C40) -> 381.90634 | D31: =SUM(D32:D40) -> 647.2519 | E31: =SUM(E32:E40) -> 810.74601 | F31: =SUM(F32:F40) -> 863.92686 | G31: =SUM(G32:G40) -> 1270.338 | H31: =SUM(H32:H40) -> 1287.1605 | K31: =SUM(K32:K40) -> 55.965523 | L31: =SUM(L32:L40) -> 112.576 | M31: =SUM(M32:M40) -> 179.97617 | N31: =SUM(N32:N40) -> 199.25991 | O31: =SUM(O32:O40) -> 174.26041 | P31: =SUM(P32:P40) -> 84.88117 | S31: =SUM(S32:S40) -> 189.18775 | T31: =SUM(T32:T40) -> 760.22098 | U31: =SUM(U32:U40) -> 841.12683 | V31: =SUM(V32:V40) -> 980.2674 | W31: =SUM(W32:W40) -> 1633.6114 | X31: =SUM(X32:X40) -> 2167.2992 | AA31: =SUM(AA32:AA40) -> 61.577382 | AB31: =SUM(AB32:AB40) -> 259.99741 | AC31: =SUM(AC32:AC40) -> 423.52686 | AD31: =SUM(AD32:AD40) -> 339.58814 | AE31: =SUM(AE32:AE40) -> 694.10639 | AF31: =SUM(AF32:AF40) -> 749.5888
A32: =+Sistema!A559 -> 2101 Depósitos a la vista | B32: =+Sistema!#REF! -> #REF! | C32: =+Sistema!B559 -> 328.58438 | D32: =+Sistema!C559 -> 363.67017 | E32: =+Sistema!D559 -> 462.79634 | F32: =+Sistema!E559 -> 593.41152 | G32: =+Sistema!F559 -> 755.95786 | H32: =+Sistema!G559 -> 778.24277 | K32: =+Sistema!I559 -> 16.142497 | L32: =+Sistema!J559 -> 16.384081 | M32: =+Sistema!K559 -> 34.20816 | N32: =+Sistema!L559 -> 32.863942 | O32: =+Sistema!M559 -> 20.235911 | P32: =+Sistema!N559 -> 10.433611 | S32: =+Sistema!P559 -> 0 | T32: =+Sistema!Q559 -> 0 | U32: =+Sistema!R559 -> 0 | V32: =+Sistema!S559 -> 0 | W32: =+Sistema!T559 -> 0 | X32: =+Sistema!U559 -> 0 | AA32: =+Sistema!W559 -> 0 | AB32: =+Sistema!X559 -> 0 | AC32: =+Sistema!Y559 -> 0 | AD32: =+Sistema!Z559 -> 0 | AE32: =+Sistema!AA559 -> 0 | AF32: =+Sistema!AB559 -> 0
A33: =+Sistema!A571 -> 2102 Operaciones de reporto | B33: =+Sistema!#REF! -> #REF! | C33: =+Sistema!B571 -> 0 | D33: =+Sistema!C571 -> 0 | E33: =+Sistema!D571 -> 0 | F33: =+Sistema!E571 -> 0 | G33: =+Sistema!F571 -> 0 | H33: =+Sistema!G571 -> 0 | K33: =+Sistema!I571 -> 0 | L33: =+Sistema!J571 -> 0 | M33: =+Sistema!K571 -> 0 | N33: =+Sistema!L571 -> 0 | O33: =+Sistema!M571 -> 0 | P33: =+Sistema!N571 -> 0 | S33: =+Sistema!P571 -> 15.188141 | T33: =+Sistema!Q571 -> 0 | U33: =+Sistema!R571 -> 0.4 | V33: =+Sistema!S571 -> 0.43 | W33: =+Sistema!T571 -> 0.654 | X33: =+Sistema!U571 -> 48.74 | AA33: =+Sistema!W571 -> 0 | AB33: =+Sistema!X571 -> 0 | AC33: =+Sistema!Y571 -> 0 | AD33: =+Sistema!Z571 -> 0 | AE33: =+Sistema!AA571 -> 0 | AF33: =+Sistema!AB571 -> 0
A34: =+Sistema!A575 -> 2103 Depósitos a plazo | B34: =+Sistema!#REF! -> #REF! | C34: =+Sistema!B575 -> 32.952588 | D34: =+Sistema!C575 -> 256.5331 | E34: =+Sistema!D575 -> 310.28438 | F34: =+Sistema!E575 -> 258.40628 | G34: =+Sistema!F575 -> 490.89729 | H34: =+Sistema!G575 -> 494.06662 | K34: =+Sistema!I575 -> 0 | L34: =+Sistema!J575 -> 50 | M34: =+Sistema!K575 -> 100 | N34: =+Sistema!L575 -> 125 | O34: =+Sistema!M575 -> 125 | P34: =+Sistema!N575 -> 44.047619 | S34: =+Sistema!P575 -> 100 | T34: =+Sistema!Q575 -> 680.91135 | U34: =+Sistema!R575 -> 707.46662 | V34: =+Sistema!S575 -> 908.0314 | W34: =+Sistema!T575 -> 1532.0941 | X34: =+Sistema!U575 -> 2090.2852 | AA34: =+Sistema!W575 -> 44.25211 | AB34: =+Sistema!X575 -> 246.63354 | AC34: =+Sistema!Y575 -> 407.9693 | AD34: =+Sistema!Z575 -> 324.22844 | AE34: =+Sistema!AA575 -> 680.06348 | AF34: =+Sistema!AB575 -> 735.88607
A35: =+Sistema!A582 -> 2104 Depósitos de garantía | B35: =+Sistema!#REF! -> #REF! | C35: =+Sistema!B582 -> 0.54044882 | D35: =+Sistema!C582 -> 0.82470919 | E35: =+Sistema!D582 -> 1.0177538 | F35: =+Sistema!E582 -> 1.1454315 | G35: =+Sistema!F582 -> 1.2889307 | H35: =+Sistema!G582 -> 1.4320583 | K35: =+Sistema!I582 -> 38.058141 | L35: =+Sistema!J582 -> 43.977167 | M35: =+Sistema!K582 -> 43.77746 | N35: =+Sistema!L582 -> 39.776208 | O35: =+Sistema!M582 -> 27.412308 | P35: =+Sistema!N582 -> 28.960523 | S35: =+Sistema!P582 -> 0 | T35: =+Sistema!Q582 -> 0 | U35: =+Sistema!R582 -> 0 | V35: =+Sistema!S582 -> 0 | W35: =+Sistema!T582 -> 0 | X35: =+Sistema!U582 -> 0 | AA35: =+Sistema!W582 -> 0 | AB35: =+Sistema!X582 -> 0 | AC35: =+Sistema!Y582 -> 0 | AD35: =+Sistema!Z582 -> 0 | AE35: =+Sistema!AA582 -> 0 | AF35: =+Sistema!AB582 -> 0
A36: =+Sistema!A584 -> 22 OPERACIONES INTERBANCARIAS | B36: =+Sistema!#REF! -> #REF! | C36: =+Sistema!B584 -> 0 | D36: =+Sistema!C584 -> 0 | E36: =+Sistema!D584 -> 0 | F36: =+Sistema!E584 -> 0 | G36: =+Sistema!F584 -> 0 | H36: =+Sistema!G584 -> 0 | K36: =+Sistema!I584 -> 0 | L36: =+Sistema!J584 -> 0 | M36: =+Sistema!K584 -> 0 | N36: =+Sistema!L584 -> 0 | O36: =+Sistema!M584 -> 0 | P36: =+Sistema!N584 -> 0 | S36: =+Sistema!P584 -> 0 | T36: =+Sistema!Q584 -> 0 | U36: =+Sistema!R584 -> 0 | V36: =+Sistema!S584 -> 0 | W36: =+Sistema!T584 -> 0 | X36: =+Sistema!U584 -> 0 | AA36: =+Sistema!W584 -> 0 | AB36: =+Sistema!X584 -> 0 | AC36: =+Sistema!Y584 -> 0 | AD36: =+Sistema!Z584 -> 0 | AE36: =+Sistema!AA584 -> 0 | AF36: =+Sistema!AB584 -> 0
A37: =+Sistema!A603 -> 24 ACEPTACIONES EN CIRCULACION | B37: =+Sistema!#REF! -> #REF! | C37: =+Sistema!B603 -> 0 | D37: =+Sistema!C603 -> 0 | E37: =+Sistema!D603 -> 0 | F37: =+Sistema!E603 -> 0 | G37: =+Sistema!F603 -> 0 | H37: =+Sistema!G603 -> 0 | K37: =+Sistema!I603 -> 0 | L37: =+Sistema!J603 -> 0 | M37: =+Sistema!K603 -> 0 | N37: =+Sistema!L603 -> 0 | O37: =+Sistema!M603 -> 0 | P37: =+Sistema!N603 -> 0 | S37: =+Sistema!P603 -> 0 | T37: =+Sistema!Q603 -> 0 | U37: =+Sistema!R603 -> 0 | V37: =+Sistema!S603 -> 0 | W37: =+Sistema!T603 -> 0 | X37: =+Sistema!U603 -> 0 | AA37: =+Sistema!W603 -> 0 | AB37: =+Sistema!X603 -> 0 | AC37: =+Sistema!Y603 -> 0 | AD37: =+Sistema!Z603 -> 0 | AE37: =+Sistema!AA603 -> 0 | AF37: =+Sistema!AB603 -> 0
A38: =+Sistema!A644 -> 26 OBLIGACIONES FINANCIERAS | B38: =+Sistema!#REF! -> #REF! | C38: =+Sistema!B644 -> 1.2458451 | D38: =+Sistema!C644 -> 0.93494819 | E38: =+Sistema!D644 -> 0.63488786 | F38: =+Sistema!E644 -> 0.3801893 | G38: =+Sistema!F644 -> 0.20843233 | H38: =+Sistema!G644 -> 0.12352931 | K38: =+Sistema!I644 -> 1.5665256 | L38: =+Sistema!J644 -> 1.2969397 | M38: =+Sistema!K644 -> 1.1636091 | N38: =+Sistema!L644 -> 1.0302786 | O38: =+Sistema!M644 -> 0.91775853 | P38: =+Sistema!N644 -> 0.82604897 | S38: =+Sistema!P644 -> 73.015254 | T38: =+Sistema!Q644 -> 78.235575 | U38: =+Sistema!R644 -> 132.11359 | V38: =+Sistema!S644 -> 68.420504 | W38: =+Sistema!T644 -> 100.0103 | X38: =+Sistema!U644 -> 26.432829 | AA38: =+Sistema!W644 -> 11.225812 | AB38: =+Sistema!X644 -> 12.777499 | AC38: =+Sistema!Y644 -> 14.701895 | AD38: =+Sistema!Z644 -> 14.995807 | AE38: =+Sistema!AA644 -> 13.660862 | AF38: =+Sistema!AB644 -> 13.263815
A39: =+Sistema!A703 -> 27 VALORES EN CIRCULACION | B39: =+Sistema!#REF! -> #REF! | C39: =+Sistema!B703 -> 0 | D39: =+Sistema!C703 -> 0 | E39: =+Sistema!D703 -> 0 | F39: =+Sistema!E703 -> 0 | G39: =+Sistema!F703 -> 0 | H39: =+Sistema!G703 -> 0 | K39: =+Sistema!I703 -> 0 | L39: =+Sistema!J703 -> 0 | M39: =+Sistema!K703 -> 0 | N39: =+Sistema!L703 -> 0 | O39: =+Sistema!M703 -> 0 | P39: =+Sistema!N703 -> 0 | S39: =+Sistema!P703 -> 0.51424173 | T39: =+Sistema!Q703 -> 0.51424173 | U39: =+Sistema!R703 -> 0.51424173 | V39: =+Sistema!S703 -> 0.51424173 | W39: =+Sistema!T703 -> 0 | X39: =+Sistema!U703 -> 0 | AA39: =+Sistema!W703 -> 0 | AB39: =+Sistema!X703 -> 0 | AC39: =+Sistema!Y703 -> 0 | AD39: =+Sistema!Z703 -> 0 | AE39: =+Sistema!AA703 -> 0 | AF39: =+Sistema!AB703 -> 0
A40: =+Sistema!A733 -> 2990 Otros | B40: =+Sistema!#REF! -> #REF! | C40: =+Sistema!B733 -> 18.58307 | D40: =+Sistema!C733 -> 25.288968 | E40: =+Sistema!D733 -> 36.012643 | F40: =+Sistema!E733 -> 10.583433 | G40: =+Sistema!F733 -> 21.985505 | H40: =+Sistema!G733 -> 13.295503 | K40: =+Sistema!I733 -> 0.19836014 | L40: =+Sistema!J733 -> 0.91780831 | M40: =+Sistema!K733 -> 0.82694585 | N40: =+Sistema!L733 -> 0.58947822 | O40: =+Sistema!M733 -> 0.69443625 | P40: =+Sistema!N733 -> 0.61336895 | S40: =+Sistema!P733 -> 0.47011673 | T40: =+Sistema!Q733 -> 0.55981887 | U40: =+Sistema!R733 -> 0.6323836 | V40: =+Sistema!S733 -> 2.8712495 | W40: =+Sistema!T733 -> 0.8530304 | X40: =+Sistema!U733 -> 1.8411084 | AA40: =+Sistema!W733 -> 6.0994597 | AB40: =+Sistema!X733 -> 0.58636624 | AC40: =+Sistema!Y733 -> 0.8556678 | AD40: =+Sistema!Z733 -> 0.3638968 | AE40: =+Sistema!AA733 -> 0.3820467 | AF40: =+Sistema!AB733 -> 0.43892202
A44: Ingresos financieros | B44: =SUM(B45:B49) -> #REF! | C44: =SUM(C45:C49) -> 63.500249 | D44: =SUM(D45:D49) -> 103.19706 | E44: =SUM(E45:E49) -> 89.950172 | F44: =SUM(F45:F49) -> 100.51477 | G44: =SUM(G45:G49) -> 103.2159 | H44: =SUM(H45:H49) -> 137.84005 | K44: =SUM(K45:K49) -> 7.9664677 | L44: =SUM(L45:L49) -> 8.3687863 | M44: =SUM(M45:M49) -> 9.1052212 | N44: =SUM(N45:N49) -> 11.341162 | O44: =SUM(O45:O49) -> 14.461447 | P44: =SUM(P45:P49) -> 12.485962 | S44: =SUM(S45:S49) -> 49.427445 | T44: =SUM(T45:T49) -> 69.84171 | U44: =SUM(U45:U49) -> 105.02812 | V44: =SUM(V45:V49) -> 110.97439 | W44: =SUM(W45:W49) -> 187.41452 | X44: =SUM(X45:X49) -> 192.65587 | AA44: =SUM(AA45:AA49) -> 30.291969 | AB44: =SUM(AB45:AB49) -> 45.131035 | AC44: =SUM(AC45:AC49) -> 60.520607 | AD44: =SUM(AD45:AD49) -> 74.776394 | AE44: =SUM(AE45:AE49) -> 81.632344 | AF44: =SUM(AF45:AF49) -> 92.399874
A45: =+Sistema!A895 -> 51 INTERESES Y DESCUENTOS GANADOS | B45: =+Sistema!#REF! -> #REF! | C45: =+Sistema!B895 -> 57.242587 | D45: =+Sistema!C895 -> 68.669656 | E45: =+Sistema!D895 -> 81.680163 | F45: =+Sistema!E895 -> 95.071087 | G45: =+Sistema!F895 -> 97.345358 | H45: =+Sistema!G895 -> 131.17364 | K45: =+Sistema!I895 -> 5.9951123 | L45: =+Sistema!J895 -> 6.9844874 | M45: =+Sistema!K895 -> 7.37808 | N45: =+Sistema!L895 -> 10.190409 | O45: =+Sistema!M895 -> 13.148002 | P45: =+Sistema!N895 -> 11.228808 | S45: =+Sistema!P895 -> 40.787456 | T45: =+Sistema!Q895 -> 62.800737 | U45: =+Sistema!R895 -> 92.8164 | V45: =+Sistema!S895 -> 95.508997 | W45: =+Sistema!T895 -> 122.92068 | X45: =+Sistema!U895 -> 147.5286 | AA45: =+Sistema!W895 -> 29.867926 | AB45: =+Sistema!X895 -> 44.186464 | AC45: =+Sistema!Y895 -> 59.6486 | AD45: =+Sistema!Z895 -> 67.902414 | AE45: =+Sistema!AA895 -> 77.231289 | AF45: =+Sistema!AB895 -> 89.60642
A46: =+Sistema!A923 -> 52 COMISIONES GANADAS | B46: =+Sistema!#REF! -> #REF! | C46: =+Sistema!B923 -> 3.5978801 | D46: =+Sistema!C923 -> 2.4684667 | E46: =+Sistema!D923 -> 2.4493122 | F46: =+Sistema!E923 -> 3.2046372 | G46: =+Sistema!F923 -> 3.2257802 | H46: =+Sistema!G923 -> 4.0463952 | K46: =+Sistema!I923 -> 0.57670551 | L46: =+Sistema!J923 -> 0.93595011 | M46: =+Sistema!K923 -> 0.56751703 | N46: =+Sistema!L923 -> 0.27251924 | O46: =+Sistema!M923 -> 0.19697689 | P46: =+Sistema!N923 -> 0.10711587 | S46: =+Sistema!P923 -> 0.06417865 | T46: =+Sistema!Q923 -> 0.05539106 | U46: =+Sistema!R923 -> 0.04542951 | V46: =+Sistema!S923 -> 0.03227441 | W46: =+Sistema!T923 -> 0.05593202 | X46: =+Sistema!U923 -> 0.02076998 | AA46: =+Sistema!W923 -> 0.18860331 | AB46: =+Sistema!X923 -> 0.39388383 | AC46: =+Sistema!Y923 -> 0.57494792 | AD46: =+Sistema!Z923 -> 0.98615482 | AE46: =+Sistema!AA923 -> 2.4218349 | AF46: =+Sistema!AB923 -> 1.0408429
A47: =+Sistema!A935 -> 53 UTILIDADES FINANCIERAS | B47: =+Sistema!#REF! -> #REF! | C47: =+Sistema!B935 -> 2.6516643 | D47: =+Sistema!C935 -> 0.86062351 | E47: =+Sistema!D935 -> 3.1658944 | F47: =+Sistema!E935 -> 1.6610782 | G47: =+Sistema!F935 -> 1.1418731 | H47: =+Sistema!G935 -> 0.99270717 | K47: =+Sistema!I935 -> 0.46671992 | L47: =+Sistema!J935 -> 0.09137751 | M47: =+Sistema!K935 -> 0.27689736 | N47: =+Sistema!L935 -> 0.11875866 | O47: =+Sistema!M935 -> 0.07520272 | P47: =+Sistema!N935 -> 0.00330417 | S47: =+Sistema!P935 -> 1.9596596 | T47: =+Sistema!Q935 -> 2.0636256 | U47: =+Sistema!R935 -> 4.1915842 | V47: =+Sistema!S935 -> 11.090597 | W47: =+Sistema!T935 -> 7.9047485 | X47: =+Sistema!U935 -> 6.9305006 | AA47: =+Sistema!W935 -> 0.23543914 | AB47: =+Sistema!X935 -> 0.55068742 | AC47: =+Sistema!Y935 -> 0.29705917 | AD47: =+Sistema!Z935 -> 5.8878255 | AE47: =+Sistema!AA935 -> 1.97922 | AF47: =+Sistema!AB935 -> 1.7526106
A48: =+Sistema!A944 -> 54 INGRESOS POR SERVICIOS | B48: =+Sistema!#REF! -> #REF! | C48: =+Sistema!B944 -> 0 | D48: =+Sistema!C944 -> 0 | E48: =+Sistema!D944 -> 0 | F48: =+Sistema!E944 -> 0.54772653 | G48: =+Sistema!F944 -> 1.5024041 | H48: =+Sistema!G944 -> 1.6175727 | K48: =+Sistema!I944 -> 0 | L48: =+Sistema!J944 -> 0 | M48: =+Sistema!K944 -> 0 | N48: =+Sistema!L944 -> 0 | O48: =+Sistema!M944 -> 0 | P48: =+Sistema!N944 -> 0 | S48: =+Sistema!P944 -> 1.1691902 | T48: =+Sistema!Q944 -> 1.4165384 | U48: =+Sistema!R944 -> 1.6651553 | V48: =+Sistema!S944 -> 2.1930379 | W48: =+Sistema!T944 -> 2.2966792 | X48: =+Sistema!U944 -> 2.2483002 | AA48: =+Sistema!W944 -> 0 | AB48: =+Sistema!X944 -> 0 | AC48: =+Sistema!Y944 -> 0 | AD48: =+Sistema!Z944 -> 0 | AE48: =+Sistema!AA944 -> 0 | AF48: =+Sistema!AB944 -> 0
A49: =+Sistema!A952 -> 5501 Utilidades en acciones y participaciones | B49: =+Sistema!#REF! -> #REF! | C49: =+Sistema!B952 -> 0.00811698 | D49: =+Sistema!C952 -> 31.198315 | E49: =+Sistema!D952 -> 2.654803 | F49: =+Sistema!E952 -> 0.03023746 | G49: =+Sistema!F952 -> 0.0004813 | H49: =+Sistema!G952 -> 0.00973489 | K49: =+Sistema!I952 -> 0.92792992 | L49: =+Sistema!J952 -> 0.35697129 | M49: =+Sistema!K952 -> 0.8827268 | N49: =+Sistema!L952 -> 0.75947469 | O49: =+Sistema!M952 -> 1.0412653 | P49: =+Sistema!N952 -> 1.1467337 | S49: =+Sistema!P952 -> 5.4469607 | T49: =+Sistema!Q952 -> 3.5054186 | U49: =+Sistema!R952 -> 6.3095493 | V49: =+Sistema!S952 -> 2.1494886 | W49: =+Sistema!T952 -> 54.236479 | X49: =+Sistema!U952 -> 35.927702 | AA49: =+Sistema!W952 -> 0 | AB49: =+Sistema!X952 -> 0 | AC49: =+Sistema!Y952 -> 0 | AD49: =+Sistema!Z952 -> 0 | AE49: =+Sistema!AA952 -> 0 | AF49: =+Sistema!AB952 -> 0
A53: Egresos financieros | B53: =SUM(B54:B57) -> #REF! | C53: =SUM(C54:C57) -> 9.9167721 | D53: =SUM(D54:D57) -> 6.5592497 | E53: =SUM(E54:E57) -> 11.077046 | F53: =SUM(F54:F57) -> 14.533194 | G53: =SUM(G54:G57) -> 16.890154 | H53: =SUM(H54:H57) -> 22.833389 | K53: =SUM(K54:K57) -> 1.5522495 | L53: =SUM(L54:L57) -> 1.2781032 | M53: =SUM(M54:M57) -> 1.3853761 | N53: =SUM(N54:N57) -> 1.4048293 | O53: =SUM(O54:O57) -> 2.6402843 | P53: =SUM(P54:P57) -> 1.604436 | S53: =SUM(S54:S57) -> 11.600923 | T53: =SUM(T54:T57) -> 32.053337 | U53: =SUM(U54:U57) -> 30.730316 | V53: =SUM(V54:V57) -> 44.434298 | W53: =SUM(W54:W57) -> 52.014942 | X53: =SUM(X54:X57) -> 69.919285 | AA53: =SUM(AA54:AA57) -> 1.5183956 | AB53: =SUM(AB54:AB57) -> 7.0542062 | AC53: =SUM(AC54:AC57) -> 10.003304 | AD53: =SUM(AD54:AD57) -> 12.945829 | AE53: =SUM(AE54:AE57) -> 14.118866 | AF53: =SUM(AF54:AF57) -> 21.97279
A54: =+Sistema!A768 -> 41 INTERESES CAUSADOS | B54: =+Sistema!#REF! -> #REF! | C54: =+Sistema!B768 -> 8.268778 | D54: =+Sistema!C768 -> 6.3420891 | E54: =+Sistema!D768 -> 10.607674 | F54: =+Sistema!E768 -> 13.969285 | G54: =+Sistema!F768 -> 16.235792 | H54: =+Sistema!G768 -> 21.612009 | K54: =+Sistema!I768 -> 0.89340019 | L54: =+Sistema!J768 -> 0.99109042 | M54: =+Sistema!K768 -> 0.98395971 | N54: =+Sistema!L768 -> 1.152184 | O54: =+Sistema!M768 -> 1.8977041 | P54: =+Sistema!N768 -> 1.4529729 | S54: =+Sistema!P768 -> 8.4343275 | T54: =+Sistema!Q768 -> 22.587179 | U54: =+Sistema!R768 -> 24.841093 | V54: =+Sistema!S768 -> 31.065313 | W54: =+Sistema!T768 -> 43.34713 | X54: =+Sistema!U768 -> 61.815156 | AA54: =+Sistema!W768 -> 1.3822938 | AB54: =+Sistema!X768 -> 6.9982824 | AC54: =+Sistema!Y768 -> 9.8944726 | AD54: =+Sistema!Z768 -> 12.888433 | AE54: =+Sistema!AA768 -> 13.913952 | AF54: =+Sistema!AB768 -> 21.929613
A55: =+Sistema!A801 -> 42 COMISIONES CAUSADAS | B55: =+Sistema!#REF! -> #REF! | C55: =+Sistema!B801 -> 0.06564965 | D55: =+Sistema!C801 -> 0.09045352 | E55: =+Sistema!D801 -> 0.3159207 | F55: =+Sistema!E801 -> 0.55898801 | G55: =+Sistema!F801 -> 0.65436117 | H55: =+Sistema!G801 -> 0.83698658 | K55: =+Sistema!I801 -> 0.04894853 | L55: =+Sistema!J801 -> 0.06244533 | M55: =+Sistema!K801 -> 0.10074329 | N55: =+Sistema!L801 -> 0.06754297 | O55: =+Sistema!M801 -> 0.03353882 | P55: =+Sistema!N801 -> 0.0127628 | S55: =+Sistema!P801 -> 0.32893663 | T55: =+Sistema!Q801 -> 0.50895385 | U55: =+Sistema!R801 -> 0.66024995 | V55: =+Sistema!S801 -> 0.81547948 | W55: =+Sistema!T801 -> 0.85449027 | X55: =+Sistema!U801 -> 0.96055171 | AA55: =+Sistema!W801 -> 0.06351477 | AB55: =+Sistema!X801 -> 0.05208832 | AC55: =+Sistema!Y801 -> 0.10799113 | AD55: =+Sistema!Z801 -> 0.05739564 | AE55: =+Sistema!AA801 -> 0.20491373 | AF55: =+Sistema!AB801 -> 0.04317697
A56: =+Sistema!A808 -> 43 PERDIDAS FINANCIERAS | B56: =+Sistema!#REF! -> #REF! | C56: =+Sistema!B808 -> 0.38116307 | D56: =+Sistema!C808 -> 3.653e-05 | E56: =+Sistema!D808 -> 0.01488511 | F56: =+Sistema!E808 -> 0.00491793 | G56: =+Sistema!F808 -> 0 | H56: =+Sistema!G808 -> 0.38439321 | K56: =+Sistema!I808 -> 6.879e-05 | L56: =+Sistema!J808 -> 6.543e-05 | M56: =+Sistema!K808 -> 0.05054104 | N56: =+Sistema!L808 -> 0.12187114 | O56: =+Sistema!M808 -> 0.03452357 | P56: =+Sistema!N808 -> 0.05801706 | S56: =+Sistema!P808 -> 1.6617559 | T56: =+Sistema!Q808 -> 8.9251737 | U56: =+Sistema!R808 -> 1.0219778 | V56: =+Sistema!S808 -> 12.172245 | W56: =+Sistema!T808 -> 6.0762965 | X56: =+Sistema!U808 -> 2.1507792 | AA56: =+Sistema!W808 -> 0.07258708 | AB56: =+Sistema!X808 -> 0.00383549 | AC56: =+Sistema!Y808 -> 0.00084069 | AD56: =+Sistema!Z808 -> 0 | AE56: =+Sistema!AA808 -> 0 | AF56: =+Sistema!AB808 -> 0
A57: =+Sistema!A881 -> 4601 Pérdida en acciones y participaciones | B57: =+Sistema!#REF! -> #REF! | C57: =+Sistema!B881 -> 1.2011813 | D57: =+Sistema!C881 -> 0.1266706 | E57: =+Sistema!D881 -> 0.13856605 | F57: =+Sistema!E881 -> 2.75e-06 | G57: =+Sistema!F881 -> 0 | H57: =+Sistema!G881 -> 0 | K57: =+Sistema!I881 -> 0.60983196 | L57: =+Sistema!J881 -> 0.22450202 | M57: =+Sistema!K881 -> 0.25013202 | N57: =+Sistema!L881 -> 0.06323124 | O57: =+Sistema!M881 -> 0.67451783 | P57: =+Sistema!N881 -> 0.08068318 | S57: =+Sistema!P881 -> 1.1759029 | T57: =+Sistema!Q881 -> 0.03203002 | U57: =+Sistema!R881 -> 4.2069947 | V57: =+Sistema!S881 -> 0.38126018 | W57: =+Sistema!T881 -> 1.7370246 | X57: =+Sistema!U881 -> 4.9927986 | AA57: =+Sistema!W881 -> 0 | AB57: =+Sistema!X881 -> 0 | AC57: =+Sistema!Y881 -> 0 | AD57: =+Sistema!Z881 -> 0 | AE57: =+Sistema!AA881 -> 0 | AF57: =+Sistema!AB881 -> 0
A61: Tasa activa implícita | B61: =+B44/B7 -> #REF! | C61: =+C44/C7 -> 0.09941797 | D61: =+D44/D7 -> 0.11639008 | E61: =+E44/E7 -> 0.086938416 | F61: =+F44/F7 -> 0.094936889 | G61: =+G44/G7 -> 0.074062087 | H61: =+H44/H7 -> 0.092511609 | K61: =+K44/K7 -> 0.10509766 | L61: =+L44/L7 -> 0.087109087 | M61: =+M44/M7 -> 0.063862358 | N61: =+N44/N7 -> 0.052747493 | O61: =+O44/O7 -> 0.080796516 | P61: =+P44/P7 -> 0.1032 | S61: =+S44/S7 -> 0.084384907 | T61: =+T44/T7 -> 0.068414254 | U61: =+U44/U7 -> 0.091712425 | V61: =+V44/V7 -> 0.085461615 | W61: =+W44/W7 -> 0.080660889 | X61: =+X44/X7 -> 0.063343333 | AA61: =+AA44/AA7 -> 0.054586759 | AB61: =+AB44/AB7 -> 0.054975512 | AC61: =+AC44/AC7 -> 0.054789181 | AD61: =+AD44/AD7 -> 0.067090818 | AE61: =+AE44/AE7 -> 0.050440138 | AF61: =+AF44/AF7 -> 0.053885097
A62: Tasa pasiva implícita | B62: =+B53/B31 -> #REF! | C62: =+C53/C31 -> 0.025966503 | D62: =+D53/D31 -> 0.010133998 | E62: =+E53/E31 -> 0.013662782 | F62: =+F53/F31 -> 0.01682225 | G62: =+G53/G31 -> 0.013295795 | H62: =+H53/H31 -> 0.017739349 | K62: =+K53/K31 -> 0.027735816 | L62: =+L53/L31 -> 0.011353248 | M62: =+M53/M31 -> 0.0076975525 | N62: =+N53/N31 -> 0.0070502358 | O62: =+O53/O31 -> 0.015151372 | P62: =+P53/P31 -> 0.018902142 | S62: =+S53/S31 -> 0.061319629 | T62: =+T53/T31 -> 0.042163184 | U62: =+U53/U31 -> 0.036534699 | V62: =+V53/V31 -> 0.045328752 | W62: =+W53/W31 -> 0.031840461 | X62: =+X53/X31 -> 0.032261022 | AA62: =+AA53/AA31 -> 0.024658333 | AB62: =+AB53/AB31 -> 0.027131833 | AC62: =+AC53/AC31 -> 0.023619055 | AD62: =+AD53/AD31 -> 0.038122147 | AE62: =+AE53/AE31 -> 0.020341069 | AF62: =+AF53/AF31 -> 0.029313125
A64: Margen bruto | B64: =+B61-B62 -> #REF! | C64: =+C61-C62 -> 0.073451467 | D64: =+D61-D62 -> 0.10625608 | E64: =+E61-E62 -> 0.073275634 | F64: =+F61-F62 -> 0.078114639 | G64: =+G61-G62 -> 0.060766292 | H64: =+H61-H62 -> 0.07477226 | K64: =+K61-K62 -> 0.077361844 | L64: =+L61-L62 -> 0.075755839 | M64: =+M61-M62 -> 0.056164806 | N64: =+N61-N62 -> 0.045697258 | O64: =+O61-O62 -> 0.065645144 | P64: =+P61-P62 -> 0.084297858 | S64: =+S61-S62 -> 0.023065278 | T64: =+T61-T62 -> 0.02625107 | U64: =+U61-U62 -> 0.055177726 | V64: =+V61-V62 -> 0.040132863 | W64: =+W61-W62 -> 0.048820428 | X64: =+X61-X62 -> 0.031082311 | AA64: =+AA61-AA62 -> 0.029928426 | AB64: =+AB61-AB62 -> 0.027843679 | AC64: =+AC61-AC62 -> 0.031170126 | AD64: =+AD61-AD62 -> 0.028968672 | AE64: =+AE61-AE62 -> 0.030099069 | AF64: =+AF61-AF62 -> 0.024571972
A67: Gasto en personal | B67: =+B68+B69 -> #REF! | C67: =+C68+C69 -> 40.001564 | D67: =+D68+D69 -> 45.282599 | E67: =+E68+E69 -> 44.907948 | F67: =+F68+F69 -> 50.343637 | G67: =+G68+G69 -> 46.809255 | H67: =+H68+H69 -> 52.720598 | K67: =+K68+K69 -> 5.1450471 | L67: =+L68+L69 -> 4.9717444 | M67: =+M68+M69 -> 6.0206937 | N67: =+N68+N69 -> 7.3568331 | O67: =+O68+O69 -> 7.4360162 | P67: =+P68+P69 -> 6.4046363 | S67: =+S68+S69 -> 13.34939 | T67: =+T68+T69 -> 16.315004 | U67: =+U68+U69 -> 19.497706 | V67: =+V68+V69 -> 21.115867 | W67: =+W68+W69 -> 23.895274 | X67: =+X68+X69 -> 25.379907 | AA67: =+AA68+AA69 -> 9.8213273 | AB67: =+AB68+AB69 -> 10.079298 | AC67: =+AC68+AC69 -> 10.030128 | AD67: =+AD68+AD69 -> 10.681052 | AE67: =+AE68+AE69 -> 11.679152 | AF67: =+AF68+AF69 -> 15.043579
A68: =+Sistema!A827 -> 4501 Gastos de personal | B68: =+Sistema!#REF! -> #REF! | C68: =+Sistema!B827 -> 39.873408 | D68: =+Sistema!C827 -> 45.210446 | E68: =+Sistema!D827 -> 44.851922 | F68: =+Sistema!E827 -> 50.330412 | G68: =+Sistema!F827 -> 46.799594 | H68: =+Sistema!G827 -> 52.710121 | K68: =+Sistema!I827 -> 4.8323152 | L68: =+Sistema!J827 -> 4.482001 | M68: =+Sistema!K827 -> 5.4093602 | N68: =+Sistema!L827 -> 6.5030484 | O68: =+Sistema!M827 -> 6.2612243 | P68: =+Sistema!N827 -> 5.7354193 | S68: =+Sistema!P827 -> 12.60037 | T68: =+Sistema!Q827 -> 15.990803 | U68: =+Sistema!R827 -> 18.911771 | V68: =+Sistema!S827 -> 20.876519 | W68: =+Sistema!T827 -> 23.729945 | X68: =+Sistema!U827 -> 25.153836 | AA68: =+Sistema!W827 -> 9.8177273 | AB68: =+Sistema!X827 -> 10.075975 | AC68: =+Sistema!Y827 -> 10.02925 | AD68: =+Sistema!Z827 -> 10.680121 | AE68: =+Sistema!AA827 -> 11.678206 | AF68: =+Sistema!AB827 -> 15.042247
A69: =+Sistema!A836 -> 4502 Honorarios | B69: =+Sistema!#REF! -> #REF! | C69: =+Sistema!B836 -> 0.128156 | D69: =+Sistema!C836 -> 0.07215267 | E69: =+Sistema!D836 -> 0.05602632 | F69: =+Sistema!E836 -> 0.01322468 | G69: =+Sistema!F836 -> 0.00966116 | H69: =+Sistema!G836 -> 0.01047664 | K69: =+Sistema!I836 -> 0.31273193 | L69: =+Sistema!J836 -> 0.48974345 | M69: =+Sistema!K836 -> 0.61133351 | N69: =+Sistema!L836 -> 0.85378471 | O69: =+Sistema!M836 -> 1.1747919 | P69: =+Sistema!N836 -> 0.66921694 | S69: =+Sistema!P836 -> 0.74901975 | T69: =+Sistema!Q836 -> 0.3242012 | U69: =+Sistema!R836 -> 0.58593462 | V69: =+Sistema!S836 -> 0.23934838 | W69: =+Sistema!T836 -> 0.16532886 | X69: =+Sistema!U836 -> 0.22607105 | AA69: =+Sistema!W836 -> 0.0036 | AB69: =+Sistema!X836 -> 0.003323 | AC69: =+Sistema!Y836 -> 0.0008779 | AD69: =+Sistema!Z836 -> 0.0009312 | AE69: =+Sistema!AA836 -> 0.00094616 | AF69: =+Sistema!AB836 -> 0.00133292
T70: =+T71/S71-1 -> 0.30441822 | U70: =+U71/T71-1 -> 0.37146276 | V70: =+V71/U71-1 -> 0.14371424 | W70: =+W71/V71-1 -> 0.48571552 | X70: =+X71/W71-1 -> 0.086997083 | Y70: =+AVERAGE(S70:W70) -> 0.32632768 | AB70: =+AB71/AA71-1 -> 0.13878179 | AC70: =+AC71/AB71-1 -> -0.36029318 | AD70: =+AD71/AC71-1 -> 1.2831279 | AE70: =+AE71/AD71-1 -> -0.48014085 | AF70: =+AF71/AE71-1 -> 0.45611362
A71: Gastos operativos | B71: =+B72+B73 -> #REF! | C71: =+C72+C73 -> 12.801513 | D71: =+D72+D73 -> 17.399005 | E71: =+E72+E73 -> 15.802059 | F71: =+F72+F73 -> 18.912323 | G71: =+G72+G73 -> 21.447781 | H71: =+H72+H73 -> 23.519189 | K71: =+K72+K73 -> 1.0575129 | L71: =+L72+L73 -> 0.95097971 | M71: =+M72+M73 -> 1.3336995 | N71: =+N72+N73 -> 1.6316688 | O71: =+O72+O73 -> 1.7244044 | P71: =+P72+P73 -> 1.8730214 | S71: =+S72+S73 -> 3.6330826 | T71: =+T72+T73 -> 4.7390591 | U71: =+U72+U73 -> 6.4994431 | V71: =+V72+V73 -> 7.4335056 | W71: =+W72+W73 -> 11.044075 | X71: =+X72+X73 -> 12.004877 | AA71: =+AA72+AA73 -> 1.6566249 | AB71: =+AB72+AB73 -> 1.8865342 | AC71: =+AC72+AC73 -> 1.2068288 | AD71: =+AD72+AD73 -> 2.7553445 | AE71: =+AE72+AE73 -> 1.4323911 | AF71: =+AF72+AF73 -> 2.0857241
A72: =+Sistema!A839 -> 4503 Servicios varios | B72: =+Sistema!#REF! -> #REF! | C72: =+Sistema!B839 -> 10.45423 | D72: =+Sistema!C839 -> 13.069902 | E72: =+Sistema!D839 -> 11.287829 | F72: =+Sistema!E839 -> 13.971536 | G72: =+Sistema!F839 -> 16.483122 | H72: =+Sistema!G839 -> 17.609776 | K72: =+Sistema!I839 -> 0.94862728 | L72: =+Sistema!J839 -> 0.82117739 | M72: =+Sistema!K839 -> 1.0158351 | N72: =+Sistema!L839 -> 1.2037208 | O72: =+Sistema!M839 -> 1.3574116 | P72: =+Sistema!N839 -> 1.3455225 | S72: =+Sistema!P839 -> 2.8533669 | T72: =+Sistema!Q839 -> 3.531096 | U72: =+Sistema!R839 -> 4.9216984 | V72: =+Sistema!S839 -> 5.5967603 | W72: =+Sistema!T839 -> 8.2434907 | X72: =+Sistema!U839 -> 8.2925145 | AA72: =+Sistema!W839 -> 0.99574541 | AB72: =+Sistema!X839 -> 0.93804633 | AC72: =+Sistema!Y839 -> 0.98776853 | AD72: =+Sistema!Z839 -> 1.1351704 | AE72: =+Sistema!AA839 -> 1.2443438 | AF72: =+Sistema!AB839 -> 2.0471517
A73: =+Sistema!A847 -> 4504 Impuestos, contribuciones y multas | B73: =+Sistema!#REF! -> #REF! | C73: =+Sistema!B847 -> 2.3472831 | D73: =+Sistema!C847 -> 4.329103 | E73: =+Sistema!D847 -> 4.5142302 | F73: =+Sistema!E847 -> 4.9407878 | G73: =+Sistema!F847 -> 4.9646589 | H73: =+Sistema!G847 -> 5.9094132 | K73: =+Sistema!I847 -> 0.10888563 | L73: =+Sistema!J847 -> 0.12980232 | M73: =+Sistema!K847 -> 0.31786435 | N73: =+Sistema!L847 -> 0.42794799 | O73: =+Sistema!M847 -> 0.36699275 | P73: =+Sistema!N847 -> 0.52749892 | S73: =+Sistema!P847 -> 0.77971567 | T73: =+Sistema!Q847 -> 1.2079631 | U73: =+Sistema!R847 -> 1.5777447 | V73: =+Sistema!S847 -> 1.8367452 | W73: =+Sistema!T847 -> 2.8005839 | X73: =+Sistema!U847 -> 3.7123624 | AA73: =+Sistema!W847 -> 0.66087946 | AB73: =+Sistema!X847 -> 0.9484879 | AC73: =+Sistema!Y847 -> 0.21906028 | AD73: =+Sistema!Z847 -> 1.6201742 | AE73: =+Sistema!AA847 -> 0.18804728 | AF73: =+Sistema!AB847 -> 0.03857245
A76: =+Sistema!A818 -> 44 PROVISIONES | B76: =+Sistema!#REF! -> #REF! | C76: =+Sistema!B818 -> 39.375809 | D76: =+Sistema!C818 -> 42.172747 | E76: =+Sistema!D818 -> 45.150937 | F76: =+Sistema!E818 -> 34.674981 | G76: =+Sistema!F818 -> 48.46287 | H76: =+Sistema!G818 -> 49.008899 | K76: =+Sistema!I818 -> 4.0612469 | L76: =+Sistema!J818 -> 4.0709501 | M76: =+Sistema!K818 -> 3.1988281 | N76: =+Sistema!L818 -> 6.7904305 | O76: =+Sistema!M818 -> 19.33226 | P76: =+Sistema!N818 -> 36.177882 | S76: =+Sistema!P818 -> 12.731069 | T76: =+Sistema!Q818 -> 41.157175 | U76: =+Sistema!R818 -> 58.067796 | V76: =+Sistema!S818 -> 27.196975 | W76: =+Sistema!T818 -> 40.927182 | X76: =+Sistema!U818 -> 32.990835 | Y76: =+W76/W104 -> 0.28576669 | AA76: =+Sistema!W818 -> 3.4807114 | AB76: =+Sistema!X818 -> 1.0979883 | AC76: =+Sistema!Y818 -> 1.7644384 | AD76: =+Sistema!Z818 -> 1.8948571 | AE76: =+Sistema!AA818 -> 1.741083 | AF76: =+Sistema!AB818 -> 16.355973
D77: =+D76/C76-1 -> 0.071031894 | E77: =+E76/D76-1 -> 0.070618821 | F77: =+F76/E76-1 -> -0.23202078 | G77: =+G76/F76-1 -> 0.39763219 | H77: =+H76/G76-1 -> 0.011266954 | T77: =+T76/S76-1 -> 2.2328138 | U77: =+U76/T76-1 -> 0.41087906 | V77: =+V76/U76-1 -> -0.53163412 | W77: =+W76/V76-1 -> 0.50484319 | X77: =+X76/W76-1 -> -0.19391384
A79: =+Sistema!A889 -> 48 IMPUESTOS Y PARTICIPACION A EMPLEADOS | B79: =+Sistema!#REF! -> #REF! | C79: =+Sistema!B889 -> 0 | D79: =+Sistema!C889 -> 0 | E79: =+Sistema!D889 -> 0 | F79: =+Sistema!E889 -> 0 | G79: =+Sistema!F889 -> 0 | H79: =+Sistema!G889 -> 0 | K79: =+Sistema!I889 -> 0 | L79: =+Sistema!J889 -> 0 | M79: =+Sistema!K889 -> 0 | N79: =+Sistema!L889 -> 0 | O79: =+Sistema!M889 -> 0 | P79: =+Sistema!N889 -> 0 | S79: =+Sistema!P889 -> 0.36710595 | T79: =+Sistema!Q889 -> 0 | U79: =+Sistema!R889 -> 0 | V79: =+Sistema!S889 -> 0 | W79: =+Sistema!T889 -> 0 | X79: =+Sistema!U889 -> 0 | AA79: =+Sistema!W889 -> 1.1218143 | AB79: =+Sistema!X889 -> 1.6965647 | AC79: =+Sistema!Y889 -> 1.873791 | AD79: =+Sistema!Z889 -> 2.2383414 | AE79: =+Sistema!AA889 -> 2.5933896 | AF79: =+Sistema!AB889 -> 2.1601288
A82: Otros ingresos | B82: =SUM(B83:B86) -> #REF! | C82: =SUM(C83:C86) -> 14.380572 | D82: =SUM(D83:D86) -> 48.490339 | E82: =SUM(E83:E86) -> 49.024216 | F82: =SUM(F83:F86) -> 33.219732 | G82: =SUM(G83:G86) -> 46.473366 | H82: =SUM(H83:H86) -> 34.105866 | K82: =SUM(K83:K86) -> 5.2340427 | L82: =SUM(L83:L86) -> 5.4793469 | M82: =SUM(M83:M86) -> 11.376575 | N82: =SUM(N83:N86) -> 9.0464216 | O82: =SUM(O83:O86) -> 10.691263 | P82: =SUM(P83:P86) -> 40.109326 | S82: =SUM(S83:S86) -> 13.66035 | T82: =SUM(T83:T86) -> 42.253926 | U82: =SUM(U83:U86) -> 45.297248 | V82: =SUM(V83:V86) -> 31.277415 | W82: =SUM(W83:W86) -> 35.820865 | X82: =SUM(X83:X86) -> 23.405473 | AA82: =SUM(AA83:AA86) -> 3.7718444 | AB82: =SUM(AB83:AB86) -> 1.0545911 | AC82: =SUM(AC83:AC86) -> 2.3338375 | AD82: =SUM(AD83:AD86) -> 0.64615241 | AE82: =SUM(AE83:AE86) -> 1.5516243 | AF82: =SUM(AF83:AF86) -> 8.6914459
A83: =+Sistema!A953 -> 5502 Utilidad en venta de bienes realizables y recuperados | B83: =+Sistema!#REF! -> #REF! | C83: =+Sistema!B953 -> 0 | D83: =+Sistema!C953 -> 0 | E83: =+Sistema!D953 -> 0.00454 | F83: =+Sistema!E953 -> 0.00235932 | G83: =+Sistema!F953 -> 0 | H83: =+Sistema!G953 -> 0.00386509 | K83: =+Sistema!I953 -> 0.03998232 | L83: =+Sistema!J953 -> 0.33985277 | M83: =+Sistema!K953 -> 0.77314526 | N83: =+Sistema!L953 -> 0.47651061 | O83: =+Sistema!M953 -> 0.12656098 | P83: =+Sistema!N953 -> 0.05417293 | S83: =+Sistema!P953 -> 0 | T83: =+Sistema!Q953 -> 0 | U83: =+Sistema!R953 -> 0 | V83: =+Sistema!S953 -> 0 | W83: =+Sistema!T953 -> 0 | X83: =+Sistema!U953 -> 0 | AA83: =+Sistema!W953 -> 0 | AB83: =+Sistema!X953 -> 0 | AC83: =+Sistema!Y953 -> 0 | AD83: =+Sistema!Z953 -> 0 | AE83: =+Sistema!AA953 -> 0 | AF83: =+Sistema!AB953 -> 0
A84: =+Sistema!A954 -> 5506 Ingresos por subsidios recuperados | B84: =+Sistema!#REF! -> #REF! | C84: =+Sistema!B954 -> 0 | D84: =+Sistema!C954 -> 25.060559 | E84: =+Sistema!D954 -> 0 | F84: =+Sistema!E954 -> 0 | G84: =+Sistema!F954 -> 0 | H84: =+Sistema!G954 -> 0 | K84: =+Sistema!I954 -> 0 | L84: =+Sistema!J954 -> 0 | M84: =+Sistema!K954 -> 0 | N84: =+Sistema!L954 -> 0 | O84: =+Sistema!M954 -> 0 | P84: =+Sistema!N954 -> 0 | S84: =+Sistema!P954 -> 0 | T84: =+Sistema!Q954 -> 0 | U84: =+Sistema!R954 -> 0 | V84: =+Sistema!S954 -> 0 | W84: =+Sistema!T954 -> 0 | X84: =+Sistema!U954 -> 0 | AA84: =+Sistema!W954 -> 0 | AB84: =+Sistema!X954 -> 0 | AC84: =+Sistema!Y954 -> 0 | AD84: =+Sistema!Z954 -> 0 | AE84: =+Sistema!AA954 -> 0 | AF84: =+Sistema!AB954 -> 0
A85: =+Sistema!A955 -> 5590 Otros | B85: =+Sistema!#REF! -> #REF! | C85: =+Sistema!B955 -> 0.00083231 | D85: =+Sistema!C955 -> 0.00501945 | E85: =+Sistema!D955 -> 0.02247372 | F85: =+Sistema!E955 -> 5.339e-05 | G85: =+Sistema!F955 -> 0 | H85: =+Sistema!G955 -> 0 | K85: =+Sistema!I955 -> 4.8904907 | L85: =+Sistema!J955 -> 5.120698 | M85: =+Sistema!K955 -> 7.6785199 | N85: =+Sistema!L955 -> 6.8199684 | O85: =+Sistema!M955 -> 8.807568 | P85: =+Sistema!N955 -> 0 | S85: =+Sistema!P955 -> 13.408397 | T85: =+Sistema!Q955 -> 42.116106 | U85: =+Sistema!R955 -> 44.561204 | V85: =+Sistema!S955 -> 29.122187 | W85: =+Sistema!T955 -> 35.088431 | X85: =+Sistema!U955 -> 0 | AA85: =+Sistema!W955 -> 3.7718444 | AB85: =+Sistema!X955 -> 1.0545911 | AC85: =+Sistema!Y955 -> 2.3338375 | AD85: =+Sistema!Z955 -> 0.64615241 | AE85: =+Sistema!AA955 -> 1.5516243 | AF85: =+Sistema!AB955 -> 0
A86: =+Sistema!A956 -> 56 OTROS INGRESOS | B86: =+Sistema!#REF! -> #REF! | C86: =+Sistema!B956 -> 14.37974 | D86: =+Sistema!C956 -> 23.42476 | E86: =+Sistema!D956 -> 48.997203 | F86: =+Sistema!E956 -> 33.217319 | G86: =+Sistema!F956 -> 46.473366 | H86: =+Sistema!G956 -> 34.102001 | K86: =+Sistema!I956 -> 0.30356969 | L86: =+Sistema!J956 -> 0.01879614 | M86: =+Sistema!K956 -> 2.9249101 | N86: =+Sistema!L956 -> 1.7499426 | O86: =+Sistema!M956 -> 1.7571342 | P86: =+Sistema!N956 -> 40.055153 | S86: =+Sistema!P956 -> 0.25195247 | T86: =+Sistema!Q956 -> 0.13782029 | U86: =+Sistema!R956 -> 0.73604405 | V86: =+Sistema!S956 -> 2.1552284 | W86: =+Sistema!T956 -> 0.73243387 | X86: =+Sistema!U956 -> 23.405473 | AA86: =+Sistema!W956 -> 0 | AB86: =+Sistema!X956 -> 0 | AC86: =+Sistema!Y956 -> 0 | AD86: =+Sistema!Z956 -> 0 | AE86: =+Sistema!AA956 -> 0 | AF86: =+Sistema!AB956 -> 8.6914459
A89: Otros gastos | B89: =SUM(B90:B95) -> #REF! | C89: =SUM(C90:C95) -> 13.473606 | D89: =SUM(D90:D95) -> 19.060709 | E89: =SUM(E90:E95) -> 19.579771 | F89: =SUM(F90:F95) -> 13.577194 | G89: =SUM(G90:G95) -> 17.821871 | H89: =SUM(H90:H95) -> 14.944379 | K89: =SUM(K90:K95) -> 0.93785457 | L89: =SUM(L90:L95) -> 1.0378856 | M89: =SUM(M90:M95) -> 0.72712901 | N89: =SUM(N90:N95) -> 1.2272856 | O89: =SUM(O90:O95) -> 1.5121952 | P89: =SUM(P90:P95) -> 1.5206516 | S89: =SUM(S90:S95) -> 3.1660807 | T89: =SUM(T90:T95) -> 6.9505707 | U89: =SUM(U90:U95) -> 14.221888 | V89: =SUM(V90:V95) -> 9.55506 | W89: =SUM(W90:W95) -> 15.337398 | X89: =SUM(X90:X95) -> 13.381763 | AA89: =SUM(AA90:AA95) -> 1.5608341 | AB89: =SUM(AB90:AB95) -> 1.8309599 | AC89: =SUM(AC90:AC95) -> 2.3739257 | AD89: =SUM(AD90:AD95) -> 2.378637 | AE89: =SUM(AE90:AE95) -> 2.3446839 | AF89: =SUM(AF90:AF95) -> 2.4306766
A90: =+Sistema!A882 -> 4602 Pérdida en venta de bienes realizables y recuperados | B90: =+Sistema!#REF! -> #REF! | C90: =+Sistema!B882 -> 0 | D90: =+Sistema!C882 -> 0 | E90: =+Sistema!D882 -> 0 | F90: =+Sistema!E882 -> 0 | G90: =+Sistema!F882 -> 0 | H90: =+Sistema!G882 -> 0 | K90: =+Sistema!I882 -> 0 | L90: =+Sistema!J882 -> 0 | M90: =+Sistema!K882 -> 0 | N90: =+Sistema!L882 -> 0 | O90: =+Sistema!M882 -> 0 | P90: =+Sistema!N882 -> 0 | S90: =+Sistema!P882 -> 0 | T90: =+Sistema!Q882 -> 0 | U90: =+Sistema!R882 -> 0 | V90: =+Sistema!S882 -> 0 | W90: =+Sistema!T882 -> 0 | X90: =+Sistema!U882 -> 0 | AA90: =+Sistema!W882 -> 0 | AB90: =+Sistema!X882 -> 0 | AC90: =+Sistema!Y882 -> 0 | AD90: =+Sistema!Z882 -> 0 | AE90: =+Sistema!AA882 -> 0 | AF90: =+Sistema!AB882 -> 0
A91: =+Sistema!A883 -> 4690 Otras | B91: =+Sistema!#REF! -> #REF! | C91: =+Sistema!B883 -> 0.00715726 | D91: =+Sistema!C883 -> 0.00624096 | E91: =+Sistema!D883 -> 0.01854143 | F91: =+Sistema!E883 -> 0.00177507 | G91: =+Sistema!F883 -> 0.01526451 | H91: =+Sistema!G883 -> 0.05821321 | K91: =+Sistema!I883 -> 0.00372206 | L91: =+Sistema!J883 -> 0 | M91: =+Sistema!K883 -> 0.00010625 | N91: =+Sistema!L883 -> 0.00083374 | O91: =+Sistema!M883 -> 0.0002546 | P91: =+Sistema!N883 -> 0 | S91: =+Sistema!P883 -> 1e-08 | T91: =+Sistema!Q883 -> 0.06708564 | U91: =+Sistema!R883 -> 1.99e-06 | V91: =+Sistema!S883 -> 8.844e-05 | W91: =+Sistema!T883 -> 0.00071719 | X91: =+Sistema!U883 -> 0 | AA91: =+Sistema!W883 -> 3.1e-07 | AB91: =+Sistema!X883 -> 6.6e-07 | AC91: =+Sistema!Y883 -> 0.00012327 | AD91: =+Sistema!Z883 -> 1.5e-07 | AE91: =+Sistema!AA883 -> 6e-08 | AF91: =+Sistema!AB883 -> 0
A92: =+Sistema!A884 -> 47 OTROS GASTOS Y PERDIDAS | B92: =+Sistema!#REF! -> #REF! | C92: =+Sistema!B884 -> 8.0099998 | D92: =+Sistema!C884 -> 11.197074 | E92: =+Sistema!D884 -> 12.041945 | F92: =+Sistema!E884 -> 3.4740496 | G92: =+Sistema!F884 -> 6.7443035 | H92: =+Sistema!G884 -> 4.9930632 | K92: =+Sistema!I884 -> 0.13038509 | L92: =+Sistema!J884 -> 0.28921791 | M92: =+Sistema!K884 -> 0.07266104 | N92: =+Sistema!L884 -> 0.06103477 | O92: =+Sistema!M884 -> 0.02437981 | P92: =+Sistema!N884 -> 0.37839432 | S92: =+Sistema!P884 -> 0.23129928 | T92: =+Sistema!Q884 -> 2.5340444 | U92: =+Sistema!R884 -> 8.3627135 | V92: =+Sistema!S884 -> 2.7350052 | W92: =+Sistema!T884 -> 6.9395561 | X92: =+Sistema!U884 -> 2.8029875 | AA92: =+Sistema!W884 -> 0.06011833 | AB92: =+Sistema!X884 -> 0.11561181 | AC92: =+Sistema!Y884 -> 0.14496331 | AD92: =+Sistema!Z884 -> 0.37957734 | AE92: =+Sistema!AA884 -> 0.43467917 | AF92: =+Sistema!AB884 -> 0.05305755
A93: =+Sistema!A855 -> 4505 Depreciaciones | B93: =+Sistema!#REF! -> #REF! | C93: =+Sistema!B855 -> 1.559494 | D93: =+Sistema!C855 -> 2.052896 | E93: =+Sistema!D855 -> 2.1624812 | F93: =+Sistema!E855 -> 3.0670436 | G93: =+Sistema!F855 -> 3.1901818 | H93: =+Sistema!G855 -> 3.3592014 | K93: =+Sistema!I855 -> 0.24860654 | L93: =+Sistema!J855 -> 0.20788575 | M93: =+Sistema!K855 -> 0.13559068 | N93: =+Sistema!L855 -> 0.21613321 | O93: =+Sistema!M855 -> 0.41782907 | P93: =+Sistema!N855 -> 0.50978954 | S93: =+Sistema!P855 -> 1.1528389 | T93: =+Sistema!Q855 -> 1.4195779 | U93: =+Sistema!R855 -> 1.6719931 | V93: =+Sistema!S855 -> 2.976282 | W93: =+Sistema!T855 -> 2.9938028 | X93: =+Sistema!U855 -> 3.8676101 | AA93: =+Sistema!W855 -> 0.73496248 | AB93: =+Sistema!X855 -> 0.66513932 | AC93: =+Sistema!Y855 -> 0.73193886 | AD93: =+Sistema!Z855 -> 0.96811198 | AE93: =+Sistema!AA855 -> 0.9053007 | AF93: =+Sistema!AB855 -> 0.88772852
A94: =+Sistema!A866 -> 4506 Amortizaciones | B94: =+Sistema!#REF! -> #REF! | C94: =+Sistema!B866 -> 0.27575134 | D94: =+Sistema!C866 -> 2.1127701 | E94: =+Sistema!D866 -> 1.1219557 | F94: =+Sistema!E866 -> 2.1166834 | G94: =+Sistema!F866 -> 2.5679293 | H94: =+Sistema!G866 -> 2.2427644 | K94: =+Sistema!I866 -> 0.03564151 | L94: =+Sistema!J866 -> 0.04633271 | M94: =+Sistema!K866 -> 0.04832884 | N94: =+Sistema!L866 -> 0.06092675 | O94: =+Sistema!M866 -> 0.14395539 | P94: =+Sistema!N866 -> 0.0343916 | S94: =+Sistema!P866 -> 0.1979754 | T94: =+Sistema!Q866 -> 0.21841716 | U94: =+Sistema!R866 -> 0.36517214 | V94: =+Sistema!S866 -> 0.52695433 | W94: =+Sistema!T866 -> 0.80801555 | X94: =+Sistema!U866 -> 1.451803 | AA94: =+Sistema!W866 -> 0.04176691 | AB94: =+Sistema!X866 -> 0.06559391 | AC94: =+Sistema!Y866 -> 0.0853139 | AD94: =+Sistema!Z866 -> 0.10082119 | AE94: =+Sistema!AA866 -> 0.08288155 | AF94: =+Sistema!AB866 -> 0.06743217
A95: =+Sistema!A875 -> 4507 Otros gastos | B95: =+Sistema!#REF! -> #REF! | C95: =+Sistema!B875 -> 3.6212039 | D95: =+Sistema!C875 -> 3.6917275 | E95: =+Sistema!D875 -> 4.2348478 | F95: =+Sistema!E875 -> 4.9176424 | G95: =+Sistema!F875 -> 5.3041923 | H95: =+Sistema!G875 -> 4.2911366 | K95: =+Sistema!I875 -> 0.51949937 | L95: =+Sistema!J875 -> 0.49444923 | M95: =+Sistema!K875 -> 0.4704422 | N95: =+Sistema!L875 -> 0.88835712 | O95: =+Sistema!M875 -> 0.92577637 | P95: =+Sistema!N875 -> 0.59807611 | S95: =+Sistema!P875 -> 1.5839671 | T95: =+Sistema!Q875 -> 2.7114457 | U95: =+Sistema!R875 -> 3.8220074 | V95: =+Sistema!S875 -> 3.31673 | W95: =+Sistema!T875 -> 4.5953066 | X95: =+Sistema!U875 -> 5.2593623 | AA95: =+Sistema!W875 -> 0.7239861 | AB95: =+Sistema!X875 -> 0.9846142 | AC95: =+Sistema!Y875 -> 1.4115864 | AD95: =+Sistema!Z875 -> 0.93012632 | AE95: =+Sistema!AA875 -> 0.92182242 | AF95: =+Sistema!AB875 -> 1.4224583
A97: 45 | B97: =+B68+B69+B72+B73+B93+B94+B95 -> #REF! | C97: =+C68+C69+C72+C73+C93+C94+C95 -> 58.259527 | D97: =+D68+D69+D72+D73+D93+D94+D95 -> 70.538998 | E97: =+E68+E69+E72+E73+E93+E94+E95 -> 68.229292 | F97: =+F68+F69+F72+F73+F93+F94+F95 -> 79.357329 | G97: =+G68+G69+G72+G73+G93+G94+G95 -> 79.31934 | H97: =+H68+H69+H72+H73+H93+H94+H95 -> 86.132889 | K97: =+K68+K69+K72+K73+K93+K94+K95 -> 7.0063074 | L97: =+L68+L69+L72+L73+L93+L94+L95 -> 6.6713918 | M97: =+M68+M69+M72+M73+M93+M94+M95 -> 8.0087549 | N97: =+N68+N69+N72+N73+N93+N94+N95 -> 10.153919 | O97: =+O68+O69+O72+O73+O93+O94+O95 -> 10.647981 | P97: =+P68+P69+P72+P73+P93+P94+P95 -> 9.4199149 | S97: =+S68+S69+S72+S73+S93+S94+S95 -> 19.917254 | T97: =+T68+T69+T72+T73+T93+T94+T95 -> 25.403504 | U97: =+U68+U69+U72+U73+U93+U94+U95 -> 31.856321 | V97: =+V68+V69+V72+V73+V93+V94+V95 -> 35.369339 | W97: =+W68+W69+W72+W73+W93+W94+W95 -> 43.336474 | X97: =+X68+X69+X72+X73+X93+X94+X95 -> 47.96356 | AA97: =+AA68+AA69+AA72+AA73+AA93+AA94+AA95 -> 12.978668 | AB97: =+AB68+AB69+AB72+AB73+AB93+AB94+AB95 -> 13.68118 | AC97: =+AC68+AC69+AC72+AC73+AC93+AC94+AC95 -> 13.465795 | AD97: =+AD68+AD69+AD72+AD73+AD93+AD94+AD95 -> 15.435456 | AE97: =+AE68+AE69+AE72+AE73+AE93+AE94+AE95 -> 15.021547 | AF97: =+AF68+AF69+AF72+AF73+AF93+AF94+AF95 -> 19.506923
A98: =+Sistema!A826 -> 45 GASTOS DE OPERACION | B98: =+Sistema!#REF! -> #REF! | C98: =+Sistema!B826 -> 58.259527 | D98: =+Sistema!C826 -> 70.538998 | E98: =+Sistema!D826 -> 68.229292 | F98: =+Sistema!E826 -> 79.357329 | G98: =+Sistema!F826 -> 79.31934 | H98: =+Sistema!G826 -> 86.132889 | K98: =+Sistema!I826 -> 7.0063074 | L98: =+Sistema!J826 -> 6.6713918 | M98: =+Sistema!K826 -> 8.0087549 | N98: =+Sistema!L826 -> 10.153919 | O98: =+Sistema!M826 -> 10.647981 | P98: =+Sistema!N826 -> 9.4199149 | S98: =+Sistema!P826 -> 19.917254 | T98: =+Sistema!Q826 -> 25.403504 | U98: =+Sistema!R826 -> 31.856321 | V98: =+Sistema!S826 -> 35.369339 | W98: =+Sistema!T826 -> 43.336474 | X98: =+Sistema!U826 -> 47.96356 | AA98: =+Sistema!W826 -> 12.978668 | AB98: =+Sistema!X826 -> 13.68118 | AC98: =+Sistema!Y826 -> 13.465795 | AD98: =+Sistema!Z826 -> 15.435456 | AE98: =+Sistema!AA826 -> 15.021547 | AF98: =+Sistema!AB826 -> 19.506923
A100: Utilidad neta | B100: =+B44-B53-B67-B71-B76-B79+B82-B89 -> #REF! | C100: =+C44-C53-C67-C71-C76-C79+C82-C89 -> -37.688444 | D100: =+D44-D53-D67-D71-D76-D79+D82-D89 -> 21.21309 | E100: =+E44-E53-E67-E71-E76-E79+E82-E89 -> 2.4566269 | F100: =+F44-F53-F67-F71-F76-F79+F82-F89 -> 1.6931691 | G100: =+G44-G53-G67-G71-G76-G79+G82-G89 -> -1.7426687 | H100: =+H44-H53-H67-H71-H76-H79+H82-H89 -> 8.9194632 | K100: =+K44-K53-K67-K71-K76-K79+K82-K89 -> 0.44659939 | L100: =+L44-L53-L67-L71-L76-L79+L82-L89 -> 1.5384701 | M100: =+M44-M53-M67-M71-M76-M79+M82-M89 -> 7.81607 | N100: =+N44-N53-N67-N71-N76-N79+N82-N89 -> 1.9765359 | O100: =+O44-O53-O67-O71-O76-O79+O82-O89 -> -7.4924505 | P100: =+P44-P53-P67-P71-P76-P79+P82-P89 -> 5.0146605 | S100: =+S44-S53-S67-S71-S76-S79+S82-S89 -> 18.240144 | T100: =+T44-T53-T67-T71-T76-T79+T82-T89 -> 10.880491 | U100: =+U44-U53-U67-U71-U76-U79+U82-U89 -> 21.308218 | V100: =+V44-V53-V67-V71-V76-V79+V82-V89 -> 32.516105 | W100: =+W44-W53-W67-W71-W76-W79+W82-W89 -> 80.016518 | X100: =+X44-X53-X67-X71-X76-X79+X82-X89 -> 62.384673 | AA100: =+AA44-AA53-AA67-AA71-AA76-AA79+AA82-AA89 -> 14.904105 | AB100: =+AB44-AB53-AB67-AB71-AB76-AB79+AB82-AB89 -> 22.540075 | AC100: =+AC44-AC53-AC67-AC71-AC76-AC79+AC82-AC89 -> 35.602029 | AD100: =+AD44-AD53-AD67-AD71-AD76-AD79+AD82-AD89 -> 42.528486 | AE100: =+AE44-AE53-AE67-AE71-AE76-AE79+AE82-AE89 -> 49.274403 | AF100: =+AF44-AF53-AF67-AF71-AF76-AF79+AF82-AF89 -> 41.042448
S102: 11.600923 | T102: =+S102/S104 -> 0.25867404 | X102: 69.919285 | Y102: =+X102/X104 -> 0.45497658
A103: Total ingresos | B103: =+B44+B82 -> #REF! | C103: =+C44+C82 -> 77.880821 | D103: =+D44+D82 -> 151.6874 | E103: =+E44+E82 -> 138.97439 | F103: =+F44+F82 -> 133.7345 | G103: =+G44+G82 -> 149.68926 | H103: =+H44+H82 -> 171.94592 | K103: =+K44+K82 -> 13.20051 | L103: =+L44+L82 -> 13.848133 | M103: =+M44+M82 -> 20.481796 | N103: =+N44+N82 -> 20.387583 | O103: =+O44+O82 -> 25.15271 | P103: =+P44+P82 -> 52.595288 | S103: =+S44+S82 -> 63.087794 | T103: =+T44+T82 -> 112.09564 | U103: =+U44+U82 -> 150.32537 | V103: =+V44+V82 -> 142.25181 | W103: =+W44+W82 -> 223.23539 | X103: =+X44+X82 -> 216.06134 | AA103: =+AA44+AA82 -> 34.063813 | AB103: =+AB44+AB82 -> 46.185626 | AC103: =+AC44+AC82 -> 62.854445 | AD103: =+AD44+AD82 -> 75.422546 | AE103: =+AE44+AE82 -> 83.183968 | AF103: =+AF44+AF82 -> 101.09132
